Workbook
Name вид: '[1]Тарифный источник'!$N$6:$N$1085
Name Зоны: OFFSET('[1]Зоны деятельности'!$A$2,MATCH('[1]ВВОД ПАРАМЕТРОВ'!$B$1,'[1]Зоны деятельности'!$A$2:$A$328,0)-1,1,COUNTIF('[1]Зоны деятельности'!$A$2:$A$328,'[1]ВВОД ПАРАМЕТРОВ'!$B$1),1)
Name плотность: '[1]Баланс, контейнеры, транспорт'!$C$1
Name регионы: [1]Параметры!$B$3:$B$87

Sheet Сравнение
A1: Сравнение стоимости транспортирования ТКО с использованием и без использования перегрузочных станций
A2: Идентификатор | B2: Реестровый номер | C2: Наименование объекта | D2: Год (планируемого) ввода объекта в эксплуатацию | F2: Годовая мощность объекта, т | G2: Масса транспортирования ТКО, т | H2: ТКМ 1 звено | I2: ТКМ 2 звено | J2: Стоимость ТКМ 1 плеча, руб | K2: Стоимость ТКМ 2 плеча, руб | L2: Прогнозная стоимость транспортирования ТКО, тыс. руб. | M2: Расходы на создание и эксплуатацию ПС, тыс. руб./год | N2: ИТОГО стоимость транспортирования, тыс. руб. | O2: Экономия (+) / перерасход (-), тыс. руб
A3: 3782901d-cbce-40b3-8c0c-e4bc4108e942 | B3: 1-0047-46 | C3: Площадка перегруза в Железногорске | D3: 2030 | E3: транспортирование с использованием перегрузочной станции | F3: 32000 | G3: 31639.97 | H3: =Железногорск!D22 -> 366281.06 | I3: =Железногорск!E22 -> 4567530.2 | J3: 156.69 | K3: 14.37 | L3: =(H3*J3+I3*K3)/1000 -> 123027.99 | M3: 77248.264 | N3: =L3+M3 -> 200276.25 | O3: =N4-N3 -> 253871.51
E4: транспортирование без использования перегрузочной станции | H4: =Железногорск!G22 -> 4387053.3 | J4: 103.52 | L4: =(H4*J4+I4*K4)/1000 -> 454147.76 | N4: =L4+M4 -> 454147.76
A5: 80d1e29e-412e-49e9-80d0-5ce3db644335 | B5: 1-0040-46 | C5: Площадка накопления для перегрузки в Пристенском районе | D5: 2028 | E5: транспортирование с использованием перегрузочной станции | F5: 3000 | G5: 3000.7 | H5: =Пристенский!D17 -> 28654.475 | I5: =Пристенский!E17 -> 343695.09 | J5: 156.69 | K5: 14.37 | L5: =(H5*J5+I5*K5)/1000 -> 9428.7682 | M5: 14808.099 | N5: =L5+M5 -> 24236.867 | O5: =N6-N5 -> 13538.768
E6: транспортирование без использования перегрузочной станции | H6: =Пристенский!G17 -> 364911.47 | J6: 103.52 | L6: =(H6*J6+I6*K6)/1000 -> 37775.635 | N6: =L6+M6 -> 37775.635
A7: f7e58bb1-8294-4c75-b71f-13fd8690de4e | B7: 1-0032-46 | C7: Площадка накопления для перегрузки в Щигровском районе | D7: 2028 | E7: транспортирование с использованием перегрузочной станции | F7: 14000 | G7: 13637.21 | H7: =Щигровский!D47 -> 457834.46 | I7: =Щигровский!E47 -> 1528942.3 | J7: 156.69 | K7: 14.37 | L7: =(H7*J7+I7*K7)/1000 -> 93708.982 | M7: 60098.08 | N7: =L7+M7 -> 153807.06 | O7: =N8-N7 -> 26119.189
E8: транспортирование без использования перегрузочной станции | H8: =Щигровский!G47 -> 1738082 | J8: 103.52 | L8: =(H8*J8+I8*K8)/1000 -> 179926.25 | N8: =L8+M8 -> 179926.25
A9: 55e5c564-6d53-4491-bdf8-1d17328ab445 | B9: 1-0041-46 | C9: Площадка накопления для перегрузки в Беловском районе | D9: 2028 | E9: транспортирование с использованием перегрузочной станции | F9: 3500 | G9: 3440.5 | H9: =Беловский!D29 -> 61046.443 | I9: =Беловский!E29 -> 317897.78 | J9: 156.69 | K9: 14.37 | L9: =(H9*J9+I9*K9)/1000 -> 14133.558 | M9: 15095.198 | N9: =L9+M9 -> 29228.756 | O9: =N10-N9 -> 8825.0313
E10: транспортирование без использования перегрузочной станции | H10: =Беловский!G29 -> 367598.41 | J10: 103.52 | L10: =(H10*J10+I10*K10)/1000 -> 38053.788 | N10: =L10+M10 -> 38053.788
A11: 61f505dc-e299-415d-b1ae-7dfa9e6e2da2 | B11: 1-0039-46 | C11: Площадка накопления для перегрузки в Суджанском районе | D11: 2028 | E11: транспортирование с использованием перегрузочной станции | F11: 11000 | G11: 10359 | H11: =Суджанский!D52 -> 230634.91 | I11: =Суджанский!E52 -> 866381.63 | J11: 156.69 | K11: 14.37 | L11: =(H11*J11+I11*K11)/1000 -> 48588.087 | M11: 57958.082 | N11: =L11+M11 -> 106546.17 | O11: =N12-N11 -> -3565.6148
E12: транспортирование без использования перегрузочной станции | H12: =Суджанский!G52 -> 994788.98 | J12: 103.52 | L12: =(H12*J12+I12*K12)/1000 -> 102980.56 | N12: =L12+M12 -> 102980.56
A13: 1ae1ba22-da91-4d32-8377-1e969ae1cdb1 | B13: 1-0037-46 | C13: Площадка накопления для перегрузки "Фатеж" | D13: 2028 | E13: транспортирование с использованием перегрузочной станции | F13: 17000 | G13: 16458.47 | H13: =Фатеж!D47 -> 690806.73 | I13: =Фатеж!E47 -> 1198294.9 | J13: 156.69 | K13: 14.37 | L13: =(H13*J13+I13*K13)/1000 -> 125462 | M13: 61939.783 | N13: =L13+M13 -> 187401.79 | O13: =N14-N13 -> -6828.1871
E14: транспортирование без использования перегрузочной станции | H14: =Фатеж!G47 -> 1744335.4 | J14: 103.52 | L14: =(H14*J14+I14*K14)/1000 -> 180573.6 | N14: =L14+M14 -> 180573.6
A15: 1deee6af-ea44-486d-ba75-8f078806d48a | B15: 1-0042-46 | C15: Площадка накопления для перегрузки "Обоянь" | D15: 2028 | E15: транспортирование с использованием перегрузочной станции | F15: 10000 | G15: 10090.92 | H15: =Обоянь!D47 -> 172572.8 | I15: =Обоянь!E47 -> 783008.34 | J15: 156.69 | K15: 14.37 | L15: =(H15*J15+I15*K15)/1000 -> 38292.262 | M15: 57783.081 | N15: =L15+M15 -> 96075.344 | O15: =N16-N15 -> -4394.8803
E16: транспортирование без использования перегрузочной станции | H16: =Обоянь!G47 -> 885630.44 | J16: 103.52 | L16: =(H16*J16+I16*K16)/1000 -> 91680.463 | N16: =L16+M16 -> 91680.463
A17: 7471880b-e70a-4226-beb9-e2e7fb5239a1 | B17: 1-0036-46 | C17: Площадка накопления для перегрузки в Медвенском районе | D17: 2028 | E17: транспортирование с использованием перегрузочной станции | F17: 4000 | G17: 3791 | H17: =Медвенский!D47 -> 71355.471 | I17: =Медвенский!E47 -> 231876.27 | J17: 156.69 | K17: 14.37 | L17: =(H17*J17+I17*K17)/1000 -> 14512.751 | M17: 24368.663 | N17: =L17+M17 -> 38881.414 | O17: =N18-N17 -> -12743.606
E18: транспортирование без использования перегрузочной станции | H18: =Медвенский!G47 -> 252490.41 | J18: 103.52 | L18: =(H18*J18+I18*K18)/1000 -> 26137.808 | N18: =L18+M18 -> 26137.808
A19: 5f189fa6-bb2e-485c-9448-2763876390a1 | B19: 1-0035-46 | C19: Площадка накопления для перегрузки "Хомутовка" | D19: 2028 | E19: транспортирование с использованием перегрузочной станции | F19: 2500 | G19: 2245.57 | H19: =Хомутовка!D47 -> 34562.099 | I19: =Хомутовка!E47 -> 416785.51 | J19: 156.69 | K19: 14.37 | L19: =(H19*J19+I19*K19)/1000 -> 11404.743 | M19: 14315.154 | N19: =L19+M19 -> 25719.897 | O19: =N20-N19 -> 18209.596
E20: транспортирование без использования перегрузочной станции | H20: =Хомутовка!G47 -> 424357.55 | J20: 103.52 | L20: =(H20*J20+I20*K20)/1000 -> 43929.493 | N20: =L20+M20 -> 43929.493
A21: ce4fad21-23d1-474c-882e-8dd8d79b13b4 | B21: 1-0031-46 | C21: Площадка накопления для перегруза отходов в Мантуровском районе | D21: 2028 | E21: транспортирование с использованием перегрузочной станции | F21: 5000 | G21: 5002.31 | H21: =Мантуровский!D47 -> 122909.03 | I21: =Мантуровский!E47 -> 633598.86 | J21: 156.69 | K21: 14.37 | L21: =(H21*J21+I21*K21)/1000 -> 28363.432 | M21: 25159.4 | N21: =L21+M21 -> 53522.832 | O21: =N22-N21 -> 14195.173
E22: транспортирование без использования перегрузочной станции | H22: =Мантуровский!G47 -> 654153.83 | J22: 103.52 | L22: =(H22*J22+I22*K22)/1000 -> 67718.005 | N22: =L22+M22 -> 67718.005
A23: dfc22c3c-17b8-4cb8-8112-ca008f1322b1 | B23: 1-0034-46 | C23: Площадка накопления для перегрузки в Горшеченском районе | D23: 2028 | E23: транспортирование с использованием перегрузочной станции | F23: 3500 | G23: 3414.54 | H23: =Горшеченский!D47 -> 67157.253 | I23: =Горшеченский!E47 -> 636882.05 | J23: 156.69 | K23: 14.37 | L23: =(H23*J23+I23*K23)/1000 -> 19674.865 | M23: 15078.251 | N23: =L23+M23 -> 34753.117 | O23: =N24-N23 -> 29717.059
E24: транспортирование без использования перегрузочной станции | H24: =Горшеченский!G47 -> 622779.9 | J24: 103.52 | L24: =(H24*J24+I24*K24)/1000 -> 64470.176 | N24: =L24+M24 -> 64470.176
A25: ae36009b-70c9-44ca-9d40-d3714d87a271 | B25: 1-0038-46 | C25: Площадка накопления для перегрузки в Глушковском районе | D25: 2028 | E25: транспортирование с использованием перегрузочной станции | F25: 500 | G25: 134.45 | H25: =Глушковский!D47 -> 2573.2929 | I25: =Глушковский!E47 -> 21297.966 | J25: 156.69 | K25: 14.37 | L25: =(H25*J25+I25*K25)/1000 -> 709.26103 | M25: 12764.402 | N25: =L25+M25 -> 13473.663 | O25: =N26-N25 -> -11521
E26: транспортирование без использования перегрузочной станции | H26: =Глушковский!G47 -> 18862.661 | J26: 103.52 | L26: =(H26*J26+I26*K26)/1000 -> 1952.6627 | N26: =L26+M26 -> 1952.6627
A27: af282fb6-411e-4418-a3e1-5c83b37fbf99 | B27: 1-0033-46 | C27: Площадка накопления для перегрузки в Касторенском районе | D27: 2029 | E27: транспортирование с использованием перегрузочной станции | F27: 3500 | G27: 3262.98 | H27: =Касторенский!D53 -> 40986.236 | I27: =Касторенский!E53 -> 637906.87 | J27: 156.69 | K27: 14.37 | L27: =(H27*J27+I27*K27)/1000 -> 15588.855 | M27: 14979.314 | N27: =L27+M27 -> 30568.169 | O27: =N28-N27 -> 35197.068
E28: транспортирование без использования перегрузочной станции | H28: =Касторенский!G53 -> 635290.15 | J28: 103.52 | L28: =(H28*J28+I28*K28)/1000 -> 65765.237 | N28: =L28+M28 -> 65765.237
A29: 795700af-1132-4714-950c-0932f55f9af4 | B29: 1-0046-46 | C29: Площадка перегруза в Рыльском районе | D29: 2030 | E29: транспортирование с использованием перегрузочной станции | F29: 10000 | G29: 9472.26 | H29: =Рыльский!D68 -> 156784.02 | I29: =Рыльский!E68 -> 1086542.8 | J29: 156.69 | K29: 14.37 | L29: =(H29*J29+I29*K29)/1000 -> 40180.108 | M29: 57379.223 | N29: =L29+M29 -> 97559.332 | O29: =N30-N29 -> 17333.015
E30: транспортирование без использования перегрузочной станции | H30: =Рыльский!G68 -> 1109856.5 | J30: 103.52 | L30: =(H30*J30+I30*K30)/1000 -> 114892.35 | N30: =L30+M30 -> 114892.35

Sheet Железногорск
D2: с перегрузкой | G2: без перегрузки
A3: ID (Источник) | B3: Наименование источника | C3: Образование отходов | D3: ТКМ 1 звено | E3: ТКМ 2 звено | G3: ТКМ 1 звено
A4: 70645594-59ce-45fa-bf83-c9d0e72f9aa0 | B4: Сельское поселение Андросовский сельсовет | C4: 19.46 | D4: 214.81953 | E4: 2809.2358 | G4: 2498.7788
A5: 70645594-59ce-45fa-bf83-c9d0e72f9aa0 | B5: Сельское поселение Андросовский сельсовет | C5: 27.8 | D5: 306.88504 | E5: 4013.1941 | G5: 3569.684
A6: 7ab0523c-941d-4f7b-b05d-e33b64babb29 | B6: Городское поселение поселок Магнитный | C6: 153.16824 | D6: 2474.1321 | E6: 22111.29 | G6: 22347.464
A7: 7ab0523c-941d-4f7b-b05d-e33b64babb29 | B7: Городское поселение поселок Магнитный | C7: 218.81176 | D7: 3534.4744 | E7: 31587.557 | G7: 31924.949
A8: 76d9fb2e-2f06-4405-8e9d-04ca797ca184 | B8: Сельское поселение Городновский сельсовет | C8: 60.71471 | D8: 1409.4565 | E8: 8764.7445 | G8: 8183.1622
A9: 76d9fb2e-2f06-4405-8e9d-04ca797ca184 | B9: Сельское поселение Городновский сельсовет | C9: 86.73529 | D9: 2013.5093 | E9: 12521.064 | G9: 11690.232
A10: 434465d9-1b1b-4496-b257-8b63968bf90b | B10: Городской округ город Железногорск | C10: 12088.588 | D10: 132491.12 | E10: 1745102.5 | G10: 1673031.5
A11: 434465d9-1b1b-4496-b257-8b63968bf90b | B11: Городской округ город Железногорск | C11: 17269.412 | D11: 189273.04 | E11: 2493003.6 | G11: 2390044.9
A12: 7f9b8c6e-007b-430b-b586-ff61625030cf | B12: Сельское поселение Студенокский сельсовет Железногорского района | C12: 222.66588 | D12: 3162.7708 | E12: 32143.935 | G12: 31790.882
A13: 7f9b8c6e-007b-430b-b586-ff61625030cf | B13: Сельское поселение Студенокский сельсовет Железногорского района | C13: 318.09412 | D13: 4518.244 | E13: 45919.907 | G13: 45415.545
A14: 0c27ad83-c9a7-4bd8-a857-6d820c7b468a | B14: Сельское поселение Первоавгустовский сельсовет | C14: 181.84353 | D14: 6878.3131 | E14: 26250.841 | G14: 27151.066
A15: 0c27ad83-c9a7-4bd8-a857-6d820c7b468a | B15: Сельское поселение Первоавгустовский сельсовет | C15: 259.77647 | D15: 9826.1615 | E15: 37501.201 | G15: 38787.237
... A21: d3df436c-51e4-4bc3-a16d-78d3d9b8c140 | B21: Сельское поселение Разветьевский сельсовет | C21: 227.42353 | D21: 3184.0116 | E21: 32830.747 | G21: 30814.278
A22: ИТОГО | C22: =SUM(C4:C21) -> 31639.97 | D22: =SUM(D4:D21) -> 366281.06 | E22: =SUM(E4:E21) -> 4567530.2 | G22: =SUM(G4:G21) -> 4387053.3

Sheet Пристенский
D1: с перегрузкой | G1: без перегрузки
A2: ID (Источник) | B2: Наименование источника | C2: Образование отходов | D2: ТКМ 1 звено | E2: ТКМ 2 звено | G2: ТКМ 1 звено
A3: 99123c51-53b2-4e5a-a02c-5a5df5a44b5d | B3: Сельское поселение Нагольненский сельсовет | C3: 93.42118 | D3: 640.29434 | E3: 10700.303 | G3: 11314.759
A4: 99123c51-53b2-4e5a-a02c-5a5df5a44b5d | B4: Сельское поселение Нагольненский сельсовет | C4: 133.45882 | D4: 914.7062 | E4: 15286.148 | G4: 16163.941
A5: 95515230-a3e9-4772-b79a-d000612d3779 | B5: Сельское поселение Ярыгинский сельсовет | C5: 83.55118 | D5: 1089.4227 | E5: 9569.8102 | G5: 10363.293
A6: 95515230-a3e9-4772-b79a-d000612d3779 | B6: Сельское поселение Ярыгинский сельсовет | C6: 119.35882 | D6: 1556.3182 | E6: 13671.157 | G6: 14804.704
A7: 18a2956a-730e-4ef4-a24c-dddb615572ea | B7: Сельское поселение Пристенский сельсовет | C7: 79.62706 | D7: 1485.874 | E7: 9120.3484 | G7: 10584.199
A8: 18a2956a-730e-4ef4-a24c-dddb615572ea | B8: Сельское поселение Пристенский сельсовет | C8: 113.75294 | D8: 2122.6771 | E8: 13029.069 | G8: 15120.284
A9: 5605824b-c440-4abc-ae67-0f7c03346841 | B9: Городское поселение поселок Пристень | C9: 536.99059 | D9: 3222.074 | E9: 61505.992 | G9: 64579.543
A10: 5605824b-c440-4abc-ae67-0f7c03346841 | B10: Городское поселение поселок Пристень | C10: 767.12941 | D10: 4602.9628 | E10: 87865.703 | G10: 92256.49
A11: 10c74434-0035-4890-9915-a0f8fe6aa484 | B11: Сельское поселение Черновецкий сельсовет | C11: 90.84353 | D11: 2842.7237 | E11: 10405.064 | G11: 13062.752
A12: 10c74434-0035-4890-9915-a0f8fe6aa484 | B12: Сельское поселение Черновецкий сельсовет | C12: 129.77647 | D12: 4061.0339 | E12: 14864.377 | G12: 18661.074
A13: 7e24f907-780d-43e1-843f-4d8f9e8019a3 | B13: Городское поселение поселок Кировский | C13: 279.37412 | D13: 1182.8428 | E13: 31999.038 | G13: 31133.205
A14: 7e24f907-780d-43e1-843f-4d8f9e8019a3 | B14: Городское поселение поселок Кировский | C14: 399.10588 | D14: 1689.7754 | E14: 45712.912 | G14: 44476.008
... A16: bdc6c7bc-2c83-488a-8105-8757a329c86f | B16: Сельское поселение Среднеольшанский сельсовет | C16: 102.53529 | D16: 1908.0999 | E16: 11744.219 | G16: 13171.303
C17: =SUM(C3:C16) -> 3000.7 | D17: =SUM(D3:D16) -> 28654.475 | E17: =SUM(E3:E16) -> 343695.09 | G17: =SUM(G3:G16) -> 364911.47

Sheet Щигровский
D1: с перегрузкой | G1: без перегрузки
A2: ID (Источник) | B2: Наименование источника | C2: Образование отходов | D2: ТКМ 1 звено | E2: ТКМ 2 звено | G2: ТКМ 1 звено
A3: 79d553f6-a9c0-4241-bc6b-b83eea0c6592 | B3: =VLOOKUP(A3,'Схема с ПС'!$B$2:$C$1000,2,0) -> Сельское поселение Михайлоанненский сельсовет | C3: =SUMIF('Схема с ПС'!$B$2:$B$1000,A3,'Схема с ПС'!$N$2:$N$1000) -> 149.66 | D3: =SUMIF('Схема с ПС'!$B$2:$B$1000,A3,'Схема с ПС'!$T$2:$T$1000) -> 10676.738 | E3: =SUMIF('Схема с ПС'!$B$2:$B$1000,A3,'Схема с ПС'!$AJ$2:$AJ$1000) -> 16779.202 | G3: =SUMIF('Схема без ПС'!$B$2:$B$1000,A3,'Схема без ПС'!$T$2:$T$1000) -> 27579.944
A4: 89296618-9df0-4fe9-8d93-f4f75d368255 | B4: =VLOOKUP(A4,'Схема с ПС'!$B$2:$C$1000,2,0) -> Сельское поселение Троицкокраснянский сельсовет | C4: =SUMIF('Схема с ПС'!$B$2:$B$1000,A4,'Схема с ПС'!$N$2:$N$1000) -> 72.91 | D4: =SUMIF('Схема с ПС'!$B$2:$B$1000,A4,'Схема с ПС'!$T$2:$T$1000) -> 2844.5712 | E4: =SUMIF('Схема с ПС'!$B$2:$B$1000,A4,'Схема с ПС'!$AJ$2:$AJ$1000) -> 8174.3392 | G4: =SUMIF('Схема без ПС'!$B$2:$B$1000,A4,'Схема без ПС'!$T$2:$T$1000) -> 6882.9717
A5: 94bc99f0-89b0-4ca8-9f23-7938929a5876 | B5: =VLOOKUP(A5,'Схема с ПС'!$B$2:$C$1000,2,0) -> Сельское поселение Быстрецкий сельсовет | C5: =SUMIF('Схема с ПС'!$B$2:$B$1000,A5,'Схема с ПС'!$N$2:$N$1000) -> 136.24 | D5: =SUMIF('Схема с ПС'!$B$2:$B$1000,A5,'Схема с ПС'!$T$2:$T$1000) -> 8815.2645 | E5: =SUMIF('Схема с ПС'!$B$2:$B$1000,A5,'Схема с ПС'!$AJ$2:$AJ$1000) -> 15274.612 | G5: =SUMIF('Схема без ПС'!$B$2:$B$1000,A5,'Схема без ПС'!$T$2:$T$1000) -> 17829.721
A6: 7d3bffb4-2ea6-4d15-8ec3-52627905249d | B6: =VLOOKUP(A6,'Схема с ПС'!$B$2:$C$1000,2,0) -> Сельское поселение Вышнеольховатский сельсовет | C6: =SUMIF('Схема с ПС'!$B$2:$B$1000,A6,'Схема с ПС'!$N$2:$N$1000) -> 56.47 | D6: =SUMIF('Схема с ПС'!$B$2:$B$1000,A6,'Схема с ПС'!$T$2:$T$1000) -> 1526.7731 | E6: =SUMIF('Схема с ПС'!$B$2:$B$1000,A6,'Схема с ПС'!$AJ$2:$AJ$1000) -> 6331.1608 | G6: =SUMIF('Схема без ПС'!$B$2:$B$1000,A6,'Схема без ПС'!$T$2:$T$1000) -> 6528.3277
A7: 087836a4-e130-408d-89d8-bfba776f8647 | B7: =VLOOKUP(A7,'Схема с ПС'!$B$2:$C$1000,2,0) -> Сельское поселение Знаменский сельсовет Советский район | C7: =SUMIF('Схема с ПС'!$B$2:$B$1000,A7,'Схема с ПС'!$N$2:$N$1000) -> 119.05 | D7: =SUMIF('Схема с ПС'!$B$2:$B$1000,A7,'Схема с ПС'!$T$2:$T$1000) -> 10446.711 | E7: =SUMIF('Схема с ПС'!$B$2:$B$1000,A7,'Схема с ПС'!$AJ$2:$AJ$1000) -> 13347.347 | G7: =SUMIF('Схема без ПС'!$B$2:$B$1000,A7,'Схема без ПС'!$T$2:$T$1000) -> 20184.603
A8: babe1273-316a-4376-b03a-f88e245f5d09 | B8: =VLOOKUP(A8,'Схема с ПС'!$B$2:$C$1000,2,0) -> Сельское поселение Тимский сельсовет | C8: =SUMIF('Схема с ПС'!$B$2:$B$1000,A8,'Схема с ПС'!$N$2:$N$1000) -> 346.01 | D8: =SUMIF('Схема с ПС'!$B$2:$B$1000,A8,'Схема с ПС'!$T$2:$T$1000) -> 15771.135 | E8: =SUMIF('Схема с ПС'!$B$2:$B$1000,A8,'Схема с ПС'!$AJ$2:$AJ$1000) -> 38793.075 | G8: =SUMIF('Схема без ПС'!$B$2:$B$1000,A8,'Схема без ПС'!$T$2:$T$1000) -> 38643.398
A9: de12e5b5-2b31-4f85-89f1-ca0f1ce74afa | B9: =VLOOKUP(A9,'Схема с ПС'!$B$2:$C$1000,2,0) -> Сельское поселение Михайловский сельсовет Черемисиновский район | C9: =SUMIF('Схема с ПС'!$B$2:$B$1000,A9,'Схема с ПС'!$N$2:$N$1000) -> 259.67 | D9: =SUMIF('Схема с ПС'!$B$2:$B$1000,A9,'Схема с ПС'!$T$2:$T$1000) -> 5317.1397 | E9: =SUMIF('Схема с ПС'!$B$2:$B$1000,A9,'Схема с ПС'!$AJ$2:$AJ$1000) -> 29113.025 | G9: =SUMIF('Схема без ПС'!$B$2:$B$1000,A9,'Схема без ПС'!$T$2:$T$1000) -> 34326.769
A10: 846a7254-55c1-4e12-9cd8-54b6e8fcfa5f | B10: =VLOOKUP(A10,'Схема с ПС'!$B$2:$C$1000,2,0) -> Сельское поселение Косоржанский сельсовет | C10: =SUMIF('Схема с ПС'!$B$2:$B$1000,A10,'Схема с ПС'!$N$2:$N$1000) -> 149.27 | D10: =SUMIF('Схема с ПС'!$B$2:$B$1000,A10,'Схема с ПС'!$T$2:$T$1000) -> 6316.5189 | E10: =SUMIF('Схема с ПС'!$B$2:$B$1000,A10,'Схема с ПС'!$AJ$2:$AJ$1000) -> 16735.477 | G10: =SUMIF('Схема без ПС'!$B$2:$B$1000,A10,'Схема без ПС'!$T$2:$T$1000) -> 19537.381
A11: 788d0cdd-5e8e-4db2-81b2-69faa48286b1 | B11: =VLOOKUP(A11,'Схема с ПС'!$B$2:$C$1000,2,0) -> Сельское поселение Коммунаровский сельсовет | C11: =SUMIF('Схема с ПС'!$B$2:$B$1000,A11,'Схема с ПС'!$N$2:$N$1000) -> 323.43 | D11: =SUMIF('Схема с ПС'!$B$2:$B$1000,A11,'Схема с ПС'!$T$2:$T$1000) -> 18694.188 | E11: =SUMIF('Схема с ПС'!$B$2:$B$1000,A11,'Схема с ПС'!$AJ$2:$AJ$1000) -> 36261.508 | G11: =SUMIF('Схема без ПС'!$B$2:$B$1000,A11,'Схема без ПС'!$T$2:$T$1000) -> 54416.802
A12: bc44ab20-9821-4afd-ab3b-a381ecbe9a3b | B12: =VLOOKUP(A12,'Схема с ПС'!$B$2:$C$1000,2,0) -> Сельское поселение Краснополянский сельсовет | C12: =SUMIF('Схема с ПС'!$B$2:$B$1000,A12,'Схема с ПС'!$N$2:$N$1000) -> 316.42 | D12: =SUMIF('Схема с ПС'!$B$2:$B$1000,A12,'Схема с ПС'!$T$2:$T$1000) -> 5631.337 | E12: =SUMIF('Схема с ПС'!$B$2:$B$1000,A12,'Схема с ПС'!$AJ$2:$AJ$1000) -> 35475.578 | G12: =SUMIF('Схема без ПС'!$B$2:$B$1000,A12,'Схема без ПС'!$T$2:$T$1000) -> 41611.473
A13: b25910f4-d4d1-4ffc-92e3-93f9502d1bdc | B13: =VLOOKUP(A13,'Схема с ПС'!$B$2:$C$1000,2,0) -> Сельское поселение Пригородненский сельсовет Щигровский район | C13: =SUMIF('Схема с ПС'!$B$2:$B$1000,A13,'Схема с ПС'!$N$2:$N$1000) -> 377.56 | D13: =SUMIF('Схема с ПС'!$B$2:$B$1000,A13,'Схема с ПС'!$T$2:$T$1000) -> 4762.8853 | E13: =SUMIF('Схема с ПС'!$B$2:$B$1000,A13,'Схема с ПС'!$AJ$2:$AJ$1000) -> 42330.318 | G13: =SUMIF('Схема без ПС'!$B$2:$B$1000,A13,'Схема без ПС'!$T$2:$T$1000) -> 38452.598
A14: b9fd5789-b6bc-4aca-b9cd-58d5fb3c736f | B14: =VLOOKUP(A14,'Схема с ПС'!$B$2:$C$1000,2,0) -> Сельское поселение Ледовский сельсовет | C14: =SUMIF('Схема с ПС'!$B$2:$B$1000,A14,'Схема с ПС'!$N$2:$N$1000) -> 137.58 | D14: =SUMIF('Схема с ПС'!$B$2:$B$1000,A14,'Схема с ПС'!$T$2:$T$1000) -> 6346.8315 | E14: =SUMIF('Схема с ПС'!$B$2:$B$1000,A14,'Схема с ПС'!$AJ$2:$AJ$1000) -> 15424.847 | G14: =SUMIF('Схема без ПС'!$B$2:$B$1000,A14,'Схема без ПС'!$T$2:$T$1000) -> 21734.821
... A43: 80d0cfd9-8698-41d0-b5b6-20d0b6339689 | B43: =VLOOKUP(A43,'Схема с ПС'!$B$2:$C$1000,2,0) -> Сельское поселение Ниженский сельсовет | C43: =SUMIF('Схема с ПС'!$B$2:$B$1000,A43,'Схема с ПС'!$N$2:$N$1000) -> 132.04 | D43: =SUMIF('Схема с ПС'!$B$2:$B$1000,A43,'Схема с ПС'!$T$2:$T$1000) -> 4256.4444 | E43: =SUMIF('Схема с ПС'!$B$2:$B$1000,A43,'Схема с ПС'!$AJ$2:$AJ$1000) -> 14803.727 | G43: =SUMIF('Схема без ПС'!$B$2:$B$1000,A43,'Схема без ПС'!$T$2:$T$1000) -> 19007.596
C47: =SUM(C3:C46) -> 13637.21 | D47: =SUM(D3:D46) -> 457834.46 | E47: =SUM(E3:E46) -> 1528942.3 | G47: =SUM(G3:G46) -> 1738082

Sheet Беловский
D1: с перегрузкой | G1: без перегрузки
A2: ID (Источник) | B2: Наименование источника | C2: Образование отходов | D2: ТКМ 1 звено | E2: ТКМ 2 звено | G2: ТКМ 1 звено
A3: c4ae73a5-9095-45f2-a88a-add517c2f76b | B3: Сельское поселение Щеголянский сельсовет | C3: 43.35471 | D3: 417.55568 | E3: 4005.9192 | G3: 3634.2887
A4: c4ae73a5-9095-45f2-a88a-add517c2f76b | B4: Сельское поселение Щеголянский сельсовет | C4: 61.93529 | D4: 596.50811 | E4: 5722.7416 | G4: 5191.841
A5: 7928c865-06d0-4bc3-a2de-3164f6ab6fa1 | B5: Сельское поселение Малосолдатский сельсовет | C5: 70.36647 | D5: 1371.7372 | E5: 6501.7715 | G5: 7800.025
A6: 7928c865-06d0-4bc3-a2de-3164f6ab6fa1 | B6: Сельское поселение Малосолдатский сельсовет | C6: 100.52353 | D6: 1959.6246 | E6: 9288.245 | G6: 11142.893
A7: e9e2a876-977f-49de-b04a-9aacb1d39b79 | B7: Сельское поселение Беловский сельсовет | C7: 305.92882 | D7: 4401.3028 | E7: 28267.43 | G7: 32349.251
A8: e9e2a876-977f-49de-b04a-9aacb1d39b79 | B8: Сельское поселение Беловский сельсовет | C8: 437.04118 | D8: 6287.5755 | E8: 40382.044 | G8: 46213.216
A9: 756b09d0-8e1f-445d-ab33-a3577dc40846 | B9: Сельское поселение Песчанский сельсовет | C9: 105.71647 | D9: 2399.1767 | E9: 9768.0661 | G9: 11652.637
A10: 756b09d0-8e1f-445d-ab33-a3577dc40846 | B10: Сельское поселение Песчанский сельсовет | C10: 151.02353 | D10: 3427.3953 | E10: 13954.38 | G10: 16646.624
A11: 1477663a-c940-4bab-bb77-f8d861e3d001 | B11: Сельское поселение Гирьянский сельсовет | C11: 188.42353 | D11: 3083.835 | E11: 17410.092 | G11: 19576.72
A12: 1477663a-c940-4bab-bb77-f8d861e3d001 | B12: Сельское поселение Гирьянский сельсовет | C12: 269.17647 | D12: 4405.4785 | E12: 24871.56 | G12: 27966.742
A13: ba7e0837-ec13-4efd-9f9c-f6552cd63de4 | B13: Сельское поселение Корочанский сельсовет | C13: 79.48294 | D13: 742.00476 | E13: 7344.1217 | G13: 8003.1223
A14: ba7e0837-ec13-4efd-9f9c-f6552cd63de4 | B14: Сельское поселение Корочанский сельсовет | C14: 113.54706 | D14: 1060.0068 | E14: 10491.602 | G14: 11433.032
... A28: de98cfcf-00ca-418c-9101-eeee9096d07a | B28: Сельское поселение Вишневский сельсовет Беловского района | C28: 102.74706 | D28: 2167.354 | E28: 9493.6963 | G28: 11553.751
C29: =SUM(C3:C28) -> 3440.5 | D29: =SUM(D3:D28) -> 61046.443 | E29: =SUM(E3:E28) -> 317897.78 | G29: =SUM(G3:G28) -> 367598.41

Sheet Суджанский
D1: с перегрузкой | G1: без перегрузки
A2: ID (Источник) | B2: Наименование источника | C2: Образование отходов | D2: ТКМ 1 звено | E2: ТКМ 2 звено | G2: ТКМ 1 звено
A3: 7f96aa2b-49e6-4ac5-9e75-e663329e5303 | B3: =VLOOKUP(A3,'Схема с ПС'!$B$2:$C$1000,2,0) -> Городское поселение город Суджа | C3: =SUMIF('Схема с ПС'!$B$2:$B$1000,A3,'Схема с ПС'!$N$2:$N$1000) -> 1431.78 | D3: =SUMIF('Схема с ПС'!$B$2:$B$1000,A3,'Схема с ПС'!$T$2:$T$1000) -> 9308.67 | E3: =SUMIF('Схема с ПС'!$B$2:$B$1000,A3,'Схема с ПС'!$AJ$2:$AJ$1000) -> 119747.84 | G3: =SUMIF('Схема без ПС'!$B$2:$B$1000,A3,'Схема без ПС'!$T$2:$T$1000) -> 120364.47
A4: 9676980f-bb7c-4ec9-9298-c08d31e91586 | B4: =VLOOKUP(A4,'Схема с ПС'!$B$2:$C$1000,2,0) -> Сельское поселение Махновский сельсовет | C4: =SUMIF('Схема с ПС'!$B$2:$B$1000,A4,'Схема с ПС'!$N$2:$N$1000) -> 464.51 | D4: =SUMIF('Схема с ПС'!$B$2:$B$1000,A4,'Схема с ПС'!$T$2:$T$1000) -> 3008.1871 | E4: =SUMIF('Схема с ПС'!$B$2:$B$1000,A4,'Схема с ПС'!$AJ$2:$AJ$1000) -> 38849.593 | G4: =SUMIF('Схема без ПС'!$B$2:$B$1000,A4,'Схема без ПС'!$T$2:$T$1000) -> 39766.442
A5: 9aa44ed4-10ef-494f-8108-ebb2fe581184 | B5: =VLOOKUP(A5,'Схема с ПС'!$B$2:$C$1000,2,0) -> Сельское поселение Уланковский сельсовет | C5: =SUMIF('Схема с ПС'!$B$2:$B$1000,A5,'Схема с ПС'!$N$2:$N$1000) -> 138.51 | D5: =SUMIF('Схема с ПС'!$B$2:$B$1000,A5,'Схема с ПС'!$T$2:$T$1000) -> 1390.8211 | E5: =SUMIF('Схема с ПС'!$B$2:$B$1000,A5,'Схема с ПС'!$AJ$2:$AJ$1000) -> 11584.373 | G5: =SUMIF('Схема без ПС'!$B$2:$B$1000,A5,'Схема без ПС'!$T$2:$T$1000) -> 12860.753
A6: 48448b2d-f432-4fae-bf64-65a993b217e7 | B6: =VLOOKUP(A6,'Схема с ПС'!$B$2:$C$1000,2,0) -> Сельское поселение Любимовский сельсовет Кореневский район | C6: =SUMIF('Схема с ПС'!$B$2:$B$1000,A6,'Схема с ПС'!$N$2:$N$1000) -> 200.7 | D6: =SUMIF('Схема с ПС'!$B$2:$B$1000,A6,'Схема с ПС'!$T$2:$T$1000) -> 6506.458 | E6: =SUMIF('Схема с ПС'!$B$2:$B$1000,A6,'Схема с ПС'!$AJ$2:$AJ$1000) -> 16785.674 | G6: =SUMIF('Схема без ПС'!$B$2:$B$1000,A6,'Схема без ПС'!$T$2:$T$1000) -> 27157.344
A7: 426f1cff-cc31-4c76-9377-5c6b4e4c7250 | B7: =VLOOKUP(A7,'Схема с ПС'!$B$2:$C$1000,2,0) -> Сельское поселение Замостянский сельсовет | C7: =SUMIF('Схема с ПС'!$B$2:$B$1000,A7,'Схема с ПС'!$N$2:$N$1000) -> 933.36 | D7: =SUMIF('Схема с ПС'!$B$2:$B$1000,A7,'Схема с ПС'!$T$2:$T$1000) -> 7982.311 | E7: =SUMIF('Схема с ПС'!$B$2:$B$1000,A7,'Схема с ПС'!$AJ$2:$AJ$1000) -> 78062.164 | G7: =SUMIF('Схема без ПС'!$B$2:$B$1000,A7,'Схема без ПС'!$T$2:$T$1000) -> 78516.47
A8: c983cacb-5076-42cf-8a87-de037192b77e | B8: =VLOOKUP(A8,'Схема с ПС'!$B$2:$C$1000,2,0) -> Сельское поселение Казачелокнянский сельсовет | C8: =SUMIF('Схема с ПС'!$B$2:$B$1000,A8,'Схема с ПС'!$N$2:$N$1000) -> 253.26 | D8: =SUMIF('Схема с ПС'!$B$2:$B$1000,A8,'Схема с ПС'!$T$2:$T$1000) -> 3399.7027 | E8: =SUMIF('Схема с ПС'!$B$2:$B$1000,A8,'Схема с ПС'!$AJ$2:$AJ$1000) -> 21181.563 | G8: =SUMIF('Схема без ПС'!$B$2:$B$1000,A8,'Схема без ПС'!$T$2:$T$1000) -> 22340.773
A9: ae2bc08f-c780-486a-92eb-b4b34b6400db | B9: =VLOOKUP(A9,'Схема с ПС'!$B$2:$C$1000,2,0) -> Сельское поселение Плеховский сельсовет | C9: =SUMIF('Схема с ПС'!$B$2:$B$1000,A9,'Схема с ПС'!$N$2:$N$1000) -> 157.63 | D9: =SUMIF('Схема с ПС'!$B$2:$B$1000,A9,'Схема с ПС'!$T$2:$T$1000) -> 2325.228 | E9: =SUMIF('Схема с ПС'!$B$2:$B$1000,A9,'Схема с ПС'!$AJ$2:$AJ$1000) -> 13183.486 | G9: =SUMIF('Схема без ПС'!$B$2:$B$1000,A9,'Схема без ПС'!$T$2:$T$1000) -> 15131.999
A10: 37139ac4-9b27-425a-9bc5-25475637f67a | B10: =VLOOKUP(A10,'Схема с ПС'!$B$2:$C$1000,2,0) -> Сельское поселение Заолешенский сельсовет | C10: =SUMIF('Схема с ПС'!$B$2:$B$1000,A10,'Схема с ПС'!$N$2:$N$1000) -> 878.6 | D10: =SUMIF('Схема с ПС'!$B$2:$B$1000,A10,'Схема с ПС'!$T$2:$T$1000) -> 7082.9257 | E10: =SUMIF('Схема с ПС'!$B$2:$B$1000,A10,'Схема с ПС'!$AJ$2:$AJ$1000) -> 73482.276 | G10: =SUMIF('Схема без ПС'!$B$2:$B$1000,A10,'Схема без ПС'!$T$2:$T$1000) -> 75600.478
A11: 7375c45f-5fe0-4f1a-8b6a-f798b57c7c6d | B11: =VLOOKUP(A11,'Схема с ПС'!$B$2:$C$1000,2,0) -> Сельское поселение Пореченский сельсовет | C11: =SUMIF('Схема с ПС'!$B$2:$B$1000,A11,'Схема с ПС'!$N$2:$N$1000) -> 370.91 | D11: =SUMIF('Схема с ПС'!$B$2:$B$1000,A11,'Схема с ПС'!$T$2:$T$1000) -> 6785.9246 | E11: =SUMIF('Схема с ПС'!$B$2:$B$1000,A11,'Схема с ПС'!$AJ$2:$AJ$1000) -> 31021.296 | G11: =SUMIF('Схема без ПС'!$B$2:$B$1000,A11,'Схема без ПС'!$T$2:$T$1000) -> 29383.335
A12: 5dbdb2f1-5f52-44fe-955e-5b1cae5d4a83 | B12: =VLOOKUP(A12,'Схема с ПС'!$B$2:$C$1000,2,0) -> Сельское поселение Шептуховский сельсовет | C12: =SUMIF('Схема с ПС'!$B$2:$B$1000,A12,'Схема с ПС'!$N$2:$N$1000) -> 287.55 | D12: =SUMIF('Схема с ПС'!$B$2:$B$1000,A12,'Схема с ПС'!$T$2:$T$1000) -> 15655.105 | E12: =SUMIF('Схема с ПС'!$B$2:$B$1000,A12,'Схема с ПС'!$AJ$2:$AJ$1000) -> 24049.429 | G12: =SUMIF('Схема без ПС'!$B$2:$B$1000,A12,'Схема без ПС'!$T$2:$T$1000) -> 27356.615
A13: 6210ad60-ad5b-4953-849e-b983d91d7618 | B13: =VLOOKUP(A13,'Схема с ПС'!$B$2:$C$1000,2,0) -> Сельское поселение Гончаровский сельсовет | C13: =SUMIF('Схема с ПС'!$B$2:$B$1000,A13,'Схема с ПС'!$N$2:$N$1000) -> 847.88 | D13: =SUMIF('Схема с ПС'!$B$2:$B$1000,A13,'Схема с ПС'!$T$2:$T$1000) -> 6999.9345 | E13: =SUMIF('Схема с ПС'!$B$2:$B$1000,A13,'Схема с ПС'!$AJ$2:$AJ$1000) -> 70912.989 | G13: =SUMIF('Схема без ПС'!$B$2:$B$1000,A13,'Схема без ПС'!$T$2:$T$1000) -> 72765.621
A14: 5ec746bb-151f-4b6a-a5bb-8a2684d8d1a2 | B14: =VLOOKUP(A14,'Схема с ПС'!$B$2:$C$1000,2,0) -> Сельское поселение Новоивановский сельсовет | C14: =SUMIF('Схема с ПС'!$B$2:$B$1000,A14,'Схема с ПС'!$N$2:$N$1000) -> 107.21 | D14: =SUMIF('Схема с ПС'!$B$2:$B$1000,A14,'Схема с ПС'!$T$2:$T$1000) -> 3152.1831 | E14: =SUMIF('Схема с ПС'!$B$2:$B$1000,A14,'Схема с ПС'!$AJ$2:$AJ$1000) -> 8966.5773 | G14: =SUMIF('Схема без ПС'!$B$2:$B$1000,A14,'Схема без ПС'!$T$2:$T$1000) -> 11254.098
... A26: 1c9c2831-d7f2-4a58-9823-1b7c510414e5 | B26: =VLOOKUP(A26,'Схема с ПС'!$B$2:$C$1000,2,0) -> Сельское поселение Сторожевский сельсовет | C26: =SUMIF('Схема с ПС'!$B$2:$B$1000,A26,'Схема с ПС'!$N$2:$N$1000) -> 199.42 | D26: =SUMIF('Схема с ПС'!$B$2:$B$1000,A26,'Схема с ПС'!$T$2:$T$1000) -> 7077.2895 | E26: =SUMIF('Схема с ПС'!$B$2:$B$1000,A26,'Схема с ПС'!$AJ$2:$AJ$1000) -> 16678.62 | G26: =SUMIF('Схема без ПС'!$B$2:$B$1000,A26,'Схема без ПС'!$T$2:$T$1000) -> 15276.565
B52: ИТОГО | C52: =SUM(C3:C51) -> 10359 | D52: =SUM(D3:D51) -> 230634.91 | E52: =SUM(E3:E51) -> 866381.63 | G52: =SUM(G3:G51) -> 994788.98

Sheet Фатеж
D1: с перегрузкой | G1: без перегрузки
A2: ID (Источник) | B2: Наименование источника | C2: Образование отходов | D2: ТКМ 1 звено | E2: ТКМ 2 звено | G2: ТКМ 1 звено
A3: 79bd9e81-3f42-4616-8707-6bca6fbad41c | B3: =VLOOKUP(A3,'Схема с ПС'!$B$2:$C$1000,2,0) -> Сельское поселение 2-й Поныровский сельсовет | C3: =SUMIF('Схема с ПС'!$B$2:$B$1000,Фатеж!A3,'Схема с ПС'!$N$2:$N$1000) -> 158.4 | D3: =SUMIF('Схема с ПС'!$B$2:$B$1000,Фатеж!A3,'Схема с ПС'!$T$2:$T$1000) -> 8359.1696 | E3: =SUMIF('Схема с ПС'!$B$2:$B$1000,Фатеж!A3,'Схема с ПС'!$AJ$2:$AJ$1000) -> 11532.658 | G3: =SUMIF('Схема без ПС'!$B$2:$B$1000,Фатеж!A3,'Схема без ПС'!$T$2:$T$1000) -> 19780.518
A4: c420dd41-57d1-438c-8efe-1d43e98a2ea5 | B4: =VLOOKUP(A4,'Схема с ПС'!$B$2:$C$1000,2,0) -> Сельское поселение Большежировский сельсовет | C4: =SUMIF('Схема с ПС'!$B$2:$B$1000,Фатеж!A4,'Схема с ПС'!$N$2:$N$1000) -> 490.91 | D4: =SUMIF('Схема с ПС'!$B$2:$B$1000,Фатеж!A4,'Схема с ПС'!$T$2:$T$1000) -> 6477.6557 | E4: =SUMIF('Схема с ПС'!$B$2:$B$1000,Фатеж!A4,'Схема с ПС'!$AJ$2:$AJ$1000) -> 35741.776 | G4: =SUMIF('Схема без ПС'!$B$2:$B$1000,Фатеж!A4,'Схема без ПС'!$T$2:$T$1000) -> 32773.25
A5: d7838c7e-d626-4c8b-8f99-c95943aceb9b | B5: =VLOOKUP(A5,'Схема с ПС'!$B$2:$C$1000,2,0) -> Сельское поселение Кармановский сельсовет | C5: =SUMIF('Схема с ПС'!$B$2:$B$1000,Фатеж!A5,'Схема с ПС'!$N$2:$N$1000) -> 253.81 | D5: =SUMIF('Схема с ПС'!$B$2:$B$1000,Фатеж!A5,'Схема с ПС'!$T$2:$T$1000) -> 13258.382 | E5: =SUMIF('Схема с ПС'!$B$2:$B$1000,Фатеж!A5,'Схема с ПС'!$AJ$2:$AJ$1000) -> 18479.192 | G5: =SUMIF('Схема без ПС'!$B$2:$B$1000,Фатеж!A5,'Схема без ПС'!$T$2:$T$1000) -> 32942.622
A6: 596d92ff-5d25-4420-8e84-e6f6c3dd0442 | B6: =VLOOKUP(A6,'Схема с ПС'!$B$2:$C$1000,2,0) -> Сельское поселение Верхнелюбажский сельсовет | C6: =SUMIF('Схема с ПС'!$B$2:$B$1000,Фатеж!A6,'Схема с ПС'!$N$2:$N$1000) -> 567.93 | D6: =SUMIF('Схема с ПС'!$B$2:$B$1000,Фатеж!A6,'Схема с ПС'!$T$2:$T$1000) -> 12227.061 | E6: =SUMIF('Схема с ПС'!$B$2:$B$1000,Фатеж!A6,'Схема с ПС'!$AJ$2:$AJ$1000) -> 41349.385 | G6: =SUMIF('Схема без ПС'!$B$2:$B$1000,Фатеж!A6,'Схема без ПС'!$T$2:$T$1000) -> 53177.355
A7: ed61b635-9191-48fa-8ded-9178dc5f010e | B7: =VLOOKUP(A7,'Схема с ПС'!$B$2:$C$1000,2,0) -> Сельское поселение Солдатский сельсовет Фатежского района | C7: =SUMIF('Схема с ПС'!$B$2:$B$1000,Фатеж!A7,'Схема с ПС'!$N$2:$N$1000) -> 260.69 | D7: =SUMIF('Схема с ПС'!$B$2:$B$1000,Фатеж!A7,'Схема с ПС'!$T$2:$T$1000) -> 7522.1902 | E7: =SUMIF('Схема с ПС'!$B$2:$B$1000,Фатеж!A7,'Схема с ПС'!$AJ$2:$AJ$1000) -> 18980.105 | G7: =SUMIF('Схема без ПС'!$B$2:$B$1000,Фатеж!A7,'Схема без ПС'!$T$2:$T$1000) -> 26319.106
A8: bd6f6280-8b44-46ab-9d9d-a07f4ad88d6a | B8: =VLOOKUP(A8,'Схема с ПС'!$B$2:$C$1000,2,0) -> Сельское поселение Андреевский сельсовет | C8: =SUMIF('Схема с ПС'!$B$2:$B$1000,Фатеж!A8,'Схема с ПС'!$N$2:$N$1000) -> 89.15 | D8: =SUMIF('Схема с ПС'!$B$2:$B$1000,Фатеж!A8,'Схема с ПС'!$T$2:$T$1000) -> 2110.1823 | E8: =SUMIF('Схема с ПС'!$B$2:$B$1000,Фатеж!A8,'Схема с ПС'!$AJ$2:$AJ$1000) -> 6490.7606 | G8: =SUMIF('Схема без ПС'!$B$2:$B$1000,Фатеж!A8,'Схема без ПС'!$T$2:$T$1000) -> 6883.3996
A9: cb0865c0-bf35-4e1d-8d86-ff461ddffe63 | B9: =VLOOKUP(A9,'Схема с ПС'!$B$2:$C$1000,2,0) -> Сельское поселение Большеанненковский сельсовет | C9: =SUMIF('Схема с ПС'!$B$2:$B$1000,Фатеж!A9,'Схема с ПС'!$N$2:$N$1000) -> 157.99 | D9: =SUMIF('Схема с ПС'!$B$2:$B$1000,Фатеж!A9,'Схема с ПС'!$T$2:$T$1000) -> 2848.9863 | E9: =SUMIF('Схема с ПС'!$B$2:$B$1000,Фатеж!A9,'Схема с ПС'!$AJ$2:$AJ$1000) -> 11502.807 | G9: =SUMIF('Схема без ПС'!$B$2:$B$1000,Фатеж!A9,'Схема без ПС'!$T$2:$T$1000) -> 14275.172
A10: 52562b1b-40ef-483f-aa73-4b80614cc403 | B10: =VLOOKUP(A10,'Схема с ПС'!$B$2:$C$1000,2,0) -> Сельское поселение Первомайский сельсовет | C10: =SUMIF('Схема с ПС'!$B$2:$B$1000,Фатеж!A10,'Схема с ПС'!$N$2:$N$1000) -> 170.58 | D10: =SUMIF('Схема с ПС'!$B$2:$B$1000,Фатеж!A10,'Схема с ПС'!$T$2:$T$1000) -> 11879.173 | E10: =SUMIF('Схема с ПС'!$B$2:$B$1000,Фатеж!A10,'Схема с ПС'!$AJ$2:$AJ$1000) -> 12419.45 | G10: =SUMIF('Схема без ПС'!$B$2:$B$1000,Фатеж!A10,'Схема без ПС'!$T$2:$T$1000) -> 24178.754
A11: 47309437-fbc2-45c1-ab6f-6ee0a8e31209 | B11: =VLOOKUP(A11,'Схема с ПС'!$B$2:$C$1000,2,0) -> Городское поселение поселок Золотухино | C11: =SUMIF('Схема с ПС'!$B$2:$B$1000,Фатеж!A11,'Схема с ПС'!$N$2:$N$1000) -> 1114.15 | D11: =SUMIF('Схема с ПС'!$B$2:$B$1000,Фатеж!A11,'Схема с ПС'!$T$2:$T$1000) -> 49207.222 | E11: =SUMIF('Схема с ПС'!$B$2:$B$1000,Фатеж!A11,'Схема с ПС'!$AJ$2:$AJ$1000) -> 81118.126 | G11: =SUMIF('Схема без ПС'!$B$2:$B$1000,Фатеж!A11,'Схема без ПС'!$T$2:$T$1000) -> 99626.13
A12: 2bdc9756-f33d-4a61-ba7d-fd3cb9ac1db8 | B12: =VLOOKUP(A12,'Схема с ПС'!$B$2:$C$1000,2,0) -> Сельское поселение Машкинский сельсовет | C12: =SUMIF('Схема с ПС'!$B$2:$B$1000,Фатеж!A12,'Схема с ПС'!$N$2:$N$1000) -> 78.71 | D12: =SUMIF('Схема с ПС'!$B$2:$B$1000,Фатеж!A12,'Схема с ПС'!$T$2:$T$1000) -> 5045.9745 | E12: =SUMIF('Схема с ПС'!$B$2:$B$1000,Фатеж!A12,'Схема с ПС'!$AJ$2:$AJ$1000) -> 5730.6536 | G12: =SUMIF('Схема без ПС'!$B$2:$B$1000,Фатеж!A12,'Схема без ПС'!$T$2:$T$1000) -> 8341.0429
A13: 66b9cbfd-a9f3-4e26-b075-620626d25344 | B13: =VLOOKUP(A13,'Схема с ПС'!$B$2:$C$1000,2,0) -> Сельское поселение 1-й Поныровский сельсовет | C13: =SUMIF('Схема с ПС'!$B$2:$B$1000,Фатеж!A13,'Схема с ПС'!$N$2:$N$1000) -> 181.75 | D13: =SUMIF('Схема с ПС'!$B$2:$B$1000,Фатеж!A13,'Схема с ПС'!$T$2:$T$1000) -> 10739.632 | E13: =SUMIF('Схема с ПС'!$B$2:$B$1000,Фатеж!A13,'Схема с ПС'!$AJ$2:$AJ$1000) -> 13232.706 | G13: =SUMIF('Схема без ПС'!$B$2:$B$1000,Фатеж!A13,'Схема без ПС'!$T$2:$T$1000) -> 24759.469
A14: 7ea3c7b8-fb2a-4e3c-a690-f7c9fdd48c6e | B14: =VLOOKUP(A14,'Схема с ПС'!$B$2:$C$1000,2,0) -> Сельское поселение Миленинский сельсовет | C14: =SUMIF('Схема с ПС'!$B$2:$B$1000,Фатеж!A14,'Схема с ПС'!$N$2:$N$1000) -> 241.78 | D14: =SUMIF('Схема с ПС'!$B$2:$B$1000,Фатеж!A14,'Схема с ПС'!$T$2:$T$1000) -> 1333.6102 | E14: =SUMIF('Схема с ПС'!$B$2:$B$1000,Фатеж!A14,'Схема с ПС'!$AJ$2:$AJ$1000) -> 17603.321 | G14: =SUMIF('Схема без ПС'!$B$2:$B$1000,Фатеж!A14,'Схема без ПС'!$T$2:$T$1000) -> 18819.674
... A46: e6c69d37-b068-4ec0-8b19-7defbca0a6f8 | B46: =VLOOKUP(A46,'Схема с ПС'!$B$2:$C$1000,2,0) -> Сельское поселение Ольховатский сельсовет | C46: =SUMIF('Схема с ПС'!$B$2:$B$1000,Фатеж!A46,'Схема с ПС'!$N$2:$N$1000) -> 204.09 | D46: =SUMIF('Схема с ПС'!$B$2:$B$1000,Фатеж!A46,'Схема с ПС'!$T$2:$T$1000) -> 9285.6961 | E46: =SUMIF('Схема с ПС'!$B$2:$B$1000,Фатеж!A46,'Схема с ПС'!$AJ$2:$AJ$1000) -> 14859.219 | G46: =SUMIF('Схема без ПС'!$B$2:$B$1000,Фатеж!A46,'Схема без ПС'!$T$2:$T$1000) -> 24001.498
C47: =SUM(C3:C46) -> 16458.47 | D47: =SUM(D3:D46) -> 690806.73 | E47: =SUM(E3:E46) -> 1198294.9 | G47: =SUM(G3:G46) -> 1744335.4

Sheet Обоянь
D1: с перегрузкой | G1: без перегрузки
A2: ID (Источник) | B2: Наименование источника | C2: Образование отходов | D2: ТКМ 1 звено | E2: ТКМ 2 звено | G2: ТКМ 1 звено
A3: b9f7cac4-97b8-47c3-ae86-4fd9f0a4def9 | B3: =VLOOKUP(A3,'Схема с ПС'!$B$2:$C$1000,2,0) -> Сельское поселение Рудавский сельсовет | C3: =SUMIF('Схема с ПС'!$B$2:$B$1000,A3,'Схема с ПС'!$N$2:$N$1000) -> 654.78 | D3: =SUMIF('Схема с ПС'!$B$2:$B$1000,A3,'Схема с ПС'!$T$2:$T$1000) -> 6557.2129 | E3: =SUMIF('Схема с ПС'!$B$2:$B$1000,A3,'Схема с ПС'!$AJ$2:$AJ$1000) -> 50807.875 | G3: =SUMIF('Схема без ПС'!$B$2:$B$1000,A3,'Схема без ПС'!$T$2:$T$1000) -> 60381.212
A4: 0a13218e-b570-436f-901c-9e325f810d7f | B4: =VLOOKUP(A4,'Схема с ПС'!$B$2:$C$1000,2,0) -> Сельское поселение Зоринский сельсовет | C4: =SUMIF('Схема с ПС'!$B$2:$B$1000,A4,'Схема с ПС'!$N$2:$N$1000) -> 764.19 | D4: =SUMIF('Схема с ПС'!$B$2:$B$1000,A4,'Схема с ПС'!$T$2:$T$1000) -> 10394.46 | E4: =SUMIF('Схема с ПС'!$B$2:$B$1000,A4,'Схема с ПС'!$AJ$2:$AJ$1000) -> 59297.581 | G4: =SUMIF('Схема без ПС'!$B$2:$B$1000,A4,'Схема без ПС'!$T$2:$T$1000) -> 73212.143
A5: 4bd0cd02-3bde-4c97-87b4-dd7f625eb486 | B5: =VLOOKUP(A5,'Схема с ПС'!$B$2:$C$1000,2,0) -> Сельское поселение Шумаковский сельсовет Солнцевского района | C5: =SUMIF('Схема с ПС'!$B$2:$B$1000,A5,'Схема с ПС'!$N$2:$N$1000) -> 381.57 | D5: =SUMIF('Схема с ПС'!$B$2:$B$1000,A5,'Схема с ПС'!$T$2:$T$1000) -> 22608.699 | E5: =SUMIF('Схема с ПС'!$B$2:$B$1000,A5,'Схема с ПС'!$AJ$2:$AJ$1000) -> 29608.053 | G5: =SUMIF('Схема без ПС'!$B$2:$B$1000,A5,'Схема без ПС'!$T$2:$T$1000) -> 37504.931
A6: 346f9453-5c9e-4845-a97c-8097c0e23348 | B6: =VLOOKUP(A6,'Схема с ПС'!$B$2:$C$1000,2,0) -> Городское поселение поселок Солнцево | C6: =SUMIF('Схема с ПС'!$B$2:$B$1000,A6,'Схема с ПС'!$N$2:$N$1000) -> 912.01 | D6: =SUMIF('Схема с ПС'!$B$2:$B$1000,A6,'Схема с ПС'!$T$2:$T$1000) -> 43401.581 | E6: =SUMIF('Схема с ПС'!$B$2:$B$1000,A6,'Схема с ПС'!$AJ$2:$AJ$1000) -> 70767.724 | G6: =SUMIF('Схема без ПС'!$B$2:$B$1000,A6,'Схема без ПС'!$T$2:$T$1000) -> 87874.444
A7: 154912ef-0169-45f0-add1-70df38b7265e | B7: =VLOOKUP(A7,'Схема с ПС'!$B$2:$C$1000,2,0) -> Сельское поселение Каменский сельсовет | C7: =SUMIF('Схема с ПС'!$B$2:$B$1000,A7,'Схема с ПС'!$N$2:$N$1000) -> 251.19 | D7: =SUMIF('Схема с ПС'!$B$2:$B$1000,A7,'Схема с ПС'!$T$2:$T$1000) -> 4137.3415 | E7: =SUMIF('Схема с ПС'!$B$2:$B$1000,A7,'Схема с ПС'!$AJ$2:$AJ$1000) -> 19491.173 | G7: =SUMIF('Схема без ПС'!$B$2:$B$1000,A7,'Схема без ПС'!$T$2:$T$1000) -> 22031.874
A8: 5680db39-5c71-484d-b0d2-41f1cc6cdd68 | B8: =VLOOKUP(A8,'Схема с ПС'!$B$2:$C$1000,2,0) -> Сельское поселение Афанасьевский сельсовет | C8: =SUMIF('Схема с ПС'!$B$2:$B$1000,A8,'Схема с ПС'!$N$2:$N$1000) -> 790.83 | D8: =SUMIF('Схема с ПС'!$B$2:$B$1000,A8,'Схема с ПС'!$T$2:$T$1000) -> 6272.2467 | E8: =SUMIF('Схема с ПС'!$B$2:$B$1000,A8,'Схема с ПС'!$AJ$2:$AJ$1000) -> 61364.721 | G8: =SUMIF('Схема без ПС'!$B$2:$B$1000,A8,'Схема без ПС'!$T$2:$T$1000) -> 66121.754
A9: 11b817e4-5c64-4ddd-ad09-d22a2c7e509a | B9: =VLOOKUP(A9,'Схема с ПС'!$B$2:$C$1000,2,0) -> Сельское поселение Пушкарский сельсовет | C9: =SUMIF('Схема с ПС'!$B$2:$B$1000,A9,'Схема с ПС'!$N$2:$N$1000) -> 285.04 | D9: =SUMIF('Схема с ПС'!$B$2:$B$1000,A9,'Схема с ПС'!$T$2:$T$1000) -> 1773.1558 | E9: =SUMIF('Схема с ПС'!$B$2:$B$1000,A9,'Схема с ПС'!$AJ$2:$AJ$1000) -> 22117.775 | G9: =SUMIF('Схема без ПС'!$B$2:$B$1000,A9,'Схема без ПС'!$T$2:$T$1000) -> 23259.932
A10: 73efa5db-2907-462f-b1c5-c33b6a9dfee1 | B10: =VLOOKUP(A10,'Схема с ПС'!$B$2:$C$1000,2,0) -> Сельское поселение Рыбино-Будский сельсовет | C10: =SUMIF('Схема с ПС'!$B$2:$B$1000,A10,'Схема с ПС'!$N$2:$N$1000) -> 352.88 | D10: =SUMIF('Схема с ПС'!$B$2:$B$1000,A10,'Схема с ПС'!$T$2:$T$1000) -> 7744.2254 | E10: =SUMIF('Схема с ПС'!$B$2:$B$1000,A10,'Схема с ПС'!$AJ$2:$AJ$1000) -> 27381.843 | G10: =SUMIF('Схема без ПС'!$B$2:$B$1000,A10,'Схема без ПС'!$T$2:$T$1000) -> 31963.06
A11: 33f4daa7-bd76-4747-9a86-14d5e95283c2 | B11: =VLOOKUP(A11,'Схема с ПС'!$B$2:$C$1000,2,0) -> Сельское поселение Бабинский сельсовет | C11: =SUMIF('Схема с ПС'!$B$2:$B$1000,A11,'Схема с ПС'!$N$2:$N$1000) -> 79.91 | D11: =SUMIF('Схема с ПС'!$B$2:$B$1000,A11,'Схема с ПС'!$T$2:$T$1000) -> 3561.5143 | E11: =SUMIF('Схема с ПС'!$B$2:$B$1000,A11,'Схема с ПС'!$AJ$2:$AJ$1000) -> 6200.6434 | G11: =SUMIF('Схема без ПС'!$B$2:$B$1000,A11,'Схема без ПС'!$T$2:$T$1000) -> 7878.2046
A12: 30145d4c-4aee-4146-8d1d-29f96698d301 | B12: =VLOOKUP(A12,'Схема с ПС'!$B$2:$C$1000,2,0) -> Сельское поселение Горяйновский сельсовет | C12: =SUMIF('Схема с ПС'!$B$2:$B$1000,A12,'Схема с ПС'!$N$2:$N$1000) -> 223.13 | D12: =SUMIF('Схема с ПС'!$B$2:$B$1000,A12,'Схема с ПС'!$T$2:$T$1000) -> 2465.3792 | E12: =SUMIF('Схема с ПС'!$B$2:$B$1000,A12,'Схема с ПС'!$AJ$2:$AJ$1000) -> 17313.848 | G12: =SUMIF('Схема без ПС'!$B$2:$B$1000,A12,'Схема без ПС'!$T$2:$T$1000) -> 19334.73
A13: 58168741-e3bb-4e76-aec3-0af0739bfc06 | B13: =VLOOKUP(A13,'Схема с ПС'!$B$2:$C$1000,2,0) -> Сельское поселение Усланский сельсовет | C13: =SUMIF('Схема с ПС'!$B$2:$B$1000,A13,'Схема с ПС'!$N$2:$N$1000) -> 566.84 | D13: =SUMIF('Схема с ПС'!$B$2:$B$1000,A13,'Схема с ПС'!$T$2:$T$1000) -> 4561.5543 | E13: =SUMIF('Схема с ПС'!$B$2:$B$1000,A13,'Схема с ПС'!$AJ$2:$AJ$1000) -> 43984.141 | G13: =SUMIF('Схема без ПС'!$B$2:$B$1000,A13,'Схема без ПС'!$T$2:$T$1000) -> 48441.976
A14: b1236efc-e87e-4bea-a73b-4608f73a3d4d | B14: =VLOOKUP(A14,'Схема с ПС'!$B$2:$C$1000,2,0) -> Сельское поселение Бобрышевский сельсовет | C14: =SUMIF('Схема с ПС'!$B$2:$B$1000,A14,'Схема с ПС'!$N$2:$N$1000) -> 316.22 | D14: =SUMIF('Схема с ПС'!$B$2:$B$1000,A14,'Схема с ПС'!$T$2:$T$1000) -> 6784.4605 | E14: =SUMIF('Схема с ПС'!$B$2:$B$1000,A14,'Схема с ПС'!$AJ$2:$AJ$1000) -> 24537.198 | G14: =SUMIF('Схема без ПС'!$B$2:$B$1000,A14,'Схема без ПС'!$T$2:$T$1000) -> 30524.865
... A20: 37c779d5-e56e-4b00-ae01-db33f10f87cd | B20: =VLOOKUP(A20,'Схема с ПС'!$B$2:$C$1000,2,0) -> Городское поселение город Обоянь | C20: =SUMIF('Схема с ПС'!$B$2:$B$1000,A20,'Схема с ПС'!$N$2:$N$1000) -> 3342.93 | D20: =SUMIF('Схема с ПС'!$B$2:$B$1000,A20,'Схема с ПС'!$T$2:$T$1000) -> 13027.576 | E20: =SUMIF('Схема с ПС'!$B$2:$B$1000,A20,'Схема с ПС'!$AJ$2:$AJ$1000) -> 259395.78 | G20: =SUMIF('Схема без ПС'!$B$2:$B$1000,A20,'Схема без ПС'!$T$2:$T$1000) -> 264000.04
C47: =SUM(C3:C46) -> 10090.92 | D47: =SUM(D3:D46) -> 172572.8 | E47: =SUM(E3:E46) -> 783008.34 | G47: =SUM(G3:G46) -> 885630.44

Sheet Медвенский
D1: с перегрузкой | G1: без перегрузки
A2: ID (Источник) | B2: Наименование источника | C2: Образование отходов | D2: ТКМ 1 звено | E2: ТКМ 2 звено | G2: ТКМ 1 звено
A3: e34c5770-2596-4bb2-8021-9532032d178e | B3: =VLOOKUP(A3,'Схема с ПС'!$B$2:$C$1000,2,0) -> Сельское поселение Паникинский сельсовет | C3: =SUMIF('Схема с ПС'!$B$2:$B$1000,A3,'Схема с ПС'!$N$2:$N$1000) -> 301.93 | D3: =SUMIF('Схема с ПС'!$B$2:$B$1000,A3,'Схема с ПС'!$T$2:$T$1000) -> 3223.6278 | E3: =SUMIF('Схема с ПС'!$B$2:$B$1000,A3,'Схема с ПС'!$AJ$2:$AJ$1000) -> 18467.529 | G3: =SUMIF('Схема без ПС'!$B$2:$B$1000,A3,'Схема без ПС'!$T$2:$T$1000) -> 20698.897
A4: 0819edf3-a80e-4975-8af0-177679b132c3 | B4: =VLOOKUP(A4,'Схема с ПС'!$B$2:$C$1000,2,0) -> Сельское поселение Вышнереутчанский сельсовет | C4: =SUMIF('Схема с ПС'!$B$2:$B$1000,A4,'Схема с ПС'!$N$2:$N$1000) -> 395.79 | D4: =SUMIF('Схема с ПС'!$B$2:$B$1000,A4,'Схема с ПС'!$T$2:$T$1000) -> 7715.6108 | E4: =SUMIF('Схема с ПС'!$B$2:$B$1000,A4,'Схема с ПС'!$AJ$2:$AJ$1000) -> 24208.47 | G4: =SUMIF('Схема без ПС'!$B$2:$B$1000,A4,'Схема без ПС'!$T$2:$T$1000) -> 25963.275
A5: 84bc43dc-9626-4e52-b0d0-69d34e0f8cfd | B5: =VLOOKUP(A5,'Схема с ПС'!$B$2:$C$1000,2,0) -> Сельское поселение Кривцовский сельсовет | C5: =SUMIF('Схема с ПС'!$B$2:$B$1000,A5,'Схема с ПС'!$N$2:$N$1000) -> 68.67 | D5: =SUMIF('Схема с ПС'!$B$2:$B$1000,A5,'Схема с ПС'!$T$2:$T$1000) -> 2152.8354 | E5: =SUMIF('Схема с ПС'!$B$2:$B$1000,A5,'Схема с ПС'!$AJ$2:$AJ$1000) -> 4200.1962 | G5: =SUMIF('Схема без ПС'!$B$2:$B$1000,A5,'Схема без ПС'!$T$2:$T$1000) -> 5318.8252
A6: 0161b15d-3035-4908-a113-dbe98744aa4f | B6: =VLOOKUP(A6,'Схема с ПС'!$B$2:$C$1000,2,0) -> Сельское поселение Башкатовский сельсовет | C6: =SUMIF('Схема с ПС'!$B$2:$B$1000,A6,'Схема с ПС'!$N$2:$N$1000) -> 154.38 | D6: =SUMIF('Схема с ПС'!$B$2:$B$1000,A6,'Схема с ПС'!$T$2:$T$1000) -> 5067.0048 | E6: =SUMIF('Схема с ПС'!$B$2:$B$1000,A6,'Схема с ПС'!$AJ$2:$AJ$1000) -> 9442.6429 | G6: =SUMIF('Схема без ПС'!$B$2:$B$1000,A6,'Схема без ПС'!$T$2:$T$1000) -> 12184.604
A7: 385e8b66-4cea-40b2-b516-6c25fe6dc9d9 | B7: =VLOOKUP(A7,'Схема с ПС'!$B$2:$C$1000,2,0) -> Сельское поселение Китаевский сельсовет | C7: =SUMIF('Схема с ПС'!$B$2:$B$1000,A7,'Схема с ПС'!$N$2:$N$1000) -> 347.14 | D7: =SUMIF('Схема с ПС'!$B$2:$B$1000,A7,'Схема с ПС'!$T$2:$T$1000) -> 10493.169 | E7: =SUMIF('Схема с ПС'!$B$2:$B$1000,A7,'Схема с ПС'!$AJ$2:$AJ$1000) -> 21232.796 | G7: =SUMIF('Схема без ПС'!$B$2:$B$1000,A7,'Схема без ПС'!$T$2:$T$1000) -> 24240.988
A8: 98e1df4d-5ac1-41cd-9489-a158b2a4b99a | B8: =VLOOKUP(A8,'Схема с ПС'!$B$2:$C$1000,2,0) -> Городское поселение поселок Медвенка | C8: =SUMIF('Схема с ПС'!$B$2:$B$1000,A8,'Схема с ПС'!$N$2:$N$1000) -> 1137.93 | D8: =SUMIF('Схема с ПС'!$B$2:$B$1000,A8,'Схема с ПС'!$T$2:$T$1000) -> 12319.092 | E8: =SUMIF('Схема с ПС'!$B$2:$B$1000,A8,'Схема с ПС'!$AJ$2:$AJ$1000) -> 69601.416 | G8: =SUMIF('Схема без ПС'!$B$2:$B$1000,A8,'Схема без ПС'!$T$2:$T$1000) -> 66883.26
A9: ccd2c18a-f294-4902-a7a4-ea81c30787a4 | B9: =VLOOKUP(A9,'Схема с ПС'!$B$2:$C$1000,2,0) -> Сельское поселение Быкановский сельсовет | C9: =SUMIF('Схема с ПС'!$B$2:$B$1000,A9,'Схема с ПС'!$N$2:$N$1000) -> 173.86 | D9: =SUMIF('Схема с ПС'!$B$2:$B$1000,A9,'Схема с ПС'!$T$2:$T$1000) -> 3353.4797 | E9: =SUMIF('Схема с ПС'!$B$2:$B$1000,A9,'Схема с ПС'!$AJ$2:$AJ$1000) -> 10634.136 | G9: =SUMIF('Схема без ПС'!$B$2:$B$1000,A9,'Схема без ПС'!$T$2:$T$1000) -> 12903.008
A10: 0da4deb4-71c3-44b6-90f9-3ba66e1b6cc4 | B10: =VLOOKUP(A10,'Схема с ПС'!$B$2:$C$1000,2,0) -> Сельское поселение Котельниковский сельсовет | C10: =SUMIF('Схема с ПС'!$B$2:$B$1000,A10,'Схема с ПС'!$N$2:$N$1000) -> 433.65 | D10: =SUMIF('Схема с ПС'!$B$2:$B$1000,A10,'Схема с ПС'!$T$2:$T$1000) -> 10419.245 | E10: =SUMIF('Схема с ПС'!$B$2:$B$1000,A10,'Схема с ПС'!$AJ$2:$AJ$1000) -> 26524.175 | G10: =SUMIF('Схема без ПС'!$B$2:$B$1000,A10,'Схема без ПС'!$T$2:$T$1000) -> 34238.139
A11: 80c53f4e-31c2-4bb6-ab9c-c60211a58607 | B11: =VLOOKUP(A11,'Схема с ПС'!$B$2:$C$1000,2,0) -> Сельское поселение Чермошнянский сельсовет | C11: =SUMIF('Схема с ПС'!$B$2:$B$1000,A11,'Схема с ПС'!$N$2:$N$1000) -> 373.84 | D11: =SUMIF('Схема с ПС'!$B$2:$B$1000,A11,'Схема с ПС'!$T$2:$T$1000) -> 9023.6074 | E11: =SUMIF('Схема с ПС'!$B$2:$B$1000,A11,'Схема с ПС'!$AJ$2:$AJ$1000) -> 22865.9 | G11: =SUMIF('Схема без ПС'!$B$2:$B$1000,A11,'Схема без ПС'!$T$2:$T$1000) -> 23828.829
A12: 7d34b9f0-2ff9-44a7-8f0c-d26bd2cd6d54 | B12: =VLOOKUP(A12,'Схема с ПС'!$B$2:$C$1000,2,0) -> Сельское поселение Нижнереутчанский сельсовет | C12: =SUMIF('Схема с ПС'!$B$2:$B$1000,A12,'Схема с ПС'!$N$2:$N$1000) -> 317.79 | D12: =SUMIF('Схема с ПС'!$B$2:$B$1000,A12,'Схема с ПС'!$T$2:$T$1000) -> 5491.7103 | E12: =SUMIF('Схема с ПС'!$B$2:$B$1000,A12,'Схема с ПС'!$AJ$2:$AJ$1000) -> 19437.605 | G12: =SUMIF('Схема без ПС'!$B$2:$B$1000,A12,'Схема без ПС'!$T$2:$T$1000) -> 20143.231
A13: 8739c151-7eda-4ee6-b4dd-54d8e555a2ca | B13: =VLOOKUP(A13,'Схема с ПС'!$B$2:$C$1000,2,0) -> Сельское поселение Знаменский сельсовет Медвенский район | C13: =SUMIF('Схема с ПС'!$B$2:$B$1000,A13,'Схема с ПС'!$N$2:$N$1000) -> 86.02 | D13: =SUMIF('Схема с ПС'!$B$2:$B$1000,A13,'Схема с ПС'!$T$2:$T$1000) -> 2096.0891 | E13: =SUMIF('Схема с ПС'!$B$2:$B$1000,A13,'Схема с ПС'!$AJ$2:$AJ$1000) -> 5261.4078 | G13: =SUMIF('Схема без ПС'!$B$2:$B$1000,A13,'Схема без ПС'!$T$2:$T$1000) -> 6087.3583
B14: =VLOOKUP(A14,'Схема с ПС'!$B$2:$C$1000,2,0) -> #N/A | C14: =SUMIF('Схема с ПС'!$B$2:$B$1000,A14,'Схема с ПС'!$N$2:$N$1000) -> 0 | D14: =SUMIF('Схема с ПС'!$B$2:$B$1000,A14,'Схема с ПС'!$T$2:$T$1000) -> 0 | E14: =SUMIF('Схема с ПС'!$B$2:$B$1000,A14,'Схема с ПС'!$AJ$2:$AJ$1000) -> 0 | G14: =SUMIF('Схема без ПС'!$B$2:$B$1000,A14,'Схема без ПС'!$T$2:$T$1000) -> 0
B15: =VLOOKUP(A15,'Схема с ПС'!$B$2:$C$1000,2,0) -> #N/A | C15: =SUMIF('Схема с ПС'!$B$2:$B$1000,A15,'Схема с ПС'!$N$2:$N$1000) -> 0 | D15: =SUMIF('Схема с ПС'!$B$2:$B$1000,A15,'Схема с ПС'!$T$2:$T$1000) -> 0 | E15: =SUMIF('Схема с ПС'!$B$2:$B$1000,A15,'Схема с ПС'!$AJ$2:$AJ$1000) -> 0 | G15: =SUMIF('Схема без ПС'!$B$2:$B$1000,A15,'Схема без ПС'!$T$2:$T$1000) -> 0
B16: =VLOOKUP(A16,'Схема с ПС'!$B$2:$C$1000,2,0) -> #N/A | C16: =SUMIF('Схема с ПС'!$B$2:$B$1000,A16,'Схема с ПС'!$N$2:$N$1000) -> 0 | D16: =SUMIF('Схема с ПС'!$B$2:$B$1000,A16,'Схема с ПС'!$T$2:$T$1000) -> 0 | E16: =SUMIF('Схема с ПС'!$B$2:$B$1000,A16,'Схема с ПС'!$AJ$2:$AJ$1000) -> 0 | G16: =SUMIF('Схема без ПС'!$B$2:$B$1000,A16,'Схема без ПС'!$T$2:$T$1000) -> 0
B17: =VLOOKUP(A17,'Схема с ПС'!$B$2:$C$1000,2,0) -> #N/A | C17: =SUMIF('Схема с ПС'!$B$2:$B$1000,A17,'Схема с ПС'!$N$2:$N$1000) -> 0 | D17: =SUMIF('Схема с ПС'!$B$2:$B$1000,A17,'Схема с ПС'!$T$2:$T$1000) -> 0 | E17: =SUMIF('Схема с ПС'!$B$2:$B$1000,A17,'Схема с ПС'!$AJ$2:$AJ$1000) -> 0 | G17: =SUMIF('Схема без ПС'!$B$2:$B$1000,A17,'Схема без ПС'!$T$2:$T$1000) -> 0
B18: =VLOOKUP(A18,'Схема с ПС'!$B$2:$C$1000,2,0) -> #N/A | C18: =SUMIF('Схема с ПС'!$B$2:$B$1000,A18,'Схема с ПС'!$N$2:$N$1000) -> 0 | D18: =SUMIF('Схема с ПС'!$B$2:$B$1000,A18,'Схема с ПС'!$T$2:$T$1000) -> 0 | E18: =SUMIF('Схема с ПС'!$B$2:$B$1000,A18,'Схема с ПС'!$AJ$2:$AJ$1000) -> 0 | G18: =SUMIF('Схема без ПС'!$B$2:$B$1000,A18,'Схема без ПС'!$T$2:$T$1000) -> 0
B19: =VLOOKUP(A19,'Схема с ПС'!$B$2:$C$1000,2,0) -> #N/A | C19: =SUMIF('Схема с ПС'!$B$2:$B$1000,A19,'Схема с ПС'!$N$2:$N$1000) -> 0 | D19: =SUMIF('Схема с ПС'!$B$2:$B$1000,A19,'Схема с ПС'!$T$2:$T$1000) -> 0 | E19: =SUMIF('Схема с ПС'!$B$2:$B$1000,A19,'Схема с ПС'!$AJ$2:$AJ$1000) -> 0 | G19: =SUMIF('Схема без ПС'!$B$2:$B$1000,A19,'Схема без ПС'!$T$2:$T$1000) -> 0
B20: =VLOOKUP(A20,'Схема с ПС'!$B$2:$C$1000,2,0) -> #N/A | C20: =SUMIF('Схема с ПС'!$B$2:$B$1000,A20,'Схема с ПС'!$N$2:$N$1000) -> 0 | D20: =SUMIF('Схема с ПС'!$B$2:$B$1000,A20,'Схема с ПС'!$T$2:$T$1000) -> 0 | E20: =SUMIF('Схема с ПС'!$B$2:$B$1000,A20,'Схема с ПС'!$AJ$2:$AJ$1000) -> 0 | G20: =SUMIF('Схема без ПС'!$B$2:$B$1000,A20,'Схема без ПС'!$T$2:$T$1000) -> 0
B21: =VLOOKUP(A21,'Схема с ПС'!$B$2:$C$1000,2,0) -> #N/A | C21: =SUMIF('Схема с ПС'!$B$2:$B$1000,A21,'Схема с ПС'!$N$2:$N$1000) -> 0 | D21: =SUMIF('Схема с ПС'!$B$2:$B$1000,A21,'Схема с ПС'!$T$2:$T$1000) -> 0 | E21: =SUMIF('Схема с ПС'!$B$2:$B$1000,A21,'Схема с ПС'!$AJ$2:$AJ$1000) -> 0 | G21: =SUMIF('Схема без ПС'!$B$2:$B$1000,A21,'Схема без ПС'!$T$2:$T$1000) -> 0
B22: =VLOOKUP(A22,'Схема с ПС'!$B$2:$C$1000,2,0) -> #N/A | C22: =SUMIF('Схема с ПС'!$B$2:$B$1000,A22,'Схема с ПС'!$N$2:$N$1000) -> 0 | D22: =SUMIF('Схема с ПС'!$B$2:$B$1000,A22,'Схема с ПС'!$T$2:$T$1000) -> 0 | E22: =SUMIF('Схема с ПС'!$B$2:$B$1000,A22,'Схема с ПС'!$AJ$2:$AJ$1000) -> 0 | G22: =SUMIF('Схема без ПС'!$B$2:$B$1000,A22,'Схема без ПС'!$T$2:$T$1000) -> 0
B23: =VLOOKUP(A23,'Схема с ПС'!$B$2:$C$1000,2,0) -> #N/A | C23: =SUMIF('Схема с ПС'!$B$2:$B$1000,A23,'Схема с ПС'!$N$2:$N$1000) -> 0 | D23: =SUMIF('Схема с ПС'!$B$2:$B$1000,A23,'Схема с ПС'!$T$2:$T$1000) -> 0 | E23: =SUMIF('Схема с ПС'!$B$2:$B$1000,A23,'Схема с ПС'!$AJ$2:$AJ$1000) -> 0 | G23: =SUMIF('Схема без ПС'!$B$2:$B$1000,A23,'Схема без ПС'!$T$2:$T$1000) -> 0
B24: =VLOOKUP(A24,'Схема с ПС'!$B$2:$C$1000,2,0) -> #N/A | C24: =SUMIF('Схема с ПС'!$B$2:$B$1000,A24,'Схема с ПС'!$N$2:$N$1000) -> 0 | D24: =SUMIF('Схема с ПС'!$B$2:$B$1000,A24,'Схема с ПС'!$T$2:$T$1000) -> 0 | E24: =SUMIF('Схема с ПС'!$B$2:$B$1000,A24,'Схема с ПС'!$AJ$2:$AJ$1000) -> 0 | G24: =SUMIF('Схема без ПС'!$B$2:$B$1000,A24,'Схема без ПС'!$T$2:$T$1000) -> 0
B25: =VLOOKUP(A25,'Схема с ПС'!$B$2:$C$1000,2,0) -> #N/A | C25: =SUMIF('Схема с ПС'!$B$2:$B$1000,A25,'Схема с ПС'!$N$2:$N$1000) -> 0 | D25: =SUMIF('Схема с ПС'!$B$2:$B$1000,A25,'Схема с ПС'!$T$2:$T$1000) -> 0 | E25: =SUMIF('Схема с ПС'!$B$2:$B$1000,A25,'Схема с ПС'!$AJ$2:$AJ$1000) -> 0 | G25: =SUMIF('Схема без ПС'!$B$2:$B$1000,A25,'Схема без ПС'!$T$2:$T$1000) -> 0
... B46: =VLOOKUP(A46,'Схема с ПС'!$B$2:$C$1000,2,0) -> #N/A | C46: =SUMIF('Схема с ПС'!$B$2:$B$1000,A46,'Схема с ПС'!$N$2:$N$1000) -> 0 | D46: =SUMIF('Схема с ПС'!$B$2:$B$1000,A46,'Схема с ПС'!$T$2:$T$1000) -> 0 | E46: =SUMIF('Схема с ПС'!$B$2:$B$1000,A46,'Схема с ПС'!$AJ$2:$AJ$1000) -> 0 | G46: =SUMIF('Схема без ПС'!$B$2:$B$1000,A46,'Схема без ПС'!$T$2:$T$1000) -> 0
C47: =SUM(C3:C46) -> 3791 | D47: =SUM(D3:D46) -> 71355.471 | E47: =SUM(E3:E46) -> 231876.27 | G47: =SUM(G3:G46) -> 252490.41

Sheet Хомутовка
D1: с перегрузкой | G1: без перегрузки
A2: ID (Источник) | B2: Наименование источника | C2: Образование отходов | D2: ТКМ 1 звено | E2: ТКМ 2 звено | G2: ТКМ 1 звено
A3: 818d5d31-1d42-4390-bf2d-4e0759e36be7 | B3: =VLOOKUP(A3,'Схема с ПС'!$B$2:$C$1000,2,0) -> Сельское поселение Поповкинский сельсовет | C3: =SUMIF('Схема с ПС'!$B$2:$B$1000,A3,'Схема с ПС'!$N$2:$N$1000) -> 200.21 | D3: =SUMIF('Схема с ПС'!$B$2:$B$1000,A3,'Схема с ПС'!$T$2:$T$1000) -> 6898.2067 | E3: =SUMIF('Схема с ПС'!$B$2:$B$1000,A3,'Схема с ПС'!$AJ$2:$AJ$1000) -> 37159.664 | G3: =SUMIF('Схема без ПС'!$B$2:$B$1000,A3,'Схема без ПС'!$T$2:$T$1000) -> 33683.587
A4: e1fd0152-f0a7-4c76-8778-7b8436ae54c0 | B4: =VLOOKUP(A4,'Схема с ПС'!$B$2:$C$1000,2,0) -> Сельское поселение Сальновский сельсовет | C4: =SUMIF('Схема с ПС'!$B$2:$B$1000,A4,'Схема с ПС'!$N$2:$N$1000) -> 180.1 | D4: =SUMIF('Схема с ПС'!$B$2:$B$1000,A4,'Схема с ПС'!$T$2:$T$1000) -> 11795.207 | E4: =SUMIF('Схема с ПС'!$B$2:$B$1000,A4,'Схема с ПС'!$AJ$2:$AJ$1000) -> 33427.179 | G4: =SUMIF('Схема без ПС'!$B$2:$B$1000,A4,'Схема без ПС'!$T$2:$T$1000) -> 44766.794
A5: b12761ee-a874-4dbe-953c-862232e57626 | B5: =VLOOKUP(A5,'Схема с ПС'!$B$2:$C$1000,2,0) -> Сельское поселение Романовский сельсовет | C5: =SUMIF('Схема с ПС'!$B$2:$B$1000,A5,'Схема с ПС'!$N$2:$N$1000) -> 107.58 | D5: =SUMIF('Схема с ПС'!$B$2:$B$1000,A5,'Схема с ПС'!$T$2:$T$1000) -> 1158.2246 | E5: =SUMIF('Схема с ПС'!$B$2:$B$1000,A5,'Схема с ПС'!$AJ$2:$AJ$1000) -> 19967.218 | G5: =SUMIF('Схема без ПС'!$B$2:$B$1000,A5,'Схема без ПС'!$T$2:$T$1000) -> 19653.407
A6: de1314f6-648f-43c7-8c20-c6c611338c05 | B6: =VLOOKUP(A6,'Схема с ПС'!$B$2:$C$1000,2,0) -> Сельское поселение Дубовицкий сельсовет | C6: =SUMIF('Схема с ПС'!$B$2:$B$1000,A6,'Схема с ПС'!$N$2:$N$1000) -> 71.45 | D6: =SUMIF('Схема с ПС'!$B$2:$B$1000,A6,'Схема с ПС'!$T$2:$T$1000) -> 257.28597 | E6: =SUMIF('Схема с ПС'!$B$2:$B$1000,A6,'Схема с ПС'!$AJ$2:$AJ$1000) -> 13261.365 | G6: =SUMIF('Схема без ПС'!$B$2:$B$1000,A6,'Схема без ПС'!$T$2:$T$1000) -> 13337.907
A7: 57afc386-8e1d-4560-9956-0b10fe27aeaa | B7: =VLOOKUP(A7,'Схема с ПС'!$B$2:$C$1000,2,0) -> Сельское поселение Гламаздинский сельсовет | C7: =SUMIF('Схема с ПС'!$B$2:$B$1000,A7,'Схема с ПС'!$N$2:$N$1000) -> 114.27 | D7: =SUMIF('Схема с ПС'!$B$2:$B$1000,A7,'Схема с ПС'!$T$2:$T$1000) -> 1881.2879 | E7: =SUMIF('Схема с ПС'!$B$2:$B$1000,A7,'Схема с ПС'!$AJ$2:$AJ$1000) -> 21208.905 | G7: =SUMIF('Схема без ПС'!$B$2:$B$1000,A7,'Схема без ПС'!$T$2:$T$1000) -> 21760.499
A8: c168a2db-df56-4853-8fb3-02b2b356ffdf | B8: =VLOOKUP(A8,'Схема с ПС'!$B$2:$C$1000,2,0) -> Сельское поселение Калиновский сельсовет | C8: =SUMIF('Схема с ПС'!$B$2:$B$1000,A8,'Схема с ПС'!$N$2:$N$1000) -> 354.85 | D8: =SUMIF('Схема с ПС'!$B$2:$B$1000,A8,'Схема с ПС'!$T$2:$T$1000) -> 2209.2414 | E8: =SUMIF('Схема с ПС'!$B$2:$B$1000,A8,'Схема с ПС'!$AJ$2:$AJ$1000) -> 65861.379 | G8: =SUMIF('Схема без ПС'!$B$2:$B$1000,A8,'Схема без ПС'!$T$2:$T$1000) -> 67997.816
A9: e61c30c6-9992-4e01-ae90-295515e45f1f | B9: =VLOOKUP(A9,'Схема с ПС'!$B$2:$C$1000,2,0) -> Сельское поселение Почепский сельсовет | C9: =SUMIF('Схема с ПС'!$B$2:$B$1000,A9,'Схема с ПС'!$N$2:$N$1000) -> 152.55 | D9: =SUMIF('Схема с ПС'!$B$2:$B$1000,A9,'Схема с ПС'!$T$2:$T$1000) -> 4549.1175 | E9: =SUMIF('Схема с ПС'!$B$2:$B$1000,A9,'Схема с ПС'!$AJ$2:$AJ$1000) -> 28313.804 | G9: =SUMIF('Схема без ПС'!$B$2:$B$1000,A9,'Схема без ПС'!$T$2:$T$1000) -> 25742.321
A10: d322c22d-addf-4886-a608-538a1a4db0c6 | B10: =VLOOKUP(A10,'Схема с ПС'!$B$2:$C$1000,2,0) -> Городское поселение поселок Хомутовка | C10: =SUMIF('Схема с ПС'!$B$2:$B$1000,A10,'Схема с ПС'!$N$2:$N$1000) -> 988.56 | D10: =SUMIF('Схема с ПС'!$B$2:$B$1000,A10,'Схема с ПС'!$T$2:$T$1000) -> 3261.4777 | E10: =SUMIF('Схема с ПС'!$B$2:$B$1000,A10,'Схема с ПС'!$AJ$2:$AJ$1000) -> 183480.13 | G10: =SUMIF('Схема без ПС'!$B$2:$B$1000,A10,'Схема без ПС'!$T$2:$T$1000) -> 183870.74
A11: 16d854be-c559-4f9e-ae5a-c9bdc9eac8b3 | B11: =VLOOKUP(A11,'Схема с ПС'!$B$2:$C$1000,2,0) -> Сельское поселение Сковородневский сельсовет | C11: =SUMIF('Схема с ПС'!$B$2:$B$1000,A11,'Схема с ПС'!$N$2:$N$1000) -> 76 | D11: =SUMIF('Схема с ПС'!$B$2:$B$1000,A11,'Схема с ПС'!$T$2:$T$1000) -> 2552.0505 | E11: =SUMIF('Схема с ПС'!$B$2:$B$1000,A11,'Схема с ПС'!$AJ$2:$AJ$1000) -> 14105.861 | G11: =SUMIF('Схема без ПС'!$B$2:$B$1000,A11,'Схема без ПС'!$T$2:$T$1000) -> 13544.471
B12: =VLOOKUP(A12,'Схема с ПС'!$B$2:$C$1000,2,0) -> #N/A | C12: =SUMIF('Схема с ПС'!$B$2:$B$1000,A12,'Схема с ПС'!$N$2:$N$1000) -> 0 | D12: =SUMIF('Схема с ПС'!$B$2:$B$1000,A12,'Схема с ПС'!$T$2:$T$1000) -> 0 | E12: =SUMIF('Схема с ПС'!$B$2:$B$1000,A12,'Схема с ПС'!$AJ$2:$AJ$1000) -> 0 | G12: =SUMIF('Схема без ПС'!$B$2:$B$1000,A12,'Схема без ПС'!$T$2:$T$1000) -> 0
B13: =VLOOKUP(A13,'Схема с ПС'!$B$2:$C$1000,2,0) -> #N/A | C13: =SUMIF('Схема с ПС'!$B$2:$B$1000,A13,'Схема с ПС'!$N$2:$N$1000) -> 0 | D13: =SUMIF('Схема с ПС'!$B$2:$B$1000,A13,'Схема с ПС'!$T$2:$T$1000) -> 0 | E13: =SUMIF('Схема с ПС'!$B$2:$B$1000,A13,'Схема с ПС'!$AJ$2:$AJ$1000) -> 0 | G13: =SUMIF('Схема без ПС'!$B$2:$B$1000,A13,'Схема без ПС'!$T$2:$T$1000) -> 0
B14: =VLOOKUP(A14,'Схема с ПС'!$B$2:$C$1000,2,0) -> #N/A | C14: =SUMIF('Схема с ПС'!$B$2:$B$1000,A14,'Схема с ПС'!$N$2:$N$1000) -> 0 | D14: =SUMIF('Схема с ПС'!$B$2:$B$1000,A14,'Схема с ПС'!$T$2:$T$1000) -> 0 | E14: =SUMIF('Схема с ПС'!$B$2:$B$1000,A14,'Схема с ПС'!$AJ$2:$AJ$1000) -> 0 | G14: =SUMIF('Схема без ПС'!$B$2:$B$1000,A14,'Схема без ПС'!$T$2:$T$1000) -> 0
B15: =VLOOKUP(A15,'Схема с ПС'!$B$2:$C$1000,2,0) -> #N/A | C15: =SUMIF('Схема с ПС'!$B$2:$B$1000,A15,'Схема с ПС'!$N$2:$N$1000) -> 0 | D15: =SUMIF('Схема с ПС'!$B$2:$B$1000,A15,'Схема с ПС'!$T$2:$T$1000) -> 0 | E15: =SUMIF('Схема с ПС'!$B$2:$B$1000,A15,'Схема с ПС'!$AJ$2:$AJ$1000) -> 0 | G15: =SUMIF('Схема без ПС'!$B$2:$B$1000,A15,'Схема без ПС'!$T$2:$T$1000) -> 0
B16: =VLOOKUP(A16,'Схема с ПС'!$B$2:$C$1000,2,0) -> #N/A | C16: =SUMIF('Схема с ПС'!$B$2:$B$1000,A16,'Схема с ПС'!$N$2:$N$1000) -> 0 | D16: =SUMIF('Схема с ПС'!$B$2:$B$1000,A16,'Схема с ПС'!$T$2:$T$1000) -> 0 | E16: =SUMIF('Схема с ПС'!$B$2:$B$1000,A16,'Схема с ПС'!$AJ$2:$AJ$1000) -> 0 | G16: =SUMIF('Схема без ПС'!$B$2:$B$1000,A16,'Схема без ПС'!$T$2:$T$1000) -> 0
B17: =VLOOKUP(A17,'Схема с ПС'!$B$2:$C$1000,2,0) -> #N/A | C17: =SUMIF('Схема с ПС'!$B$2:$B$1000,A17,'Схема с ПС'!$N$2:$N$1000) -> 0 | D17: =SUMIF('Схема с ПС'!$B$2:$B$1000,A17,'Схема с ПС'!$T$2:$T$1000) -> 0 | E17: =SUMIF('Схема с ПС'!$B$2:$B$1000,A17,'Схема с ПС'!$AJ$2:$AJ$1000) -> 0 | G17: =SUMIF('Схема без ПС'!$B$2:$B$1000,A17,'Схема без ПС'!$T$2:$T$1000) -> 0
B18: =VLOOKUP(A18,'Схема с ПС'!$B$2:$C$1000,2,0) -> #N/A | C18: =SUMIF('Схема с ПС'!$B$2:$B$1000,A18,'Схема с ПС'!$N$2:$N$1000) -> 0 | D18: =SUMIF('Схема с ПС'!$B$2:$B$1000,A18,'Схема с ПС'!$T$2:$T$1000) -> 0 | E18: =SUMIF('Схема с ПС'!$B$2:$B$1000,A18,'Схема с ПС'!$AJ$2:$AJ$1000) -> 0 | G18: =SUMIF('Схема без ПС'!$B$2:$B$1000,A18,'Схема без ПС'!$T$2:$T$1000) -> 0
B19: =VLOOKUP(A19,'Схема с ПС'!$B$2:$C$1000,2,0) -> #N/A | C19: =SUMIF('Схема с ПС'!$B$2:$B$1000,A19,'Схема с ПС'!$N$2:$N$1000) -> 0 | D19: =SUMIF('Схема с ПС'!$B$2:$B$1000,A19,'Схема с ПС'!$T$2:$T$1000) -> 0 | E19: =SUMIF('Схема с ПС'!$B$2:$B$1000,A19,'Схема с ПС'!$AJ$2:$AJ$1000) -> 0 | G19: =SUMIF('Схема без ПС'!$B$2:$B$1000,A19,'Схема без ПС'!$T$2:$T$1000) -> 0
B20: =VLOOKUP(A20,'Схема с ПС'!$B$2:$C$1000,2,0) -> #N/A | C20: =SUMIF('Схема с ПС'!$B$2:$B$1000,A20,'Схема с ПС'!$N$2:$N$1000) -> 0 | D20: =SUMIF('Схема с ПС'!$B$2:$B$1000,A20,'Схема с ПС'!$T$2:$T$1000) -> 0 | E20: =SUMIF('Схема с ПС'!$B$2:$B$1000,A20,'Схема с ПС'!$AJ$2:$AJ$1000) -> 0 | G20: =SUMIF('Схема без ПС'!$B$2:$B$1000,A20,'Схема без ПС'!$T$2:$T$1000) -> 0
B21: =VLOOKUP(A21,'Схема с ПС'!$B$2:$C$1000,2,0) -> #N/A | C21: =SUMIF('Схема с ПС'!$B$2:$B$1000,A21,'Схема с ПС'!$N$2:$N$1000) -> 0 | D21: =SUMIF('Схема с ПС'!$B$2:$B$1000,A21,'Схема с ПС'!$T$2:$T$1000) -> 0 | E21: =SUMIF('Схема с ПС'!$B$2:$B$1000,A21,'Схема с ПС'!$AJ$2:$AJ$1000) -> 0 | G21: =SUMIF('Схема без ПС'!$B$2:$B$1000,A21,'Схема без ПС'!$T$2:$T$1000) -> 0
B22: =VLOOKUP(A22,'Схема с ПС'!$B$2:$C$1000,2,0) -> #N/A | C22: =SUMIF('Схема с ПС'!$B$2:$B$1000,A22,'Схема с ПС'!$N$2:$N$1000) -> 0 | D22: =SUMIF('Схема с ПС'!$B$2:$B$1000,A22,'Схема с ПС'!$T$2:$T$1000) -> 0 | E22: =SUMIF('Схема с ПС'!$B$2:$B$1000,A22,'Схема с ПС'!$AJ$2:$AJ$1000) -> 0 | G22: =SUMIF('Схема без ПС'!$B$2:$B$1000,A22,'Схема без ПС'!$T$2:$T$1000) -> 0
B23: =VLOOKUP(A23,'Схема с ПС'!$B$2:$C$1000,2,0) -> #N/A | C23: =SUMIF('Схема с ПС'!$B$2:$B$1000,A23,'Схема с ПС'!$N$2:$N$1000) -> 0 | D23: =SUMIF('Схема с ПС'!$B$2:$B$1000,A23,'Схема с ПС'!$T$2:$T$1000) -> 0 | E23: =SUMIF('Схема с ПС'!$B$2:$B$1000,A23,'Схема с ПС'!$AJ$2:$AJ$1000) -> 0 | G23: =SUMIF('Схема без ПС'!$B$2:$B$1000,A23,'Схема без ПС'!$T$2:$T$1000) -> 0
... B46: =VLOOKUP(A46,'Схема с ПС'!$B$2:$C$1000,2,0) -> #N/A | C46: =SUMIF('Схема с ПС'!$B$2:$B$1000,A46,'Схема с ПС'!$N$2:$N$1000) -> 0 | D46: =SUMIF('Схема с ПС'!$B$2:$B$1000,A46,'Схема с ПС'!$T$2:$T$1000) -> 0 | E46: =SUMIF('Схема с ПС'!$B$2:$B$1000,A46,'Схема с ПС'!$AJ$2:$AJ$1000) -> 0 | G46: =SUMIF('Схема без ПС'!$B$2:$B$1000,A46,'Схема без ПС'!$T$2:$T$1000) -> 0
B47: ИТОГО | C47: =SUM(C3:C46) -> 2245.57 | D47: =SUM(D3:D46) -> 34562.099 | E47: =SUM(E3:E46) -> 416785.51 | G47: =SUM(G3:G46) -> 424357.55

Sheet Мантуровский
D1: с перегрузкой | G1: без перегрузки
A2: ID (Источник) | B2: Наименование источника | C2: Образование отходов | D2: ТКМ 1 звено | E2: ТКМ 2 звено | G2: ТКМ 1 звено
A3: 263e63a7-ad5a-437c-bf0c-807bfeb486a8 | B3: =VLOOKUP(A3,'Схема с ПС'!$B$2:$C$1000,2,0) -> Сельское поселение Мантуровский сельсовет | C3: =SUMIF('Схема с ПС'!$B$2:$B$1000,A3,'Схема с ПС'!$N$2:$N$1000) -> 840.05 | D3: =SUMIF('Схема с ПС'!$B$2:$B$1000,A3,'Схема с ПС'!$T$2:$T$1000) -> 3408.8702 | E3: =SUMIF('Схема с ПС'!$B$2:$B$1000,A3,'Схема с ПС'!$AJ$2:$AJ$1000) -> 106401.79 | G3: =SUMIF('Схема без ПС'!$B$2:$B$1000,A3,'Схема без ПС'!$T$2:$T$1000) -> 104274.79
A4: a8a37e15-1852-47f1-8115-aca29e53304b | B4: =VLOOKUP(A4,'Схема с ПС'!$B$2:$C$1000,2,0) -> Сельское поселение Старолещинский сельсовет | C4: =SUMIF('Схема с ПС'!$B$2:$B$1000,A4,'Схема с ПС'!$N$2:$N$1000) -> 245.44 | D4: =SUMIF('Схема с ПС'!$B$2:$B$1000,A4,'Схема с ПС'!$T$2:$T$1000) -> 6247.7517 | E4: =SUMIF('Схема с ПС'!$B$2:$B$1000,A4,'Схема с ПС'!$AJ$2:$AJ$1000) -> 31087.738 | G4: =SUMIF('Схема без ПС'!$B$2:$B$1000,A4,'Схема без ПС'!$T$2:$T$1000) -> 27195.348
A5: c139f0e6-3352-4b23-b83c-a1da94a10c3e | B5: =VLOOKUP(A5,'Схема с ПС'!$B$2:$C$1000,2,0) -> Сельское поселение Ястребовский сельсовет | C5: =SUMIF('Схема с ПС'!$B$2:$B$1000,A5,'Схема с ПС'!$N$2:$N$1000) -> 410.9 | D5: =SUMIF('Схема с ПС'!$B$2:$B$1000,A5,'Схема с ПС'!$T$2:$T$1000) -> 17788.435 | E5: =SUMIF('Схема с ПС'!$B$2:$B$1000,A5,'Схема с ПС'!$AJ$2:$AJ$1000) -> 52045.11 | G5: =SUMIF('Схема без ПС'!$B$2:$B$1000,A5,'Схема без ПС'!$T$2:$T$1000) -> 67032.433
A6: aec192a7-75d1-49eb-8400-97170aa8d91e | B6: =VLOOKUP(A6,'Схема с ПС'!$B$2:$C$1000,2,0) -> Сельское поселение Субботинский сельсовет | C6: =SUMIF('Схема с ПС'!$B$2:$B$1000,A6,'Схема с ПС'!$N$2:$N$1000) -> 257.12 | D6: =SUMIF('Схема с ПС'!$B$2:$B$1000,A6,'Схема с ПС'!$T$2:$T$1000) -> 5712.2994 | E6: =SUMIF('Схема с ПС'!$B$2:$B$1000,A6,'Схема с ПС'!$AJ$2:$AJ$1000) -> 32567.142 | G6: =SUMIF('Схема без ПС'!$B$2:$B$1000,A6,'Схема без ПС'!$T$2:$T$1000) -> 27656.75
A7: 633c02d7-40fb-49a4-b001-04159b14f988 | B7: =VLOOKUP(A7,'Схема с ПС'!$B$2:$C$1000,2,0) -> Сельское поселение Останинский сельсовет | C7: =SUMIF('Схема с ПС'!$B$2:$B$1000,A7,'Схема с ПС'!$N$2:$N$1000) -> 214.71 | D7: =SUMIF('Схема с ПС'!$B$2:$B$1000,A7,'Схема с ПС'!$T$2:$T$1000) -> 3330.7356 | E7: =SUMIF('Схема с ПС'!$B$2:$B$1000,A7,'Схема с ПС'!$AJ$2:$AJ$1000) -> 27195.438 | G7: =SUMIF('Схема без ПС'!$B$2:$B$1000,A7,'Схема без ПС'!$T$2:$T$1000) -> 29274.593
A8: b7d5e15c-855e-4135-a49d-a275c082fb0a | B8: =VLOOKUP(A8,'Схема с ПС'!$B$2:$C$1000,2,0) -> Городское поселение поселок Тим | C8: =SUMIF('Схема с ПС'!$B$2:$B$1000,A8,'Схема с ПС'!$N$2:$N$1000) -> 794.74 | D8: =SUMIF('Схема с ПС'!$B$2:$B$1000,A8,'Схема с ПС'!$T$2:$T$1000) -> 24943.447 | E8: =SUMIF('Схема с ПС'!$B$2:$B$1000,A8,'Схема с ПС'!$AJ$2:$AJ$1000) -> 100662.77 | G8: =SUMIF('Схема без ПС'!$B$2:$B$1000,A8,'Схема без ПС'!$T$2:$T$1000) -> 90202.539
A9: dda70bd2-b463-47d3-bbbd-fdb036c95d06 | B9: =VLOOKUP(A9,'Схема с ПС'!$B$2:$C$1000,2,0) -> Сельское поселение Куськинский сельсовет | C9: =SUMIF('Схема с ПС'!$B$2:$B$1000,A9,'Схема с ПС'!$N$2:$N$1000) -> 264.36 | D9: =SUMIF('Схема с ПС'!$B$2:$B$1000,A9,'Схема с ПС'!$T$2:$T$1000) -> 4893.8913 | E9: =SUMIF('Схема с ПС'!$B$2:$B$1000,A9,'Схема с ПС'!$AJ$2:$AJ$1000) -> 33484.169 | G9: =SUMIF('Схема без ПС'!$B$2:$B$1000,A9,'Схема без ПС'!$T$2:$T$1000) -> 33362.709
A10: 31e5312a-d99e-4f47-9b73-b5e8778e4dc3 | B10: =VLOOKUP(A10,'Схема с ПС'!$B$2:$C$1000,2,0) -> Сельское поселение Сазановский сельсовет | C10: =SUMIF('Схема с ПС'!$B$2:$B$1000,A10,'Схема с ПС'!$N$2:$N$1000) -> 196.1 | D10: =SUMIF('Схема с ПС'!$B$2:$B$1000,A10,'Схема с ПС'!$T$2:$T$1000) -> 3428.2023 | E10: =SUMIF('Схема с ПС'!$B$2:$B$1000,A10,'Схема с ПС'!$AJ$2:$AJ$1000) -> 24838.272 | G10: =SUMIF('Схема без ПС'!$B$2:$B$1000,A10,'Схема без ПС'!$T$2:$T$1000) -> 22448.369
A11: f98d8d7e-6f4a-4224-8f2e-63879dc83ab8 | B11: =VLOOKUP(A11,'Схема с ПС'!$B$2:$C$1000,2,0) -> Сельское поселение 2-й Засеймский сельсовет | C11: =SUMIF('Схема с ПС'!$B$2:$B$1000,A11,'Схема с ПС'!$N$2:$N$1000) -> 276.43 | D11: =SUMIF('Схема с ПС'!$B$2:$B$1000,A11,'Схема с ПС'!$T$2:$T$1000) -> 1929.9887 | E11: =SUMIF('Схема с ПС'!$B$2:$B$1000,A11,'Схема с ПС'!$AJ$2:$AJ$1000) -> 35012.971 | G11: =SUMIF('Схема без ПС'!$B$2:$B$1000,A11,'Схема без ПС'!$T$2:$T$1000) -> 33392.145
A12: ea3c8cbf-e555-4cf9-85a2-3b983f288f66 | B12: =VLOOKUP(A12,'Схема с ПС'!$B$2:$C$1000,2,0) -> Сельское поселение Репецкий сельсовет | C12: =SUMIF('Схема с ПС'!$B$2:$B$1000,A12,'Схема с ПС'!$N$2:$N$1000) -> 249.87 | D12: =SUMIF('Схема с ПС'!$B$2:$B$1000,A12,'Схема с ПС'!$T$2:$T$1000) -> 13403.234 | E12: =SUMIF('Схема с ПС'!$B$2:$B$1000,A12,'Схема с ПС'!$AJ$2:$AJ$1000) -> 31648.848 | G12: =SUMIF('Схема без ПС'!$B$2:$B$1000,A12,'Схема без ПС'!$T$2:$T$1000) -> 43348.714
A13: e77ab589-bd85-48d6-9915-c47abef2360d | B13: =VLOOKUP(A13,'Схема с ПС'!$B$2:$C$1000,2,0) -> Сельское поселение Куньевский сельсовет | C13: =SUMIF('Схема с ПС'!$B$2:$B$1000,A13,'Схема с ПС'!$N$2:$N$1000) -> 226.56 | D13: =SUMIF('Схема с ПС'!$B$2:$B$1000,A13,'Схема с ПС'!$T$2:$T$1000) -> 12663.236 | E13: =SUMIF('Схема с ПС'!$B$2:$B$1000,A13,'Схема с ПС'!$AJ$2:$AJ$1000) -> 28696.374 | G13: =SUMIF('Схема без ПС'!$B$2:$B$1000,A13,'Схема без ПС'!$T$2:$T$1000) -> 39815.147
A14: 2fe29e5a-2567-4ac6-9075-0bd6725ee37d | B14: =VLOOKUP(A14,'Схема с ПС'!$B$2:$C$1000,2,0) -> Сельское поселение Сеймский сельсовет | C14: =SUMIF('Схема с ПС'!$B$2:$B$1000,A14,'Схема с ПС'!$N$2:$N$1000) -> 695.66 | D14: =SUMIF('Схема с ПС'!$B$2:$B$1000,A14,'Схема с ПС'!$T$2:$T$1000) -> 8205.344 | E14: =SUMIF('Схема с ПС'!$B$2:$B$1000,A14,'Схема с ПС'!$AJ$2:$AJ$1000) -> 88113.168 | G14: =SUMIF('Схема без ПС'!$B$2:$B$1000,A14,'Схема без ПС'!$T$2:$T$1000) -> 88663.486
... A16: 04e2f447-234f-4e56-ae9e-c55585cdf743 | B16: =VLOOKUP(A16,'Схема с ПС'!$B$2:$C$1000,2,0) -> Сельское поселение Среднеапоченский сельсовет | C16: =SUMIF('Схема с ПС'!$B$2:$B$1000,A16,'Схема с ПС'!$N$2:$N$1000) -> 175.48 | D16: =SUMIF('Схема с ПС'!$B$2:$B$1000,A16,'Схема с ПС'!$T$2:$T$1000) -> 11789.569 | E16: =SUMIF('Схема с ПС'!$B$2:$B$1000,A16,'Схема с ПС'!$AJ$2:$AJ$1000) -> 22226.517 | G16: =SUMIF('Схема без ПС'!$B$2:$B$1000,A16,'Схема без ПС'!$T$2:$T$1000) -> 29604.182
B17: =VLOOKUP(A17,'Схема с ПС'!$B$2:$C$1000,2,0) -> #N/A | C17: =SUMIF('Схема с ПС'!$B$2:$B$1000,A17,'Схема с ПС'!$N$2:$N$1000) -> 0 | D17: =SUMIF('Схема с ПС'!$B$2:$B$1000,A17,'Схема с ПС'!$T$2:$T$1000) -> 0 | E17: =SUMIF('Схема с ПС'!$B$2:$B$1000,A17,'Схема с ПС'!$AJ$2:$AJ$1000) -> 0 | G17: =SUMIF('Схема без ПС'!$B$2:$B$1000,A17,'Схема без ПС'!$T$2:$T$1000) -> 0
B18: =VLOOKUP(A18,'Схема с ПС'!$B$2:$C$1000,2,0) -> #N/A | C18: =SUMIF('Схема с ПС'!$B$2:$B$1000,A18,'Схема с ПС'!$N$2:$N$1000) -> 0 | D18: =SUMIF('Схема с ПС'!$B$2:$B$1000,A18,'Схема с ПС'!$T$2:$T$1000) -> 0 | E18: =SUMIF('Схема с ПС'!$B$2:$B$1000,A18,'Схема с ПС'!$AJ$2:$AJ$1000) -> 0 | G18: =SUMIF('Схема без ПС'!$B$2:$B$1000,A18,'Схема без ПС'!$T$2:$T$1000) -> 0
B19: =VLOOKUP(A19,'Схема с ПС'!$B$2:$C$1000,2,0) -> #N/A | C19: =SUMIF('Схема с ПС'!$B$2:$B$1000,A19,'Схема с ПС'!$N$2:$N$1000) -> 0 | D19: =SUMIF('Схема с ПС'!$B$2:$B$1000,A19,'Схема с ПС'!$T$2:$T$1000) -> 0 | E19: =SUMIF('Схема с ПС'!$B$2:$B$1000,A19,'Схема с ПС'!$AJ$2:$AJ$1000) -> 0 | G19: =SUMIF('Схема без ПС'!$B$2:$B$1000,A19,'Схема без ПС'!$T$2:$T$1000) -> 0
B20: =VLOOKUP(A20,'Схема с ПС'!$B$2:$C$1000,2,0) -> #N/A | C20: =SUMIF('Схема с ПС'!$B$2:$B$1000,A20,'Схема с ПС'!$N$2:$N$1000) -> 0 | D20: =SUMIF('Схема с ПС'!$B$2:$B$1000,A20,'Схема с ПС'!$T$2:$T$1000) -> 0 | E20: =SUMIF('Схема с ПС'!$B$2:$B$1000,A20,'Схема с ПС'!$AJ$2:$AJ$1000) -> 0 | G20: =SUMIF('Схема без ПС'!$B$2:$B$1000,A20,'Схема без ПС'!$T$2:$T$1000) -> 0
B21: =VLOOKUP(A21,'Схема с ПС'!$B$2:$C$1000,2,0) -> #N/A | C21: =SUMIF('Схема с ПС'!$B$2:$B$1000,A21,'Схема с ПС'!$N$2:$N$1000) -> 0 | D21: =SUMIF('Схема с ПС'!$B$2:$B$1000,A21,'Схема с ПС'!$T$2:$T$1000) -> 0 | E21: =SUMIF('Схема с ПС'!$B$2:$B$1000,A21,'Схема с ПС'!$AJ$2:$AJ$1000) -> 0 | G21: =SUMIF('Схема без ПС'!$B$2:$B$1000,A21,'Схема без ПС'!$T$2:$T$1000) -> 0
B22: =VLOOKUP(A22,'Схема с ПС'!$B$2:$C$1000,2,0) -> #N/A | C22: =SUMIF('Схема с ПС'!$B$2:$B$1000,A22,'Схема с ПС'!$N$2:$N$1000) -> 0 | D22: =SUMIF('Схема с ПС'!$B$2:$B$1000,A22,'Схема с ПС'!$T$2:$T$1000) -> 0 | E22: =SUMIF('Схема с ПС'!$B$2:$B$1000,A22,'Схема с ПС'!$AJ$2:$AJ$1000) -> 0 | G22: =SUMIF('Схема без ПС'!$B$2:$B$1000,A22,'Схема без ПС'!$T$2:$T$1000) -> 0
B23: =VLOOKUP(A23,'Схема с ПС'!$B$2:$C$1000,2,0) -> #N/A | C23: =SUMIF('Схема с ПС'!$B$2:$B$1000,A23,'Схема с ПС'!$N$2:$N$1000) -> 0 | D23: =SUMIF('Схема с ПС'!$B$2:$B$1000,A23,'Схема с ПС'!$T$2:$T$1000) -> 0 | E23: =SUMIF('Схема с ПС'!$B$2:$B$1000,A23,'Схема с ПС'!$AJ$2:$AJ$1000) -> 0 | G23: =SUMIF('Схема без ПС'!$B$2:$B$1000,A23,'Схема без ПС'!$T$2:$T$1000) -> 0
B24: =VLOOKUP(A24,'Схема с ПС'!$B$2:$C$1000,2,0) -> #N/A | C24: =SUMIF('Схема с ПС'!$B$2:$B$1000,A24,'Схема с ПС'!$N$2:$N$1000) -> 0 | D24: =SUMIF('Схема с ПС'!$B$2:$B$1000,A24,'Схема с ПС'!$T$2:$T$1000) -> 0 | E24: =SUMIF('Схема с ПС'!$B$2:$B$1000,A24,'Схема с ПС'!$AJ$2:$AJ$1000) -> 0 | G24: =SUMIF('Схема без ПС'!$B$2:$B$1000,A24,'Схема без ПС'!$T$2:$T$1000) -> 0
B25: =VLOOKUP(A25,'Схема с ПС'!$B$2:$C$1000,2,0) -> #N/A | C25: =SUMIF('Схема с ПС'!$B$2:$B$1000,A25,'Схема с ПС'!$N$2:$N$1000) -> 0 | D25: =SUMIF('Схема с ПС'!$B$2:$B$1000,A25,'Схема с ПС'!$T$2:$T$1000) -> 0 | E25: =SUMIF('Схема с ПС'!$B$2:$B$1000,A25,'Схема с ПС'!$AJ$2:$AJ$1000) -> 0 | G25: =SUMIF('Схема без ПС'!$B$2:$B$1000,A25,'Схема без ПС'!$T$2:$T$1000) -> 0
B26: =VLOOKUP(A26,'Схема с ПС'!$B$2:$C$1000,2,0) -> #N/A | C26: =SUMIF('Схема с ПС'!$B$2:$B$1000,A26,'Схема с ПС'!$N$2:$N$1000) -> 0 | D26: =SUMIF('Схема с ПС'!$B$2:$B$1000,A26,'Схема с ПС'!$T$2:$T$1000) -> 0 | E26: =SUMIF('Схема с ПС'!$B$2:$B$1000,A26,'Схема с ПС'!$AJ$2:$AJ$1000) -> 0 | G26: =SUMIF('Схема без ПС'!$B$2:$B$1000,A26,'Схема без ПС'!$T$2:$T$1000) -> 0
B27: =VLOOKUP(A27,'Схема с ПС'!$B$2:$C$1000,2,0) -> #N/A | C27: =SUMIF('Схема с ПС'!$B$2:$B$1000,A27,'Схема с ПС'!$N$2:$N$1000) -> 0 | D27: =SUMIF('Схема с ПС'!$B$2:$B$1000,A27,'Схема с ПС'!$T$2:$T$1000) -> 0 | E27: =SUMIF('Схема с ПС'!$B$2:$B$1000,A27,'Схема с ПС'!$AJ$2:$AJ$1000) -> 0 | G27: =SUMIF('Схема без ПС'!$B$2:$B$1000,A27,'Схема без ПС'!$T$2:$T$1000) -> 0
B28: =VLOOKUP(A28,'Схема с ПС'!$B$2:$C$1000,2,0) -> #N/A | C28: =SUMIF('Схема с ПС'!$B$2:$B$1000,A28,'Схема с ПС'!$N$2:$N$1000) -> 0 | D28: =SUMIF('Схема с ПС'!$B$2:$B$1000,A28,'Схема с ПС'!$T$2:$T$1000) -> 0 | E28: =SUMIF('Схема с ПС'!$B$2:$B$1000,A28,'Схема с ПС'!$AJ$2:$AJ$1000) -> 0 | G28: =SUMIF('Схема без ПС'!$B$2:$B$1000,A28,'Схема без ПС'!$T$2:$T$1000) -> 0
... B46: =VLOOKUP(A46,'Схема с ПС'!$B$2:$C$1000,2,0) -> #N/A | C46: =SUMIF('Схема с ПС'!$B$2:$B$1000,A46,'Схема с ПС'!$N$2:$N$1000) -> 0 | D46: =SUMIF('Схема с ПС'!$B$2:$B$1000,A46,'Схема с ПС'!$T$2:$T$1000) -> 0 | E46: =SUMIF('Схема с ПС'!$B$2:$B$1000,A46,'Схема с ПС'!$AJ$2:$AJ$1000) -> 0 | G46: =SUMIF('Схема без ПС'!$B$2:$B$1000,A46,'Схема без ПС'!$T$2:$T$1000) -> 0
B47: ИТОГО | C47: =SUM(C3:C46) -> 5002.31 | D47: =SUM(D3:D46) -> 122909.03 | E47: =SUM(E3:E46) -> 633598.86 | G47: =SUM(G3:G46) -> 654153.83

Sheet Горшеченский
D1: с перегрузкой | G1: без перегрузки
A2: ID (Источник) | B2: Наименование источника | C2: Образование отходов | D2: ТКМ 1 звено | E2: ТКМ 2 звено | G2: ТКМ 1 звено
A3: 9d99a7b8-0ac5-4340-bed9-23730daf0616 | B3: =VLOOKUP(A3,'Схема с ПС'!$B$2:$C$1000,2,0) -> Сельское поселение Старороговский сельсовет | C3: =SUMIF('Схема с ПС'!$B$2:$B$1000,A3,'Схема с ПС'!$N$2:$N$1000) -> 197.18 | D3: =SUMIF('Схема с ПС'!$B$2:$B$1000,A3,'Схема с ПС'!$T$2:$T$1000) -> 4666.2951 | E3: =SUMIF('Схема с ПС'!$B$2:$B$1000,A3,'Схема с ПС'!$AJ$2:$AJ$1000) -> 36778.132 | G3: =SUMIF('Схема без ПС'!$B$2:$B$1000,A3,'Схема без ПС'!$T$2:$T$1000) -> 36658.803
A4: d1355cb9-dcf1-418b-a99d-34f142a8ae86 | B4: =VLOOKUP(A4,'Схема с ПС'!$B$2:$C$1000,2,0) -> Городское поселение поселок Горшечное | C4: =SUMIF('Схема с ПС'!$B$2:$B$1000,A4,'Схема с ПС'!$N$2:$N$1000) -> 1371.32 | D4: =SUMIF('Схема с ПС'!$B$2:$B$1000,A4,'Схема с ПС'!$T$2:$T$1000) -> 15630.788 | E4: =SUMIF('Схема с ПС'!$B$2:$B$1000,A4,'Схема с ПС'!$AJ$2:$AJ$1000) -> 255779.43 | G4: =SUMIF('Схема без ПС'!$B$2:$B$1000,A4,'Схема без ПС'!$T$2:$T$1000) -> 242870.36
A5: 98be0b56-0662-40e9-bc75-82be820fa3a6 | B5: =VLOOKUP(A5,'Схема с ПС'!$B$2:$C$1000,2,0) -> Сельское поселение Солдатский сельсовет Горшеченского района | C5: =SUMIF('Схема с ПС'!$B$2:$B$1000,A5,'Схема с ПС'!$N$2:$N$1000) -> 262.3 | D5: =SUMIF('Схема с ПС'!$B$2:$B$1000,A5,'Схема с ПС'!$T$2:$T$1000) -> 6815.4263 | E5: =SUMIF('Схема с ПС'!$B$2:$B$1000,A5,'Схема с ПС'!$AJ$2:$AJ$1000) -> 48924.353 | G5: =SUMIF('Схема без ПС'!$B$2:$B$1000,A5,'Схема без ПС'!$T$2:$T$1000) -> 49373.671
A6: 006170a8-d6ed-4133-8b57-c478c6af26cf | B6: =VLOOKUP(A6,'Схема с ПС'!$B$2:$C$1000,2,0) -> Сельское поселение Ключевский сельсовет | C6: =SUMIF('Схема с ПС'!$B$2:$B$1000,A6,'Схема с ПС'!$N$2:$N$1000) -> 70.4 | D6: =SUMIF('Схема с ПС'!$B$2:$B$1000,A6,'Схема с ПС'!$T$2:$T$1000) -> 1963.8041 | E6: =SUMIF('Схема с ПС'!$B$2:$B$1000,A6,'Схема с ПС'!$AJ$2:$AJ$1000) -> 13131.05 | G6: =SUMIF('Схема без ПС'!$B$2:$B$1000,A6,'Схема без ПС'!$T$2:$T$1000) -> 12097.986
A7: 5f1cd44b-498d-4025-89df-295a6b57d9bc | B7: =VLOOKUP(A7,'Схема с ПС'!$B$2:$C$1000,2,0) -> Сельское поселение Новомеловский сельсовет | C7: =SUMIF('Схема с ПС'!$B$2:$B$1000,A7,'Схема с ПС'!$N$2:$N$1000) -> 290.62 | D7: =SUMIF('Схема с ПС'!$B$2:$B$1000,A7,'Схема с ПС'!$T$2:$T$1000) -> 6248.7936 | E7: =SUMIF('Схема с ПС'!$B$2:$B$1000,A7,'Схема с ПС'!$AJ$2:$AJ$1000) -> 54206.616 | G7: =SUMIF('Схема без ПС'!$B$2:$B$1000,A7,'Схема без ПС'!$T$2:$T$1000) -> 58382.831
A8: 5b08b414-e1ef-4b47-a21c-c980bb3d5066 | B8: =VLOOKUP(A8,'Схема с ПС'!$B$2:$C$1000,2,0) -> Сельское поселение Быковский сельсовет | C8: =SUMIF('Схема с ПС'!$B$2:$B$1000,A8,'Схема с ПС'!$N$2:$N$1000) -> 120.43 | D8: =SUMIF('Схема с ПС'!$B$2:$B$1000,A8,'Схема с ПС'!$T$2:$T$1000) -> 3257.5333 | E8: =SUMIF('Схема с ПС'!$B$2:$B$1000,A8,'Схема с ПС'!$AJ$2:$AJ$1000) -> 22462.676 | G8: =SUMIF('Схема без ПС'!$B$2:$B$1000,A8,'Схема без ПС'!$T$2:$T$1000) -> 19412.153
A9: f63b306f-d0c0-4e14-a42e-c20d9dab685e | B9: =VLOOKUP(A9,'Схема с ПС'!$B$2:$C$1000,2,0) -> Сельское поселение Удобенский сельсовет | C9: =SUMIF('Схема с ПС'!$B$2:$B$1000,A9,'Схема с ПС'!$N$2:$N$1000) -> 105.87 | D9: =SUMIF('Схема с ПС'!$B$2:$B$1000,A9,'Схема с ПС'!$T$2:$T$1000) -> 2491.4149 | E9: =SUMIF('Схема с ПС'!$B$2:$B$1000,A9,'Схема с ПС'!$AJ$2:$AJ$1000) -> 19746.936 | G9: =SUMIF('Схема без ПС'!$B$2:$B$1000,A9,'Схема без ПС'!$T$2:$T$1000) -> 19070.607
A10: 5c1f2122-48e7-47ec-b15a-ec0f0bd608df | B10: =VLOOKUP(A10,'Схема с ПС'!$B$2:$C$1000,2,0) -> Сельское поселение Краснодолинский сельсовет Касторенского района | C10: =SUMIF('Схема с ПС'!$B$2:$B$1000,A10,'Схема с ПС'!$N$2:$N$1000) -> 221.7 | D10: =SUMIF('Схема с ПС'!$B$2:$B$1000,A10,'Схема с ПС'!$T$2:$T$1000) -> 9344.7531 | E10: =SUMIF('Схема с ПС'!$B$2:$B$1000,A10,'Схема с ПС'!$AJ$2:$AJ$1000) -> 41351.617 | G10: =SUMIF('Схема без ПС'!$B$2:$B$1000,A10,'Схема без ПС'!$T$2:$T$1000) -> 38826.498
A11: efadefc1-412b-459a-8210-c1e48e324f39 | B11: =VLOOKUP(A11,'Схема с ПС'!$B$2:$C$1000,2,0) -> Сельское поселение Богатыревский сельсовет | C11: =SUMIF('Схема с ПС'!$B$2:$B$1000,A11,'Схема с ПС'!$N$2:$N$1000) -> 57.96 | D11: =SUMIF('Схема с ПС'!$B$2:$B$1000,A11,'Схема с ПС'!$T$2:$T$1000) -> 2390.9665 | E11: =SUMIF('Схема с ПС'!$B$2:$B$1000,A11,'Схема с ПС'!$AJ$2:$AJ$1000) -> 10810.734 | G11: =SUMIF('Схема без ПС'!$B$2:$B$1000,A11,'Схема без ПС'!$T$2:$T$1000) -> 9180.4824
A12: e4c958df-e953-4dcb-9067-bea3ae7f95f7 | B12: =VLOOKUP(A12,'Схема с ПС'!$B$2:$C$1000,2,0) -> Сельское поселение Нижнеборковский сельсовет | C12: =SUMIF('Схема с ПС'!$B$2:$B$1000,A12,'Схема с ПС'!$N$2:$N$1000) -> 257.01 | D12: =SUMIF('Схема с ПС'!$B$2:$B$1000,A12,'Схема с ПС'!$T$2:$T$1000) -> 2636.945 | E12: =SUMIF('Схема с ПС'!$B$2:$B$1000,A12,'Схема с ПС'!$AJ$2:$AJ$1000) -> 47937.659 | G12: =SUMIF('Схема без ПС'!$B$2:$B$1000,A12,'Схема без ПС'!$T$2:$T$1000) -> 48741.718
A13: c493c309-1d65-447e-a1ed-592c73033c50 | B13: =VLOOKUP(A13,'Схема с ПС'!$B$2:$C$1000,2,0) -> Сельское поселение Ясеновский сельсовет | C13: =SUMIF('Схема с ПС'!$B$2:$B$1000,A13,'Схема с ПС'!$N$2:$N$1000) -> 264.15 | D13: =SUMIF('Схема с ПС'!$B$2:$B$1000,A13,'Схема с ПС'!$T$2:$T$1000) -> 7897.4684 | E13: =SUMIF('Схема с ПС'!$B$2:$B$1000,A13,'Схема с ПС'!$AJ$2:$AJ$1000) -> 49269.416 | G13: =SUMIF('Схема без ПС'!$B$2:$B$1000,A13,'Схема без ПС'!$T$2:$T$1000) -> 49263.235
A14: 7a23b375-7dc7-4556-b739-a2220fd8625d | B14: =VLOOKUP(A14,'Схема с ПС'!$B$2:$C$1000,2,0) -> Сельское поселение Сосновский сельсовет | C14: =SUMIF('Схема с ПС'!$B$2:$B$1000,A14,'Схема с ПС'!$N$2:$N$1000) -> 195.6 | D14: =SUMIF('Схема с ПС'!$B$2:$B$1000,A14,'Схема с ПС'!$T$2:$T$1000) -> 3813.0651 | E14: =SUMIF('Схема с ПС'!$B$2:$B$1000,A14,'Схема с ПС'!$AJ$2:$AJ$1000) -> 36483.429 | G14: =SUMIF('Схема без ПС'!$B$2:$B$1000,A14,'Схема без ПС'!$T$2:$T$1000) -> 38901.558
B15: =VLOOKUP(A15,'Схема с ПС'!$B$2:$C$1000,2,0) -> #N/A | C15: =SUMIF('Схема с ПС'!$B$2:$B$1000,A15,'Схема с ПС'!$N$2:$N$1000) -> 0 | D15: =SUMIF('Схема с ПС'!$B$2:$B$1000,A15,'Схема с ПС'!$T$2:$T$1000) -> 0 | E15: =SUMIF('Схема с ПС'!$B$2:$B$1000,A15,'Схема с ПС'!$AJ$2:$AJ$1000) -> 0 | G15: =SUMIF('Схема без ПС'!$B$2:$B$1000,A15,'Схема без ПС'!$T$2:$T$1000) -> 0
B16: =VLOOKUP(A16,'Схема с ПС'!$B$2:$C$1000,2,0) -> #N/A | C16: =SUMIF('Схема с ПС'!$B$2:$B$1000,A16,'Схема с ПС'!$N$2:$N$1000) -> 0 | D16: =SUMIF('Схема с ПС'!$B$2:$B$1000,A16,'Схема с ПС'!$T$2:$T$1000) -> 0 | E16: =SUMIF('Схема с ПС'!$B$2:$B$1000,A16,'Схема с ПС'!$AJ$2:$AJ$1000) -> 0 | G16: =SUMIF('Схема без ПС'!$B$2:$B$1000,A16,'Схема без ПС'!$T$2:$T$1000) -> 0
B17: =VLOOKUP(A17,'Схема с ПС'!$B$2:$C$1000,2,0) -> #N/A | C17: =SUMIF('Схема с ПС'!$B$2:$B$1000,A17,'Схема с ПС'!$N$2:$N$1000) -> 0 | D17: =SUMIF('Схема с ПС'!$B$2:$B$1000,A17,'Схема с ПС'!$T$2:$T$1000) -> 0 | E17: =SUMIF('Схема с ПС'!$B$2:$B$1000,A17,'Схема с ПС'!$AJ$2:$AJ$1000) -> 0 | G17: =SUMIF('Схема без ПС'!$B$2:$B$1000,A17,'Схема без ПС'!$T$2:$T$1000) -> 0
B18: =VLOOKUP(A18,'Схема с ПС'!$B$2:$C$1000,2,0) -> #N/A | C18: =SUMIF('Схема с ПС'!$B$2:$B$1000,A18,'Схема с ПС'!$N$2:$N$1000) -> 0 | D18: =SUMIF('Схема с ПС'!$B$2:$B$1000,A18,'Схема с ПС'!$T$2:$T$1000) -> 0 | E18: =SUMIF('Схема с ПС'!$B$2:$B$1000,A18,'Схема с ПС'!$AJ$2:$AJ$1000) -> 0 | G18: =SUMIF('Схема без ПС'!$B$2:$B$1000,A18,'Схема без ПС'!$T$2:$T$1000) -> 0
B19: =VLOOKUP(A19,'Схема с ПС'!$B$2:$C$1000,2,0) -> #N/A | C19: =SUMIF('Схема с ПС'!$B$2:$B$1000,A19,'Схема с ПС'!$N$2:$N$1000) -> 0 | D19: =SUMIF('Схема с ПС'!$B$2:$B$1000,A19,'Схема с ПС'!$T$2:$T$1000) -> 0 | E19: =SUMIF('Схема с ПС'!$B$2:$B$1000,A19,'Схема с ПС'!$AJ$2:$AJ$1000) -> 0 | G19: =SUMIF('Схема без ПС'!$B$2:$B$1000,A19,'Схема без ПС'!$T$2:$T$1000) -> 0
B20: =VLOOKUP(A20,'Схема с ПС'!$B$2:$C$1000,2,0) -> #N/A | C20: =SUMIF('Схема с ПС'!$B$2:$B$1000,A20,'Схема с ПС'!$N$2:$N$1000) -> 0 | D20: =SUMIF('Схема с ПС'!$B$2:$B$1000,A20,'Схема с ПС'!$T$2:$T$1000) -> 0 | E20: =SUMIF('Схема с ПС'!$B$2:$B$1000,A20,'Схема с ПС'!$AJ$2:$AJ$1000) -> 0 | G20: =SUMIF('Схема без ПС'!$B$2:$B$1000,A20,'Схема без ПС'!$T$2:$T$1000) -> 0
B21: =VLOOKUP(A21,'Схема с ПС'!$B$2:$C$1000,2,0) -> #N/A | C21: =SUMIF('Схема с ПС'!$B$2:$B$1000,A21,'Схема с ПС'!$N$2:$N$1000) -> 0 | D21: =SUMIF('Схема с ПС'!$B$2:$B$1000,A21,'Схема с ПС'!$T$2:$T$1000) -> 0 | E21: =SUMIF('Схема с ПС'!$B$2:$B$1000,A21,'Схема с ПС'!$AJ$2:$AJ$1000) -> 0 | G21: =SUMIF('Схема без ПС'!$B$2:$B$1000,A21,'Схема без ПС'!$T$2:$T$1000) -> 0
B22: =VLOOKUP(A22,'Схема с ПС'!$B$2:$C$1000,2,0) -> #N/A | C22: =SUMIF('Схема с ПС'!$B$2:$B$1000,A22,'Схема с ПС'!$N$2:$N$1000) -> 0 | D22: =SUMIF('Схема с ПС'!$B$2:$B$1000,A22,'Схема с ПС'!$T$2:$T$1000) -> 0 | E22: =SUMIF('Схема с ПС'!$B$2:$B$1000,A22,'Схема с ПС'!$AJ$2:$AJ$1000) -> 0 | G22: =SUMIF('Схема без ПС'!$B$2:$B$1000,A22,'Схема без ПС'!$T$2:$T$1000) -> 0
B23: =VLOOKUP(A23,'Схема с ПС'!$B$2:$C$1000,2,0) -> #N/A | C23: =SUMIF('Схема с ПС'!$B$2:$B$1000,A23,'Схема с ПС'!$N$2:$N$1000) -> 0 | D23: =SUMIF('Схема с ПС'!$B$2:$B$1000,A23,'Схема с ПС'!$T$2:$T$1000) -> 0 | E23: =SUMIF('Схема с ПС'!$B$2:$B$1000,A23,'Схема с ПС'!$AJ$2:$AJ$1000) -> 0 | G23: =SUMIF('Схема без ПС'!$B$2:$B$1000,A23,'Схема без ПС'!$T$2:$T$1000) -> 0
B24: =VLOOKUP(A24,'Схема с ПС'!$B$2:$C$1000,2,0) -> #N/A | C24: =SUMIF('Схема с ПС'!$B$2:$B$1000,A24,'Схема с ПС'!$N$2:$N$1000) -> 0 | D24: =SUMIF('Схема с ПС'!$B$2:$B$1000,A24,'Схема с ПС'!$T$2:$T$1000) -> 0 | E24: =SUMIF('Схема с ПС'!$B$2:$B$1000,A24,'Схема с ПС'!$AJ$2:$AJ$1000) -> 0 | G24: =SUMIF('Схема без ПС'!$B$2:$B$1000,A24,'Схема без ПС'!$T$2:$T$1000) -> 0
B25: =VLOOKUP(A25,'Схема с ПС'!$B$2:$C$1000,2,0) -> #N/A | C25: =SUMIF('Схема с ПС'!$B$2:$B$1000,A25,'Схема с ПС'!$N$2:$N$1000) -> 0 | D25: =SUMIF('Схема с ПС'!$B$2:$B$1000,A25,'Схема с ПС'!$T$2:$T$1000) -> 0 | E25: =SUMIF('Схема с ПС'!$B$2:$B$1000,A25,'Схема с ПС'!$AJ$2:$AJ$1000) -> 0 | G25: =SUMIF('Схема без ПС'!$B$2:$B$1000,A25,'Схема без ПС'!$T$2:$T$1000) -> 0
B26: =VLOOKUP(A26,'Схема с ПС'!$B$2:$C$1000,2,0) -> #N/A | C26: =SUMIF('Схема с ПС'!$B$2:$B$1000,A26,'Схема с ПС'!$N$2:$N$1000) -> 0 | D26: =SUMIF('Схема с ПС'!$B$2:$B$1000,A26,'Схема с ПС'!$T$2:$T$1000) -> 0 | E26: =SUMIF('Схема с ПС'!$B$2:$B$1000,A26,'Схема с ПС'!$AJ$2:$AJ$1000) -> 0 | G26: =SUMIF('Схема без ПС'!$B$2:$B$1000,A26,'Схема без ПС'!$T$2:$T$1000) -> 0
... B46: =VLOOKUP(A46,'Схема с ПС'!$B$2:$C$1000,2,0) -> #N/A | C46: =SUMIF('Схема с ПС'!$B$2:$B$1000,A46,'Схема с ПС'!$N$2:$N$1000) -> 0 | D46: =SUMIF('Схема с ПС'!$B$2:$B$1000,A46,'Схема с ПС'!$T$2:$T$1000) -> 0 | E46: =SUMIF('Схема с ПС'!$B$2:$B$1000,A46,'Схема с ПС'!$AJ$2:$AJ$1000) -> 0 | G46: =SUMIF('Схема без ПС'!$B$2:$B$1000,A46,'Схема без ПС'!$T$2:$T$1000) -> 0
B47: ИТОГО | C47: =SUM(C3:C46) -> 3414.54 | D47: =SUM(D3:D46) -> 67157.253 | E47: =SUM(E3:E46) -> 636882.05 | G47: =SUM(G3:G46) -> 622779.9

Sheet Глушковский
D1: с перегрузкой | G1: без перегрузки
A2: ID (Источник) | B2: Наименование источника | C2: Образование отходов | D2: ТКМ 1 звено | E2: ТКМ 2 звено | G2: ТКМ 1 звено
A3: 40051480-e761-48fc-ada1-b1b87b976da1 | B3: =VLOOKUP(A3,'Схема с ПС'!$B$2:$C$1000,2,0) -> Сельское поселение Комаровский сельсовет | C3: =SUMIF('Схема с ПС'!$B$2:$B$1000,A3,'Схема с ПС'!$N$2:$N$1000) -> 134.45 | D3: =SUMIF('Схема с ПС'!$B$2:$B$1000,A3,'Схема с ПС'!$T$2:$T$1000) -> 2573.2929 | E3: =SUMIF('Схема с ПС'!$B$2:$B$1000,A3,'Схема с ПС'!$AJ$2:$AJ$1000) -> 21297.966 | G3: =SUMIF('Схема без ПС'!$B$2:$B$1000,A3,'Схема без ПС'!$T$2:$T$1000) -> 18862.661
B4: =VLOOKUP(A4,'Схема с ПС'!$B$2:$C$1000,2,0) -> #N/A | C4: =SUMIF('Схема с ПС'!$B$2:$B$1000,A4,'Схема с ПС'!$N$2:$N$1000) -> 0 | D4: =SUMIF('Схема с ПС'!$B$2:$B$1000,A4,'Схема с ПС'!$T$2:$T$1000) -> 0 | E4: =SUMIF('Схема с ПС'!$B$2:$B$1000,A4,'Схема с ПС'!$AJ$2:$AJ$1000) -> 0 | G4: =SUMIF('Схема без ПС'!$B$2:$B$1000,A4,'Схема без ПС'!$T$2:$T$1000) -> 0
B5: =VLOOKUP(A5,'Схема с ПС'!$B$2:$C$1000,2,0) -> #N/A | C5: =SUMIF('Схема с ПС'!$B$2:$B$1000,A5,'Схема с ПС'!$N$2:$N$1000) -> 0 | D5: =SUMIF('Схема с ПС'!$B$2:$B$1000,A5,'Схема с ПС'!$T$2:$T$1000) -> 0 | E5: =SUMIF('Схема с ПС'!$B$2:$B$1000,A5,'Схема с ПС'!$AJ$2:$AJ$1000) -> 0 | G5: =SUMIF('Схема без ПС'!$B$2:$B$1000,A5,'Схема без ПС'!$T$2:$T$1000) -> 0
B6: =VLOOKUP(A6,'Схема с ПС'!$B$2:$C$1000,2,0) -> #N/A | C6: =SUMIF('Схема с ПС'!$B$2:$B$1000,A6,'Схема с ПС'!$N$2:$N$1000) -> 0 | D6: =SUMIF('Схема с ПС'!$B$2:$B$1000,A6,'Схема с ПС'!$T$2:$T$1000) -> 0 | E6: =SUMIF('Схема с ПС'!$B$2:$B$1000,A6,'Схема с ПС'!$AJ$2:$AJ$1000) -> 0 | G6: =SUMIF('Схема без ПС'!$B$2:$B$1000,A6,'Схема без ПС'!$T$2:$T$1000) -> 0
B7: =VLOOKUP(A7,'Схема с ПС'!$B$2:$C$1000,2,0) -> #N/A | C7: =SUMIF('Схема с ПС'!$B$2:$B$1000,A7,'Схема с ПС'!$N$2:$N$1000) -> 0 | D7: =SUMIF('Схема с ПС'!$B$2:$B$1000,A7,'Схема с ПС'!$T$2:$T$1000) -> 0 | E7: =SUMIF('Схема с ПС'!$B$2:$B$1000,A7,'Схема с ПС'!$AJ$2:$AJ$1000) -> 0 | G7: =SUMIF('Схема без ПС'!$B$2:$B$1000,A7,'Схема без ПС'!$T$2:$T$1000) -> 0
B8: =VLOOKUP(A8,'Схема с ПС'!$B$2:$C$1000,2,0) -> #N/A | C8: =SUMIF('Схема с ПС'!$B$2:$B$1000,A8,'Схема с ПС'!$N$2:$N$1000) -> 0 | D8: =SUMIF('Схема с ПС'!$B$2:$B$1000,A8,'Схема с ПС'!$T$2:$T$1000) -> 0 | E8: =SUMIF('Схема с ПС'!$B$2:$B$1000,A8,'Схема с ПС'!$AJ$2:$AJ$1000) -> 0 | G8: =SUMIF('Схема без ПС'!$B$2:$B$1000,A8,'Схема без ПС'!$T$2:$T$1000) -> 0
B9: =VLOOKUP(A9,'Схема с ПС'!$B$2:$C$1000,2,0) -> #N/A | C9: =SUMIF('Схема с ПС'!$B$2:$B$1000,A9,'Схема с ПС'!$N$2:$N$1000) -> 0 | D9: =SUMIF('Схема с ПС'!$B$2:$B$1000,A9,'Схема с ПС'!$T$2:$T$1000) -> 0 | E9: =SUMIF('Схема с ПС'!$B$2:$B$1000,A9,'Схема с ПС'!$AJ$2:$AJ$1000) -> 0 | G9: =SUMIF('Схема без ПС'!$B$2:$B$1000,A9,'Схема без ПС'!$T$2:$T$1000) -> 0
B10: =VLOOKUP(A10,'Схема с ПС'!$B$2:$C$1000,2,0) -> #N/A | C10: =SUMIF('Схема с ПС'!$B$2:$B$1000,A10,'Схема с ПС'!$N$2:$N$1000) -> 0 | D10: =SUMIF('Схема с ПС'!$B$2:$B$1000,A10,'Схема с ПС'!$T$2:$T$1000) -> 0 | E10: =SUMIF('Схема с ПС'!$B$2:$B$1000,A10,'Схема с ПС'!$AJ$2:$AJ$1000) -> 0 | G10: =SUMIF('Схема без ПС'!$B$2:$B$1000,A10,'Схема без ПС'!$T$2:$T$1000) -> 0
B11: =VLOOKUP(A11,'Схема с ПС'!$B$2:$C$1000,2,0) -> #N/A | C11: =SUMIF('Схема с ПС'!$B$2:$B$1000,A11,'Схема с ПС'!$N$2:$N$1000) -> 0 | D11: =SUMIF('Схема с ПС'!$B$2:$B$1000,A11,'Схема с ПС'!$T$2:$T$1000) -> 0 | E11: =SUMIF('Схема с ПС'!$B$2:$B$1000,A11,'Схема с ПС'!$AJ$2:$AJ$1000) -> 0 | G11: =SUMIF('Схема без ПС'!$B$2:$B$1000,A11,'Схема без ПС'!$T$2:$T$1000) -> 0
B12: =VLOOKUP(A12,'Схема с ПС'!$B$2:$C$1000,2,0) -> #N/A | C12: =SUMIF('Схема с ПС'!$B$2:$B$1000,A12,'Схема с ПС'!$N$2:$N$1000) -> 0 | D12: =SUMIF('Схема с ПС'!$B$2:$B$1000,A12,'Схема с ПС'!$T$2:$T$1000) -> 0 | E12: =SUMIF('Схема с ПС'!$B$2:$B$1000,A12,'Схема с ПС'!$AJ$2:$AJ$1000) -> 0 | G12: =SUMIF('Схема без ПС'!$B$2:$B$1000,A12,'Схема без ПС'!$T$2:$T$1000) -> 0
B13: =VLOOKUP(A13,'Схема с ПС'!$B$2:$C$1000,2,0) -> #N/A | C13: =SUMIF('Схема с ПС'!$B$2:$B$1000,A13,'Схема с ПС'!$N$2:$N$1000) -> 0 | D13: =SUMIF('Схема с ПС'!$B$2:$B$1000,A13,'Схема с ПС'!$T$2:$T$1000) -> 0 | E13: =SUMIF('Схема с ПС'!$B$2:$B$1000,A13,'Схема с ПС'!$AJ$2:$AJ$1000) -> 0 | G13: =SUMIF('Схема без ПС'!$B$2:$B$1000,A13,'Схема без ПС'!$T$2:$T$1000) -> 0
B14: =VLOOKUP(A14,'Схема с ПС'!$B$2:$C$1000,2,0) -> #N/A | C14: =SUMIF('Схема с ПС'!$B$2:$B$1000,A14,'Схема с ПС'!$N$2:$N$1000) -> 0 | D14: =SUMIF('Схема с ПС'!$B$2:$B$1000,A14,'Схема с ПС'!$T$2:$T$1000) -> 0 | E14: =SUMIF('Схема с ПС'!$B$2:$B$1000,A14,'Схема с ПС'!$AJ$2:$AJ$1000) -> 0 | G14: =SUMIF('Схема без ПС'!$B$2:$B$1000,A14,'Схема без ПС'!$T$2:$T$1000) -> 0
B15: =VLOOKUP(A15,'Схема с ПС'!$B$2:$C$1000,2,0) -> #N/A | C15: =SUMIF('Схема с ПС'!$B$2:$B$1000,A15,'Схема с ПС'!$N$2:$N$1000) -> 0 | D15: =SUMIF('Схема с ПС'!$B$2:$B$1000,A15,'Схема с ПС'!$T$2:$T$1000) -> 0 | E15: =SUMIF('Схема с ПС'!$B$2:$B$1000,A15,'Схема с ПС'!$AJ$2:$AJ$1000) -> 0 | G15: =SUMIF('Схема без ПС'!$B$2:$B$1000,A15,'Схема без ПС'!$T$2:$T$1000) -> 0
... B46: =VLOOKUP(A46,'Схема с ПС'!$B$2:$C$1000,2,0) -> #N/A | C46: =SUMIF('Схема с ПС'!$B$2:$B$1000,A46,'Схема с ПС'!$N$2:$N$1000) -> 0 | D46: =SUMIF('Схема с ПС'!$B$2:$B$1000,A46,'Схема с ПС'!$T$2:$T$1000) -> 0 | E46: =SUMIF('Схема с ПС'!$B$2:$B$1000,A46,'Схема с ПС'!$AJ$2:$AJ$1000) -> 0 | G46: =SUMIF('Схема без ПС'!$B$2:$B$1000,A46,'Схема без ПС'!$T$2:$T$1000) -> 0
B47: ИТОГО | C47: =SUM(C3:C46) -> 134.45 | D47: =SUM(D3:D46) -> 2573.2929 | E47: =SUM(E3:E46) -> 21297.966 | G47: =SUM(G3:G46) -> 18862.661

Sheet Касторенский
D7: с перегрузкой | G7: без перегрузки
A8: ID (Источник) | B8: Наименование источника | C8: Образование отходов | D8: ТКМ 1 звено | E8: ТКМ 2 звено | G8: ТКМ 1 звено
A9: eab28a1f-7523-43bb-aac8-46ab71d11f05 | B9: =VLOOKUP(A9,'Схема с ПС'!$B$2:$C$1000,2,0) -> Сельское поселение Котовский сельсовет Касторенского района | C9: =SUMIF('Схема с ПС'!$B$2:$B$1000,A9,'Схема с ПС'!$N$2:$N$1000) -> 198.94 | D9: =SUMIF('Схема с ПС'!$B$2:$B$1000,A9,'Схема с ПС'!$T$2:$T$1000) -> 2327.9225 | E9: =SUMIF('Схема с ПС'!$B$2:$B$1000,A9,'Схема с ПС'!$AJ$2:$AJ$1000) -> 38892.421 | G9: =SUMIF('Схема без ПС'!$B$2:$B$1000,A9,'Схема без ПС'!$T$2:$T$1000) -> 38262.683
A10: 90993711-672f-468f-a6db-960f526ddc07 | B10: =VLOOKUP(A10,'Схема с ПС'!$B$2:$C$1000,2,0) -> Сельское поселение Егорьевский сельсовет | C10: =SUMIF('Схема с ПС'!$B$2:$B$1000,A10,'Схема с ПС'!$N$2:$N$1000) -> 105.82 | D10: =SUMIF('Схема с ПС'!$B$2:$B$1000,A10,'Схема с ПС'!$T$2:$T$1000) -> 1032.6131 | E10: =SUMIF('Схема с ПС'!$B$2:$B$1000,A10,'Схема с ПС'!$AJ$2:$AJ$1000) -> 20687.624 | G10: =SUMIF('Схема без ПС'!$B$2:$B$1000,A10,'Схема без ПС'!$T$2:$T$1000) -> 20285.304
A11: 0755b4da-10bc-4958-8f1d-3337c9ac3973 | B11: =VLOOKUP(A11,'Схема с ПС'!$B$2:$C$1000,2,0) -> Городское поселение поселок Олымский | C11: =SUMIF('Схема с ПС'!$B$2:$B$1000,A11,'Схема с ПС'!$N$2:$N$1000) -> 582.03 | D11: =SUMIF('Схема с ПС'!$B$2:$B$1000,A11,'Схема с ПС'!$T$2:$T$1000) -> 6887.2719 | E11: =SUMIF('Схема с ПС'!$B$2:$B$1000,A11,'Схема с ПС'!$AJ$2:$AJ$1000) -> 113785.84 | G11: =SUMIF('Схема без ПС'!$B$2:$B$1000,A11,'Схема без ПС'!$T$2:$T$1000) -> 112020.02
A12: 1e8d1048-1d22-4bbd-be3f-130e067c6378 | B12: =VLOOKUP(A12,'Схема с ПС'!$B$2:$C$1000,2,0) -> Сельское поселение Лачиновский сельсовет | C12: =SUMIF('Схема с ПС'!$B$2:$B$1000,A12,'Схема с ПС'!$N$2:$N$1000) -> 121.96 | D12: =SUMIF('Схема с ПС'!$B$2:$B$1000,A12,'Схема с ПС'!$T$2:$T$1000) -> 1686.3477 | E12: =SUMIF('Схема с ПС'!$B$2:$B$1000,A12,'Схема с ПС'!$AJ$2:$AJ$1000) -> 23842.966 | G12: =SUMIF('Схема без ПС'!$B$2:$B$1000,A12,'Схема без ПС'!$T$2:$T$1000) -> 22592.251
A13: 2b70e015-ab1a-4928-8dd8-df35199f330d | B13: =VLOOKUP(A13,'Схема с ПС'!$B$2:$C$1000,2,0) -> Сельское поселение Жерновецкий сельсовет | C13: =SUMIF('Схема с ПС'!$B$2:$B$1000,A13,'Схема с ПС'!$N$2:$N$1000) -> 108.46 | D13: =SUMIF('Схема с ПС'!$B$2:$B$1000,A13,'Схема с ПС'!$T$2:$T$1000) -> 3268.0086 | E13: =SUMIF('Схема с ПС'!$B$2:$B$1000,A13,'Схема с ПС'!$AJ$2:$AJ$1000) -> 21203.74 | G13: =SUMIF('Схема без ПС'!$B$2:$B$1000,A13,'Схема без ПС'!$T$2:$T$1000) -> 21640.584
A14: 7f8e786e-8aaf-4807-86ef-caa533fe7095 | B14: =VLOOKUP(A14,'Схема с ПС'!$B$2:$C$1000,2,0) -> Городское поселение поселок Касторное | C14: =SUMIF('Схема с ПС'!$B$2:$B$1000,A14,'Схема с ПС'!$N$2:$N$1000) -> 898.44 | D14: =SUMIF('Схема с ПС'!$B$2:$B$1000,A14,'Схема с ПС'!$T$2:$T$1000) -> 4124.7834 | E14: =SUMIF('Схема с ПС'!$B$2:$B$1000,A14,'Схема с ПС'!$AJ$2:$AJ$1000) -> 175643.44 | G14: =SUMIF('Схема без ПС'!$B$2:$B$1000,A14,'Схема без ПС'!$T$2:$T$1000) -> 172775.91
A15: 07654094-bbf0-4d8f-b1eb-3c704eaa2406 | B15: =VLOOKUP(A15,'Схема с ПС'!$B$2:$C$1000,2,0) -> Сельское поселение Верхнеграйворонский сельсовет | C15: =SUMIF('Схема с ПС'!$B$2:$B$1000,A15,'Схема с ПС'!$N$2:$N$1000) -> 97.35 | D15: =SUMIF('Схема с ПС'!$B$2:$B$1000,A15,'Схема с ПС'!$T$2:$T$1000) -> 3498.3742 | E15: =SUMIF('Схема с ПС'!$B$2:$B$1000,A15,'Схема с ПС'!$AJ$2:$AJ$1000) -> 19031.754 | G15: =SUMIF('Схема без ПС'!$B$2:$B$1000,A15,'Схема без ПС'!$T$2:$T$1000) -> 19988.972
A16: 2bb66c3a-0b40-43e5-b61d-0a267ace29a2 | B16: =VLOOKUP(A16,'Схема с ПС'!$B$2:$C$1000,2,0) -> Сельское поселение Краснознаменский сельсовет | C16: =SUMIF('Схема с ПС'!$B$2:$B$1000,A16,'Схема с ПС'!$N$2:$N$1000) -> 134.66 | D16: =SUMIF('Схема с ПС'!$B$2:$B$1000,A16,'Схема с ПС'!$T$2:$T$1000) -> 3318.8728 | E16: =SUMIF('Схема с ПС'!$B$2:$B$1000,A16,'Схема с ПС'!$AJ$2:$AJ$1000) -> 26325.794 | G16: =SUMIF('Схема без ПС'!$B$2:$B$1000,A16,'Схема без ПС'!$T$2:$T$1000) -> 27642.663
A17: 3c72e954-222e-4470-b609-63ef289407e5 | B17: =VLOOKUP(A17,'Схема с ПС'!$B$2:$C$1000,2,0) -> Сельское поселение Алексеевский сельсовет Касторенский район | C17: =SUMIF('Схема с ПС'!$B$2:$B$1000,A17,'Схема с ПС'!$N$2:$N$1000) -> 170.37 | D17: =SUMIF('Схема с ПС'!$B$2:$B$1000,A17,'Схема с ПС'!$T$2:$T$1000) -> 3873.3305 | E17: =SUMIF('Схема с ПС'!$B$2:$B$1000,A17,'Схема с ПС'!$AJ$2:$AJ$1000) -> 33307.036 | G17: =SUMIF('Схема без ПС'!$B$2:$B$1000,A17,'Схема без ПС'!$T$2:$T$1000) -> 32733.147
A18: 5888c6cf-c90e-4522-a2ec-0c80ce213f2a | B18: =VLOOKUP(A18,'Схема с ПС'!$B$2:$C$1000,2,0) -> Сельское поселение Успенский сельсовет Касторенского района | C18: =SUMIF('Схема с ПС'!$B$2:$B$1000,A18,'Схема с ПС'!$N$2:$N$1000) -> 96.03 | D18: =SUMIF('Схема с ПС'!$B$2:$B$1000,A18,'Схема с ПС'!$T$2:$T$1000) -> 1077.1017 | E18: =SUMIF('Схема с ПС'!$B$2:$B$1000,A18,'Схема с ПС'!$AJ$2:$AJ$1000) -> 18773.697 | G18: =SUMIF('Схема без ПС'!$B$2:$B$1000,A18,'Схема без ПС'!$T$2:$T$1000) -> 19054.789
A19: 77a1ff0e-4b63-4cd5-935f-55b3cf868818 | B19: =VLOOKUP(A19,'Схема с ПС'!$B$2:$C$1000,2,0) -> Сельское поселение Ленинский сельсовет Касторенский район | C19: =SUMIF('Схема с ПС'!$B$2:$B$1000,A19,'Схема с ПС'!$N$2:$N$1000) -> 175.1 | D19: =SUMIF('Схема с ПС'!$B$2:$B$1000,A19,'Схема с ПС'!$T$2:$T$1000) -> 541.97188 | E19: =SUMIF('Схема с ПС'!$B$2:$B$1000,A19,'Схема с ПС'!$AJ$2:$AJ$1000) -> 34231.743 | G19: =SUMIF('Схема без ПС'!$B$2:$B$1000,A19,'Схема без ПС'!$T$2:$T$1000) -> 34180.722
A20: 29ba52e3-e286-4cee-97c0-65957adbac61 | B20: =VLOOKUP(A20,'Схема с ПС'!$B$2:$C$1000,2,0) -> Сельское поселение Ореховский сельсовет | C20: =SUMIF('Схема с ПС'!$B$2:$B$1000,A20,'Схема с ПС'!$N$2:$N$1000) -> 169.31 | D20: =SUMIF('Схема с ПС'!$B$2:$B$1000,A20,'Схема с ПС'!$T$2:$T$1000) -> 5364.5363 | E20: =SUMIF('Схема с ПС'!$B$2:$B$1000,A20,'Схема с ПС'!$AJ$2:$AJ$1000) -> 33099.808 | G20: =SUMIF('Схема без ПС'!$B$2:$B$1000,A20,'Схема без ПС'!$T$2:$T$1000) -> 37060.905
A21: c73229ac-6ffc-41ef-b622-81406d86cdb7 | B21: =VLOOKUP(A21,'Схема с ПС'!$B$2:$C$1000,2,0) -> Городское поселение поселок Новокасторное | C21: =SUMIF('Схема с ПС'!$B$2:$B$1000,A21,'Схема с ПС'!$N$2:$N$1000) -> 404.51 | D21: =SUMIF('Схема с ПС'!$B$2:$B$1000,A21,'Схема с ПС'!$T$2:$T$1000) -> 3985.1012 | E21: =SUMIF('Схема с ПС'!$B$2:$B$1000,A21,'Схема с ПС'!$AJ$2:$AJ$1000) -> 79080.995 | G21: =SUMIF('Схема без ПС'!$B$2:$B$1000,A21,'Схема без ПС'!$T$2:$T$1000) -> 77052.206
B22: =VLOOKUP(A22,'Схема с ПС'!$B$2:$C$1000,2,0) -> #N/A | C22: =SUMIF('Схема с ПС'!$B$2:$B$1000,A22,'Схема с ПС'!$N$2:$N$1000) -> 0 | D22: =SUMIF('Схема с ПС'!$B$2:$B$1000,A22,'Схема с ПС'!$T$2:$T$1000) -> 0 | E22: =SUMIF('Схема с ПС'!$B$2:$B$1000,A22,'Схема с ПС'!$AJ$2:$AJ$1000) -> 0 | G22: =SUMIF('Схема без ПС'!$B$2:$B$1000,A22,'Схема без ПС'!$T$2:$T$1000) -> 0
B23: =VLOOKUP(A23,'Схема с ПС'!$B$2:$C$1000,2,0) -> #N/A | C23: =SUMIF('Схема с ПС'!$B$2:$B$1000,A23,'Схема с ПС'!$N$2:$N$1000) -> 0 | D23: =SUMIF('Схема с ПС'!$B$2:$B$1000,A23,'Схема с ПС'!$T$2:$T$1000) -> 0 | E23: =SUMIF('Схема с ПС'!$B$2:$B$1000,A23,'Схема с ПС'!$AJ$2:$AJ$1000) -> 0 | G23: =SUMIF('Схема без ПС'!$B$2:$B$1000,A23,'Схема без ПС'!$T$2:$T$1000) -> 0
B24: =VLOOKUP(A24,'Схема с ПС'!$B$2:$C$1000,2,0) -> #N/A | C24: =SUMIF('Схема с ПС'!$B$2:$B$1000,A24,'Схема с ПС'!$N$2:$N$1000) -> 0 | D24: =SUMIF('Схема с ПС'!$B$2:$B$1000,A24,'Схема с ПС'!$T$2:$T$1000) -> 0 | E24: =SUMIF('Схема с ПС'!$B$2:$B$1000,A24,'Схема с ПС'!$AJ$2:$AJ$1000) -> 0 | G24: =SUMIF('Схема без ПС'!$B$2:$B$1000,A24,'Схема без ПС'!$T$2:$T$1000) -> 0
B25: =VLOOKUP(A25,'Схема с ПС'!$B$2:$C$1000,2,0) -> #N/A | C25: =SUMIF('Схема с ПС'!$B$2:$B$1000,A25,'Схема с ПС'!$N$2:$N$1000) -> 0 | D25: =SUMIF('Схема с ПС'!$B$2:$B$1000,A25,'Схема с ПС'!$T$2:$T$1000) -> 0 | E25: =SUMIF('Схема с ПС'!$B$2:$B$1000,A25,'Схема с ПС'!$AJ$2:$AJ$1000) -> 0 | G25: =SUMIF('Схема без ПС'!$B$2:$B$1000,A25,'Схема без ПС'!$T$2:$T$1000) -> 0
B26: =VLOOKUP(A26,'Схема с ПС'!$B$2:$C$1000,2,0) -> #N/A | C26: =SUMIF('Схема с ПС'!$B$2:$B$1000,A26,'Схема с ПС'!$N$2:$N$1000) -> 0 | D26: =SUMIF('Схема с ПС'!$B$2:$B$1000,A26,'Схема с ПС'!$T$2:$T$1000) -> 0 | E26: =SUMIF('Схема с ПС'!$B$2:$B$1000,A26,'Схема с ПС'!$AJ$2:$AJ$1000) -> 0 | G26: =SUMIF('Схема без ПС'!$B$2:$B$1000,A26,'Схема без ПС'!$T$2:$T$1000) -> 0
B27: =VLOOKUP(A27,'Схема с ПС'!$B$2:$C$1000,2,0) -> #N/A | C27: =SUMIF('Схема с ПС'!$B$2:$B$1000,A27,'Схема с ПС'!$N$2:$N$1000) -> 0 | D27: =SUMIF('Схема с ПС'!$B$2:$B$1000,A27,'Схема с ПС'!$T$2:$T$1000) -> 0 | E27: =SUMIF('Схема с ПС'!$B$2:$B$1000,A27,'Схема с ПС'!$AJ$2:$AJ$1000) -> 0 | G27: =SUMIF('Схема без ПС'!$B$2:$B$1000,A27,'Схема без ПС'!$T$2:$T$1000) -> 0
B28: =VLOOKUP(A28,'Схема с ПС'!$B$2:$C$1000,2,0) -> #N/A | C28: =SUMIF('Схема с ПС'!$B$2:$B$1000,A28,'Схема с ПС'!$N$2:$N$1000) -> 0 | D28: =SUMIF('Схема с ПС'!$B$2:$B$1000,A28,'Схема с ПС'!$T$2:$T$1000) -> 0 | E28: =SUMIF('Схема с ПС'!$B$2:$B$1000,A28,'Схема с ПС'!$AJ$2:$AJ$1000) -> 0 | G28: =SUMIF('Схема без ПС'!$B$2:$B$1000,A28,'Схема без ПС'!$T$2:$T$1000) -> 0
B29: =VLOOKUP(A29,'Схема с ПС'!$B$2:$C$1000,2,0) -> #N/A | C29: =SUMIF('Схема с ПС'!$B$2:$B$1000,A29,'Схема с ПС'!$N$2:$N$1000) -> 0 | D29: =SUMIF('Схема с ПС'!$B$2:$B$1000,A29,'Схема с ПС'!$T$2:$T$1000) -> 0 | E29: =SUMIF('Схема с ПС'!$B$2:$B$1000,A29,'Схема с ПС'!$AJ$2:$AJ$1000) -> 0 | G29: =SUMIF('Схема без ПС'!$B$2:$B$1000,A29,'Схема без ПС'!$T$2:$T$1000) -> 0
B30: =VLOOKUP(A30,'Схема с ПС'!$B$2:$C$1000,2,0) -> #N/A | C30: =SUMIF('Схема с ПС'!$B$2:$B$1000,A30,'Схема с ПС'!$N$2:$N$1000) -> 0 | D30: =SUMIF('Схема с ПС'!$B$2:$B$1000,A30,'Схема с ПС'!$T$2:$T$1000) -> 0 | E30: =SUMIF('Схема с ПС'!$B$2:$B$1000,A30,'Схема с ПС'!$AJ$2:$AJ$1000) -> 0 | G30: =SUMIF('Схема без ПС'!$B$2:$B$1000,A30,'Схема без ПС'!$T$2:$T$1000) -> 0
B31: =VLOOKUP(A31,'Схема с ПС'!$B$2:$C$1000,2,0) -> #N/A | C31: =SUMIF('Схема с ПС'!$B$2:$B$1000,A31,'Схема с ПС'!$N$2:$N$1000) -> 0 | D31: =SUMIF('Схема с ПС'!$B$2:$B$1000,A31,'Схема с ПС'!$T$2:$T$1000) -> 0 | E31: =SUMIF('Схема с ПС'!$B$2:$B$1000,A31,'Схема с ПС'!$AJ$2:$AJ$1000) -> 0 | G31: =SUMIF('Схема без ПС'!$B$2:$B$1000,A31,'Схема без ПС'!$T$2:$T$1000) -> 0
B32: =VLOOKUP(A32,'Схема с ПС'!$B$2:$C$1000,2,0) -> #N/A | C32: =SUMIF('Схема с ПС'!$B$2:$B$1000,A32,'Схема с ПС'!$N$2:$N$1000) -> 0 | D32: =SUMIF('Схема с ПС'!$B$2:$B$1000,A32,'Схема с ПС'!$T$2:$T$1000) -> 0 | E32: =SUMIF('Схема с ПС'!$B$2:$B$1000,A32,'Схема с ПС'!$AJ$2:$AJ$1000) -> 0 | G32: =SUMIF('Схема без ПС'!$B$2:$B$1000,A32,'Схема без ПС'!$T$2:$T$1000) -> 0
B33: =VLOOKUP(A33,'Схема с ПС'!$B$2:$C$1000,2,0) -> #N/A | C33: =SUMIF('Схема с ПС'!$B$2:$B$1000,A33,'Схема с ПС'!$N$2:$N$1000) -> 0 | D33: =SUMIF('Схема с ПС'!$B$2:$B$1000,A33,'Схема с ПС'!$T$2:$T$1000) -> 0 | E33: =SUMIF('Схема с ПС'!$B$2:$B$1000,A33,'Схема с ПС'!$AJ$2:$AJ$1000) -> 0 | G33: =SUMIF('Схема без ПС'!$B$2:$B$1000,A33,'Схема без ПС'!$T$2:$T$1000) -> 0
... B52: =VLOOKUP(A52,'Схема с ПС'!$B$2:$C$1000,2,0) -> #N/A | C52: =SUMIF('Схема с ПС'!$B$2:$B$1000,A52,'Схема с ПС'!$N$2:$N$1000) -> 0 | D52: =SUMIF('Схема с ПС'!$B$2:$B$1000,A52,'Схема с ПС'!$T$2:$T$1000) -> 0 | E52: =SUMIF('Схема с ПС'!$B$2:$B$1000,A52,'Схема с ПС'!$AJ$2:$AJ$1000) -> 0 | G52: =SUMIF('Схема без ПС'!$B$2:$B$1000,A52,'Схема без ПС'!$T$2:$T$1000) -> 0
B53: ИТОГО | C53: =SUM(C9:C52) -> 3262.98 | D53: =SUM(D9:D52) -> 40986.236 | E53: =SUM(E9:E52) -> 637906.87 | G53: =SUM(G9:G52) -> 635290.15

Sheet Рыльский
D22: с перегрузкой | G22: без перегрузки
A23: ID (Источник) | B23: Наименование источника | C23: Образование отходов | D23: ТКМ 1 звено | E23: ТКМ 2 звено | G23: ТКМ 1 звено
A24: b52b353b-2ed2-4be7-a826-0748873e9cda | B24: =VLOOKUP(A24,'Схема с ПС'!$B$2:$C$1000,2,0) -> Сельское поселение Некрасовский сельсовет | C24: =SUMIF('Схема с ПС'!$B$2:$B$1000,A24,'Схема с ПС'!$N$2:$N$1000) -> 274.39 | D24: =SUMIF('Схема с ПС'!$B$2:$B$1000,A24,'Схема с ПС'!$T$2:$T$1000) -> 5203.6937 | E24: =SUMIF('Схема с ПС'!$B$2:$B$1000,A24,'Схема с ПС'!$AJ$2:$AJ$1000) -> 31474.693 | G24: =SUMIF('Схема без ПС'!$B$2:$B$1000,A24,'Схема без ПС'!$T$2:$T$1000) -> 34743.621
A25: 91b4ed44-dd4a-4a7c-9c01-5fa611cda8ba | B25: =VLOOKUP(A25,'Схема с ПС'!$B$2:$C$1000,2,0) -> Сельское поселение Ольховский сельсовет | C25: =SUMIF('Схема с ПС'!$B$2:$B$1000,A25,'Схема с ПС'!$N$2:$N$1000) -> 168.06 | D25: =SUMIF('Схема с ПС'!$B$2:$B$1000,A25,'Схема с ПС'!$T$2:$T$1000) -> 6687.1456 | E25: =SUMIF('Схема с ПС'!$B$2:$B$1000,A25,'Схема с ПС'!$AJ$2:$AJ$1000) -> 19277.805 | G25: =SUMIF('Схема без ПС'!$B$2:$B$1000,A25,'Схема без ПС'!$T$2:$T$1000) -> 24507.858
A26: 9a87fd1e-6587-4d5c-a765-68a6d8badce8 | B26: =VLOOKUP(A26,'Схема с ПС'!$B$2:$C$1000,2,0) -> Сельское поселение Крупецкий сельсовет Рыльский район | C26: =SUMIF('Схема с ПС'!$B$2:$B$1000,A26,'Схема с ПС'!$N$2:$N$1000) -> 444.46 | D26: =SUMIF('Схема с ПС'!$B$2:$B$1000,A26,'Схема с ПС'!$T$2:$T$1000) -> 14683.247 | E26: =SUMIF('Схема с ПС'!$B$2:$B$1000,A26,'Схема с ПС'!$AJ$2:$AJ$1000) -> 50983.062 | G26: =SUMIF('Схема без ПС'!$B$2:$B$1000,A26,'Схема без ПС'!$T$2:$T$1000) -> 61812.806
A27: c0218aa0-80a2-4403-97f8-4ad901f1d39e | B27: =VLOOKUP(A27,'Схема с ПС'!$B$2:$C$1000,2,0) -> Городское поселение город Рыльск | C27: =SUMIF('Схема с ПС'!$B$2:$B$1000,A27,'Схема с ПС'!$N$2:$N$1000) -> 4242.54 | D27: =SUMIF('Схема с ПС'!$B$2:$B$1000,A27,'Схема с ПС'!$T$2:$T$1000) -> 21682.421 | E27: =SUMIF('Схема с ПС'!$B$2:$B$1000,A27,'Схема с ПС'!$AJ$2:$AJ$1000) -> 486652.74 | G27: =SUMIF('Схема без ПС'!$B$2:$B$1000,A27,'Схема без ПС'!$T$2:$T$1000) -> 471552.01
A28: 1b59f8bb-2eb2-458f-8fa1-452eb56f5787 | B28: =VLOOKUP(A28,'Схема с ПС'!$B$2:$C$1000,2,0) -> Сельское поселение Высокский сельсовет | C28: =SUMIF('Схема с ПС'!$B$2:$B$1000,A28,'Схема с ПС'!$N$2:$N$1000) -> 348.2 | D28: =SUMIF('Схема с ПС'!$B$2:$B$1000,A28,'Схема с ПС'!$T$2:$T$1000) -> 13175.172 | E28: =SUMIF('Схема с ПС'!$B$2:$B$1000,A28,'Схема с ПС'!$AJ$2:$AJ$1000) -> 39941.282 | G28: =SUMIF('Схема без ПС'!$B$2:$B$1000,A28,'Схема без ПС'!$T$2:$T$1000) -> 50661.241
A29: 934adc90-7994-4a5e-97ce-64e62e303788 | B29: =VLOOKUP(A29,'Схема с ПС'!$B$2:$C$1000,2,0) -> Сельское поселение Никольниковский сельсовет | C29: =SUMIF('Схема с ПС'!$B$2:$B$1000,A29,'Схема с ПС'!$N$2:$N$1000) -> 273.53 | D29: =SUMIF('Схема с ПС'!$B$2:$B$1000,A29,'Схема с ПС'!$T$2:$T$1000) -> 6010.9526 | E29: =SUMIF('Схема с ПС'!$B$2:$B$1000,A29,'Схема с ПС'!$AJ$2:$AJ$1000) -> 31376.045 | G29: =SUMIF('Схема без ПС'!$B$2:$B$1000,A29,'Схема без ПС'!$T$2:$T$1000) -> 35015.471
A30: d50a927f-01b7-4277-9ea8-17210a59e10c | B30: =VLOOKUP(A30,'Схема с ПС'!$B$2:$C$1000,2,0) -> Сельское поселение Щекинский сельсовет | C30: =SUMIF('Схема с ПС'!$B$2:$B$1000,A30,'Схема с ПС'!$N$2:$N$1000) -> 97.46 | D30: =SUMIF('Схема с ПС'!$B$2:$B$1000,A30,'Схема с ПС'!$T$2:$T$1000) -> 2109.7768 | E30: =SUMIF('Схема с ПС'!$B$2:$B$1000,A30,'Схема с ПС'!$AJ$2:$AJ$1000) -> 11179.429 | G30: =SUMIF('Схема без ПС'!$B$2:$B$1000,A30,'Схема без ПС'!$T$2:$T$1000) -> 12444.22
A31: 1fec809a-1c54-4b68-918f-8bb7e8d9d579 | B31: =VLOOKUP(A31,'Схема с ПС'!$B$2:$C$1000,2,0) -> Сельское поселение Дуровский сельсовет | C31: =SUMIF('Схема с ПС'!$B$2:$B$1000,A31,'Схема с ПС'!$N$2:$N$1000) -> 104.61 | D31: =SUMIF('Схема с ПС'!$B$2:$B$1000,A31,'Схема с ПС'!$T$2:$T$1000) -> 1849.0872 | E31: =SUMIF('Схема с ПС'!$B$2:$B$1000,A31,'Схема с ПС'!$AJ$2:$AJ$1000) -> 11999.591 | G31: =SUMIF('Схема без ПС'!$B$2:$B$1000,A31,'Схема без ПС'!$T$2:$T$1000) -> 12941.701
A32: b60c6b3b-4d54-4f4b-bd9a-37b0a7a01075 | B32: =VLOOKUP(A32,'Схема с ПС'!$B$2:$C$1000,2,0) -> Сельское поселение Пригородненский сельсовет Рыльский район | C32: =SUMIF('Схема с ПС'!$B$2:$B$1000,A32,'Схема с ПС'!$N$2:$N$1000) -> 235.52 | D32: =SUMIF('Схема с ПС'!$B$2:$B$1000,A32,'Схема с ПС'!$T$2:$T$1000) -> 1527.0779 | E32: =SUMIF('Схема с ПС'!$B$2:$B$1000,A32,'Схема с ПС'!$AJ$2:$AJ$1000) -> 27015.998 | G32: =SUMIF('Схема без ПС'!$B$2:$B$1000,A32,'Схема без ПС'!$T$2:$T$1000) -> 26496.204
A33: e7ea9273-fed2-4283-97ea-6307d3ce95c3 | B33: =VLOOKUP(A33,'Схема с ПС'!$B$2:$C$1000,2,0) -> Сельское поселение Березниковский сельсовет | C33: =SUMIF('Схема с ПС'!$B$2:$B$1000,A33,'Схема с ПС'!$N$2:$N$1000) -> 218.08 | D33: =SUMIF('Схема с ПС'!$B$2:$B$1000,A33,'Схема с ПС'!$T$2:$T$1000) -> 4202.4128 | E33: =SUMIF('Схема с ПС'!$B$2:$B$1000,A33,'Схема с ПС'!$AJ$2:$AJ$1000) -> 25015.493 | G33: =SUMIF('Схема без ПС'!$B$2:$B$1000,A33,'Схема без ПС'!$T$2:$T$1000) -> 27327.135
A34: b84069e1-a323-4f17-91ea-62263656b573 | B34: =VLOOKUP(A34,'Схема с ПС'!$B$2:$C$1000,2,0) -> Сельское поселение Козинский сельсовет | C34: =SUMIF('Схема с ПС'!$B$2:$B$1000,A34,'Схема с ПС'!$N$2:$N$1000) -> 212.65 | D34: =SUMIF('Схема с ПС'!$B$2:$B$1000,A34,'Схема с ПС'!$T$2:$T$1000) -> 8596.995 | E34: =SUMIF('Схема с ПС'!$B$2:$B$1000,A34,'Схема с ПС'!$AJ$2:$AJ$1000) -> 24392.629 | G34: =SUMIF('Схема без ПС'!$B$2:$B$1000,A34,'Схема без ПС'!$T$2:$T$1000) -> 31145.932
A35: 56702de9-e965-4b79-a43c-ce69cc6d6ced | B35: =VLOOKUP(A35,'Схема с ПС'!$B$2:$C$1000,2,0) -> Сельское поселение Октябрьский сельсовет | C35: =SUMIF('Схема с ПС'!$B$2:$B$1000,A35,'Схема с ПС'!$N$2:$N$1000) -> 209.79 | D35: =SUMIF('Схема с ПС'!$B$2:$B$1000,A35,'Схема с ПС'!$T$2:$T$1000) -> 3428.5824 | E35: =SUMIF('Схема с ПС'!$B$2:$B$1000,A35,'Схема с ПС'!$AJ$2:$AJ$1000) -> 24064.565 | G35: =SUMIF('Схема без ПС'!$B$2:$B$1000,A35,'Схема без ПС'!$T$2:$T$1000) -> 24418.729
... A44: 53fb6c85-0c86-4c44-8943-979780b6cb4a | B44: =VLOOKUP(A44,'Схема с ПС'!$B$2:$C$1000,2,0) -> Сельское поселение Троицкий сельсовет | C44: =SUMIF('Схема с ПС'!$B$2:$B$1000,A44,'Схема с ПС'!$N$2:$N$1000) -> 127.16 | D44: =SUMIF('Схема с ПС'!$B$2:$B$1000,A44,'Схема с ПС'!$T$2:$T$1000) -> 7328.4196 | E44: =SUMIF('Схема с ПС'!$B$2:$B$1000,A44,'Схема с ПС'!$AJ$2:$AJ$1000) -> 14586.253 | G44: =SUMIF('Схема без ПС'!$B$2:$B$1000,A44,'Схема без ПС'!$T$2:$T$1000) -> 18543.683
B45: =VLOOKUP(A45,'Схема с ПС'!$B$2:$C$1000,2,0) -> #N/A | C45: =SUMIF('Схема с ПС'!$B$2:$B$1000,A45,'Схема с ПС'!$N$2:$N$1000) -> 0 | D45: =SUMIF('Схема с ПС'!$B$2:$B$1000,A45,'Схема с ПС'!$T$2:$T$1000) -> 0 | E45: =SUMIF('Схема с ПС'!$B$2:$B$1000,A45,'Схема с ПС'!$AJ$2:$AJ$1000) -> 0 | G45: =SUMIF('Схема без ПС'!$B$2:$B$1000,A45,'Схема без ПС'!$T$2:$T$1000) -> 0
B46: =VLOOKUP(A46,'Схема с ПС'!$B$2:$C$1000,2,0) -> #N/A | C46: =SUMIF('Схема с ПС'!$B$2:$B$1000,A46,'Схема с ПС'!$N$2:$N$1000) -> 0 | D46: =SUMIF('Схема с ПС'!$B$2:$B$1000,A46,'Схема с ПС'!$T$2:$T$1000) -> 0 | E46: =SUMIF('Схема с ПС'!$B$2:$B$1000,A46,'Схема с ПС'!$AJ$2:$AJ$1000) -> 0 | G46: =SUMIF('Схема без ПС'!$B$2:$B$1000,A46,'Схема без ПС'!$T$2:$T$1000) -> 0
B47: =VLOOKUP(A47,'Схема с ПС'!$B$2:$C$1000,2,0) -> #N/A | C47: =SUMIF('Схема с ПС'!$B$2:$B$1000,A47,'Схема с ПС'!$N$2:$N$1000) -> 0 | D47: =SUMIF('Схема с ПС'!$B$2:$B$1000,A47,'Схема с ПС'!$T$2:$T$1000) -> 0 | E47: =SUMIF('Схема с ПС'!$B$2:$B$1000,A47,'Схема с ПС'!$AJ$2:$AJ$1000) -> 0 | G47: =SUMIF('Схема без ПС'!$B$2:$B$1000,A47,'Схема без ПС'!$T$2:$T$1000) -> 0
B48: =VLOOKUP(A48,'Схема с ПС'!$B$2:$C$1000,2,0) -> #N/A | C48: =SUMIF('Схема с ПС'!$B$2:$B$1000,A48,'Схема с ПС'!$N$2:$N$1000) -> 0 | D48: =SUMIF('Схема с ПС'!$B$2:$B$1000,A48,'Схема с ПС'!$T$2:$T$1000) -> 0 | E48: =SUMIF('Схема с ПС'!$B$2:$B$1000,A48,'Схема с ПС'!$AJ$2:$AJ$1000) -> 0 | G48: =SUMIF('Схема без ПС'!$B$2:$B$1000,A48,'Схема без ПС'!$T$2:$T$1000) -> 0
B49: =VLOOKUP(A49,'Схема с ПС'!$B$2:$C$1000,2,0) -> #N/A | C49: =SUMIF('Схема с ПС'!$B$2:$B$1000,A49,'Схема с ПС'!$N$2:$N$1000) -> 0 | D49: =SUMIF('Схема с ПС'!$B$2:$B$1000,A49,'Схема с ПС'!$T$2:$T$1000) -> 0 | E49: =SUMIF('Схема с ПС'!$B$2:$B$1000,A49,'Схема с ПС'!$AJ$2:$AJ$1000) -> 0 | G49: =SUMIF('Схема без ПС'!$B$2:$B$1000,A49,'Схема без ПС'!$T$2:$T$1000) -> 0
B50: =VLOOKUP(A50,'Схема с ПС'!$B$2:$C$1000,2,0) -> #N/A | C50: =SUMIF('Схема с ПС'!$B$2:$B$1000,A50,'Схема с ПС'!$N$2:$N$1000) -> 0 | D50: =SUMIF('Схема с ПС'!$B$2:$B$1000,A50,'Схема с ПС'!$T$2:$T$1000) -> 0 | E50: =SUMIF('Схема с ПС'!$B$2:$B$1000,A50,'Схема с ПС'!$AJ$2:$AJ$1000) -> 0 | G50: =SUMIF('Схема без ПС'!$B$2:$B$1000,A50,'Схема без ПС'!$T$2:$T$1000) -> 0
B51: =VLOOKUP(A51,'Схема с ПС'!$B$2:$C$1000,2,0) -> #N/A | C51: =SUMIF('Схема с ПС'!$B$2:$B$1000,A51,'Схема с ПС'!$N$2:$N$1000) -> 0 | D51: =SUMIF('Схема с ПС'!$B$2:$B$1000,A51,'Схема с ПС'!$T$2:$T$1000) -> 0 | E51: =SUMIF('Схема с ПС'!$B$2:$B$1000,A51,'Схема с ПС'!$AJ$2:$AJ$1000) -> 0 | G51: =SUMIF('Схема без ПС'!$B$2:$B$1000,A51,'Схема без ПС'!$T$2:$T$1000) -> 0
B52: =VLOOKUP(A52,'Схема с ПС'!$B$2:$C$1000,2,0) -> #N/A | C52: =SUMIF('Схема с ПС'!$B$2:$B$1000,A52,'Схема с ПС'!$N$2:$N$1000) -> 0 | D52: =SUMIF('Схема с ПС'!$B$2:$B$1000,A52,'Схема с ПС'!$T$2:$T$1000) -> 0 | E52: =SUMIF('Схема с ПС'!$B$2:$B$1000,A52,'Схема с ПС'!$AJ$2:$AJ$1000) -> 0 | G52: =SUMIF('Схема без ПС'!$B$2:$B$1000,A52,'Схема без ПС'!$T$2:$T$1000) -> 0
B53: =VLOOKUP(A53,'Схема с ПС'!$B$2:$C$1000,2,0) -> #N/A | C53: =SUMIF('Схема с ПС'!$B$2:$B$1000,A53,'Схема с ПС'!$N$2:$N$1000) -> 0 | D53: =SUMIF('Схема с ПС'!$B$2:$B$1000,A53,'Схема с ПС'!$T$2:$T$1000) -> 0 | E53: =SUMIF('Схема с ПС'!$B$2:$B$1000,A53,'Схема с ПС'!$AJ$2:$AJ$1000) -> 0 | G53: =SUMIF('Схема без ПС'!$B$2:$B$1000,A53,'Схема без ПС'!$T$2:$T$1000) -> 0
B54: =VLOOKUP(A54,'Схема с ПС'!$B$2:$C$1000,2,0) -> #N/A | C54: =SUMIF('Схема с ПС'!$B$2:$B$1000,A54,'Схема с ПС'!$N$2:$N$1000) -> 0 | D54: =SUMIF('Схема с ПС'!$B$2:$B$1000,A54,'Схема с ПС'!$T$2:$T$1000) -> 0 | E54: =SUMIF('Схема с ПС'!$B$2:$B$1000,A54,'Схема с ПС'!$AJ$2:$AJ$1000) -> 0 | G54: =SUMIF('Схема без ПС'!$B$2:$B$1000,A54,'Схема без ПС'!$T$2:$T$1000) -> 0
B55: =VLOOKUP(A55,'Схема с ПС'!$B$2:$C$1000,2,0) -> #N/A | C55: =SUMIF('Схема с ПС'!$B$2:$B$1000,A55,'Схема с ПС'!$N$2:$N$1000) -> 0 | D55: =SUMIF('Схема с ПС'!$B$2:$B$1000,A55,'Схема с ПС'!$T$2:$T$1000) -> 0 | E55: =SUMIF('Схема с ПС'!$B$2:$B$1000,A55,'Схема с ПС'!$AJ$2:$AJ$1000) -> 0 | G55: =SUMIF('Схема без ПС'!$B$2:$B$1000,A55,'Схема без ПС'!$T$2:$T$1000) -> 0
B56: =VLOOKUP(A56,'Схема с ПС'!$B$2:$C$1000,2,0) -> #N/A | C56: =SUMIF('Схема с ПС'!$B$2:$B$1000,A56,'Схема с ПС'!$N$2:$N$1000) -> 0 | D56: =SUMIF('Схема с ПС'!$B$2:$B$1000,A56,'Схема с ПС'!$T$2:$T$1000) -> 0 | E56: =SUMIF('Схема с ПС'!$B$2:$B$1000,A56,'Схема с ПС'!$AJ$2:$AJ$1000) -> 0 | G56: =SUMIF('Схема без ПС'!$B$2:$B$1000,A56,'Схема без ПС'!$T$2:$T$1000) -> 0
... B67: =VLOOKUP(A67,'Схема с ПС'!$B$2:$C$1000,2,0) -> #N/A | C67: =SUMIF('Схема с ПС'!$B$2:$B$1000,A67,'Схема с ПС'!$N$2:$N$1000) -> 0 | D67: =SUMIF('Схема с ПС'!$B$2:$B$1000,A67,'Схема с ПС'!$T$2:$T$1000) -> 0 | E67: =SUMIF('Схема с ПС'!$B$2:$B$1000,A67,'Схема с ПС'!$AJ$2:$AJ$1000) -> 0 | G67: =SUMIF('Схема без ПС'!$B$2:$B$1000,A67,'Схема без ПС'!$T$2:$T$1000) -> 0
B68: ИТОГО | C68: =SUM(C24:C67) -> 9472.26 | D68: =SUM(D24:D67) -> 156784.02 | E68: =SUM(E24:E67) -> 1086542.8 | G68: =SUM(G24:G67) -> 1109856.5

Sheet Схема с ПС
A1: зона деятельности регионального оператора | B1: ID (Источник) | C1: Наименование источника | D1: Муниципальный район / ГО | E1: Образование отходов | F1: Широта (Источник) | G1: Долгота (Источник) | H1: ID ОИ (первое звено) | I1: Наименование ОИ (первое звено) | J1: Тип ОИ (первое звено) | K1: Мощность ОИ (первое звено) | L1: ID Субъекта РФ (первое звено) | M1: Наименование субъекта РФ (первое звено) | N1: Объем перевозки (первое звено) | O1: Широта (первое звено) | P1: Долгота (первое звено) | Q1: Polyline (первое звено) | R1: Расстояние (первое звено) | S1: Расстояние с учетом объезда МНО (первое звено) | T1: ТКМ (первое звено) | U1: Время в пути (первое звено) | V1: Время в пути - траффик (первое звено) | W1: Ср, скорость (первое звено) | X1: Ср, скорость - траффик (первое звено) | Y1: ID ОИ (второе звено) | Z1: Наименование ОИ (второе звено) | AA1: Тип ОИ (второе звено) | AB1: Мощность ОИ (второе звено) | AC1: ID Субъекта РФ (второе звено) | AD1: Наименование субъекта РФ (второе звено) | AE1: Объем перевозки (второе звено) | AF1: Широта (второе звено) | AG1: Долгота (второе звено) | AH1: Polyline (второе звено) | AI1: Расстояние (второе звено) | AJ1: ТКМ (второе звено) | AK1: Время в пути (второе звено) | AL1: Время в пути - траффик (второе звено) | AM1: Ср, скорость (второе звено) | AN1: Ср, скорость - траффик (второе звено) | AO1: ID ОИ (третье звено) | AP1: Наименование ОИ (третье звено) | AQ1: Тип ОИ (третье звено) | AR1: Мощность ОИ (третье звено) | AS1: ID Субъекта РФ (третье звено) | AT1: Наименование субъекта РФ (третье звено) | AU1: Объем перевозки (третье звено) | AV1: Широта (третье звено) | AW1: Долгота (третье звено) | AX1: Polyline (третье звено) | AY1: Расстояние (третье звено) | AZ1: ТКМ (третье звено) | BA1: Время в пути (третье звено) | BB1: Время в пути - траффик (третье звено) | BC1: Ср, скорость (третье звено) | BD1: Ср, скорость траффик (третье звено) | BE1: ID ОИ (четвертое звено) | BF1: Наименование ОИ (четвертое звено) | BG1: Тип ОИ (четвертое звено) | BH1: Мощность ОИ (четвертое звено) | BI1: ID Субъекта РФ (четвертое звено) | BJ1: Наименование субъекта РФ (четвертое звено) | BK1: Объем перевозки (четвертое звено) | BL1: Широта (четвертое звено) | BM1: Долгота (четвертое звено) | BN1: Polyline (четвертое звено) | BO1: Расстояние (четвертое звено) | BP1: ТКМ (четвертое звено) | BQ1: Время в пути (четвертое звено) | BR1: Время в пути - траффик (четвертое звено) | BS1: Ср. скорость (четвертое звено) | BT1: Ср. скорость - траффик (четвертое звено)
A2: вся территория | B2: eb929a60-3c1c-4209-b882-fe4a44f18506 | C2: Сельское поселение Никольский сельсовет Октябрьский район | D2: Октябрьский муниципальный район | E2: 30.07941 | F2: 51.838888 | G2: 35.712731 | H2: a542c97e-570b-481e-8c50-117c5c3f4836 | I2: Объект обработки | J2: AssortmentObject | K2: 330000 | N2: 30.07941 | O2: 51.734502 | P2: 35.859976 | Q2: uwk{Hkb~xErXaq@pYa[|SsLxGzD~q@od@xaAoyA}O}v@r\_{A}IcqBdHir@t^yiAftAgkAt|@mkCxZiT`^wjAph@cJ~b@su@vuA~hAx}@pj@dLSw@wRuNxBpEkMeFqU | R2: 20296.184 | S2: 20296.184 | T2: 610.49729 | U2: 25.771346 | V2: 25.771346 | W2: 47.25 | X2: 47.25 | Y2: fcebf531-af67-439c-b783-f40f0b2628fd | Z2: Объект утилизации | AA2: CompostingObject | AB2: 130000 | AE2: 25.5675 | AF2: 51.734502 | AG2: 35.859976 | AH2: skwzH{{zyE?? | AI2: 0 | AJ2: 0 | AK2: 0 | AL2: 0 | AM2: 0 | AN2: 0 | AO2: 252dbfd5-4c6f-4370-bf8e-8ef727934046 | AP2: Объект захоронения | AQ2: DisposalObject | AR2: 200000 | AU2: 3.83513 | AV2: 51.734502 | AW2: 35.859976 | AX2: skwzH{{zyE?? | AY2: 0 | AZ2: 0 | BA2: 0 | BB2: 0 | BC2: 0 | BD2: 0
A3: вся территория | B3: eb929a60-3c1c-4209-b882-fe4a44f18506 | C3: Сельское поселение Никольский сельсовет Октябрьский район | D3: Октябрьский муниципальный район | E3: 42.97059 | F3: 51.838888 | G3: 35.712731 | H3: a542c97e-570b-481e-8c50-117c5c3f4836 | I3: Объект обработки | J3: AssortmentObject | K3: 330000 | N3: 42.97059 | O3: 51.734502 | P3: 35.859976 | Q3: uwk{Hkb~xErXaq@pYa[|SsLxGzD~q@od@xaAoyA}O}v@r\_{A}IcqBdHir@t^yiAftAgkAt|@mkCxZiT`^wjAph@cJ~b@su@vuA~hAx}@pj@dLSw@wRuNxBpEkMeFqU | R3: 20296.184 | S3: 20296.184 | T3: 872.13898 | U3: 25.771346 | V3: 25.771346 | W3: 47.25 | X3: 47.25 | Y3: 252dbfd5-4c6f-4370-bf8e-8ef727934046 | Z3: Объект захоронения | AA3: DisposalObject | AB3: 200000 | AE3: 36.525 | AF3: 51.734502 | AG3: 35.859976 | AH3: skwzH{{zyE?? | AI3: 0 | AJ3: 0 | AK3: 0 | AL3: 0 | AM3: 0 | AN3: 0
A4: вся территория | B4: 263e63a7-ad5a-437c-bf0c-807bfeb486a8 | C4: Сельское поселение Мантуровский сельсовет | D4: Мантуровский муниципальный район | E4: 345.90294 | F4: 51.453311 | G4: 37.1272328 | H4: ce4fad21-23d1-474c-882e-8dd8d79b13b4 | I4: Площадка накопления для перегруза отходов в Мантуровском районе | J4: TransshipmentObject | K4: 150000 | N4: 345.90294 | O4: 51.421661 | P4: 37.102594 | Q4: en`yHsiraFc@fGtm@dG|uCriC | R4: 4057.9373 | S4: 4057.9373 | T4: 1403.6525 | U4: 5.2943514 | V4: 5.2943514 | W4: 45.99 | X4: 45.99 | Y4: a542c97e-570b-481e-8c50-117c5c3f4836 | Z4: Объект обработки | AA4: AssortmentObject | AB4: 330000 | AE4: 345.90294 | AF4: 51.734502 | AG4: 35.859976 | AH4: uizxHqnmaFkoBafBwx@bdAcYtOpBl_Fnk@teDrCzvAfVl|BiTttJbiBzaJ_IduAxLvt@xeA~yBvYfeAfKhqFk`@}LsNdGysAlfDufAtlBwnA`^_wEb`C}pEj~Etk@zcDl|@ntBis@x{@q`@bzF}cAwBiGj|@i{AwsAmK{WsO|EyOeG}q@pNaTvcAseAhgAcOx^aQ`LmLiDse@la@_UhbCig@na@wDft@mk@l~B}G|gAzEjVyX|_AzN|NsGzf@}b@ln@svAj`Fot@f}FkK|X}n@do@gNbtB}lAryGvHnwAwFfzArHlvBsbBxb@dS|aAvHjfCnsBxjAhk@jaAdNdz@~Nn~Cwy@v^oGxN~d@|vBeK|_CmoAaq@zInfAa_@t`AaFvrBt@`aCxtAzuGcEnyC`_@dhCub@~jA}K`{@k@vfBpLpfCiEl~AkPtx@qw@`jAef@`N_{D`oEauCjKw@wRuNxBpEkMeFqU | AI4: 126661.25 | AJ4: 43812.501 | AK4: 143.21094 | AL4: 143.21094 | AM4: 53.07 | AN4: 53.07 | AO4: fcebf531-af67-439c-b783-f40f0b2628fd | AP4: Объект утилизации | AQ4: CompostingObject | AR4: 130000 | AU4: 294.0175 | AV4: 51.734502 | AW4: 35.859976 | AX4: skwzH{{zyE?? | AY4: 0 | AZ4: 0 | BA4: 0 | BB4: 0 | BC4: 0 | BD4: 0 | BE4: 252dbfd5-4c6f-4370-bf8e-8ef727934046 | BF4: Объект захоронения | BG4: DisposalObject | BH4: 200000 | BK4: 44.10263 | BL4: 51.734502 | BM4: 35.859976 | BN4: skwzH{{zyE?? | BO4: 0 | BP4: 0 | BQ4: 0 | BR4: 0 | BS4: 0 | BT4: 0
A5: вся территория | B5: 263e63a7-ad5a-437c-bf0c-807bfeb486a8 | C5: Сельское поселение Мантуровский сельсовет | D5: Мантуровский муниципальный район | E5: 494.14706 | F5: 51.453311 | G5: 37.1272328 | H5: ce4fad21-23d1-474c-882e-8dd8d79b13b4 | I5: Площадка накопления для перегруза отходов в Мантуровском районе | J5: TransshipmentObject | K5: 150000 | N5: 494.14706 | O5: 51.421661 | P5: 37.102594 | Q5: en`yHsiraFc@fGtm@dG|uCriC | R5: 4057.9373 | S5: 4057.9373 | T5: 2005.2178 | U5: 5.2943514 | V5: 5.2943514 | W5: 45.99 | X5: 45.99 | Y5: a542c97e-570b-481e-8c50-117c5c3f4836 | Z5: Объект обработки | AA5: AssortmentObject | AB5: 330000 | AE5: 494.14706 | AF5: 51.734502 | AG5: 35.859976 | AH5: uizxHqnmaFkoBafBwx@bdAcYtOpBl_Fnk@teDrCzvAfVl|BiTttJbiBzaJ_IduAxLvt@xeA~yBvYfeAfKhqFk`@}LsNdGysAlfDufAtlBwnA`^_wEb`C}pEj~Etk@zcDl|@ntBis@x{@q`@bzF}cAwBiGj|@i{AwsAmK{WsO|EyOeG}q@pNaTvcAseAhgAcOx^aQ`LmLiDse@la@_UhbCig@na@wDft@mk@l~B}G|gAzEjVyX|_AzN|NsGzf@}b@ln@svAj`Fot@f}FkK|X}n@do@gNbtB}lAryGvHnwAwFfzArHlvBsbBxb@dS|aAvHjfCnsBxjAhk@jaAdNdz@~Nn~Cwy@v^oGxN~d@|vBeK|_CmoAaq@zInfAa_@t`AaFvrBt@`aCxtAzuGcEnyC`_@dhCub@~jA}K`{@k@vfBpLpfCiEl~AkPtx@qw@`jAef@`N_{D`oEauCjKw@wRuNxBpEkMeFqU | AI5: 126661.25 | AJ5: 62589.287 | AK5: 143.21094 | AL5: 143.21094 | AM5: 53.07 | AN5: 53.07 | AO5: 252dbfd5-4c6f-4370-bf8e-8ef727934046 | AP5: Объект захоронения | AQ5: DisposalObject | AR5: 200000 | AU5: 420.025 | AV5: 51.734502 | AW5: 35.859976 | AX5: skwzH{{zyE?? | AY5: 0 | AZ5: 0 | BA5: 0 | BB5: 0 | BC5: 0 | BD5: 0
A6: вся территория | B6: 7f96aa2b-49e6-4ac5-9e75-e663329e5303 | C6: Городское поселение город Суджа | D6: Суджанский муниципальный район | E6: 589.55647 | F6: 51.1918927 | G6: 35.2720915 | H6: 61f505dc-e299-415d-b1ae-7dfa9e6e2da2 | I6: Площадка накопления для перегрузки в Суджанском районе | J6: TransshipmentObject | K6: 150000 | N6: 589.55647 | O6: 51.187422 | P6: 35.327069 | Q6: eomwH_ahvEsImN`HwEeFe]ghAirDvt@uf@kK}e@fx@e|@tNlY | R6: 6501.4667 | S6: 6501.4667 | T6: 3832.9818 | U6: 15.480892 | V6: 15.480892 | W6: 25.2 | X6: 25.2 | Y6: a542c97e-570b-481e-8c50-117c5c3f4836 | Z6: Объект обработки | AA6: AssortmentObject | AB6: 330000 | AE6: 589.55647 | AF6: 51.734502 | AG6: 35.859976 | AH6: {nlwHazrvEuNmYgx@d|@wBuIac@tcAea@~^ss@cLkj@obBa|BicDqd@ke@soA}q@g{@inAq]sjAsvAmzHw_@{cAwfGyxFq^wf@g[weAmd@wsEcYqu@mbCiyCgaAge@m|AgSkx@gYs}@{q@er@q`Agq@uaB{dAqqFu{A}tEyx@goGwmCecFur@iuDi|@{vAyq@yX_kDrF{c@gEeaFi|Bab@o`@wiAypBa|BocB{{@o_@kHul@mShAom@{qAkRn}@qw@`jAef@`N_{D`oEauCjKw@wRuNxBpEkMeFqU | AI6: 83635.643 | AJ6: 49307.935 | AK6: 82.957549 | AL6: 82.957549 | AM6: 60.49 | AN6: 60.49 | AO6: fcebf531-af67-439c-b783-f40f0b2628fd | AP6: Объект утилизации | AQ6: CompostingObject | AR6: 130000 | AU6: 501.123 | AV6: 51.734502 | AW6: 35.859976 | AX6: skwzH{{zyE?? | AY6: 0 | AZ6: 0 | BA6: 0 | BB6: 0 | BC6: 0 | BD6: 0 | BE6: 252dbfd5-4c6f-4370-bf8e-8ef727934046 | BF6: Объект захоронения | BG6: DisposalObject | BH6: 200000 | BK6: 75.16845 | BL6: 51.734502 | BM6: 35.859976 | BN6: skwzH{{zyE?? | BO6: 0 | BP6: 0 | BQ6: 0 | BR6: 0 | BS6: 0 | BT6: 0
A7: вся территория | B7: 7f96aa2b-49e6-4ac5-9e75-e663329e5303 | C7: Городское поселение город Суджа | D7: Суджанский муниципальный район | E7: 842.22353 | F7: 51.1918927 | G7: 35.2720915 | H7: 61f505dc-e299-415d-b1ae-7dfa9e6e2da2 | I7: Площадка накопления для перегрузки в Суджанском районе | J7: TransshipmentObject | K7: 150000 | N7: 842.22353 | O7: 51.187422 | P7: 35.327069 | Q7: eomwH_ahvEsImN`HwEeFe]ghAirDvt@uf@kK}e@fx@e|@tNlY | R7: 6501.4667 | S7: 6501.4667 | T7: 5475.6882 | U7: 15.480892 | V7: 15.480892 | W7: 25.2 | X7: 25.2 | Y7: a542c97e-570b-481e-8c50-117c5c3f4836 | Z7: Объект обработки | AA7: AssortmentObject | AB7: 330000 | AE7: 842.22353 | AF7: 51.734502 | AG7: 35.859976 | AH7: {nlwHazrvEuNmYgx@d|@wBuIac@tcAea@~^ss@cLkj@obBa|BicDqd@ke@soA}q@g{@inAq]sjAsvAmzHw_@{cAwfGyxFq^wf@g[weAmd@wsEcYqu@mbCiyCgaAge@m|AgSkx@gYs}@{q@er@q`Agq@uaB{dAqqFu{A}tEyx@goGwmCecFur@iuDi|@{vAyq@yX_kDrF{c@gEeaFi|Bab@o`@wiAypBa|BocB{{@o_@kHul@mShAom@{qAkRn}@qw@`jAef@`N_{D`oEauCjKw@wRuNxBpEkMeFqU | AI7: 83635.643 | AJ7: 70439.907 | AK7: 82.957549 | AL7: 82.957549 | AM7: 60.49 | AN7: 60.49 | AO7: 252dbfd5-4c6f-4370-bf8e-8ef727934046 | AP7: Объект захоронения | AQ7: DisposalObject | AR7: 200000 | AU7: 715.89 | AV7: 51.734502 | AW7: 35.859976 | AX7: skwzH{{zyE?? | AY7: 0 | AZ7: 0 | BA7: 0 | BB7: 0 | BC7: 0 | BD7: 0
A8: вся территория | B8: e1ed9131-671a-48ee-996d-75b39acd984e | C8: Сельское поселение Шумаковский сельсовет Курского района | D8: Курский муниципальный район | E8: 145.08529 | F8: 51.642202 | G8: 36.397737 | H8: a542c97e-570b-481e-8c50-117c5c3f4836 | I8: Объект обработки | J8: AssortmentObject | K8: 330000 | N8: 145.08529 | O8: 51.734502 | P8: 35.859976 | Q8: mkezHo}c}EeUja@wk@tYjTp]qR`jB}lAryGvHnwAwFfzArHlvBsbBxb@dS|aAnFv~BjFpLlrAdm@~|@tbA|V~fAlP~nDh[yVpmAmTbUzDrMxO`oDj`MV~i@{Qp]tBeGlgAnzAkm@}K_g@XsbLp}B|KlNxq@xnDcCleDb_@piCab@vgAiLzy@kA~{AdMhzCgEnxAiM`r@c~@ptAub@dJ_{D`oEauCjKw@wRuNxBpEkMeFqU | R8: 62709.515 | S8: 62709.515 | T8: 9098.2285 | U8: 68.20491 | V8: 68.20491 | W8: 55.17 | X8: 55.17 | Y8: fcebf531-af67-439c-b783-f40f0b2628fd | Z8: Объект утилизации | AA8: CompostingObject | AB8: 130000 | AE8: 123.3225 | AF8: 51.734502 | AG8: 35.859976 | AH8: skwzH{{zyE?? | AI8: 0 | AJ8: 0 | AK8: 0 | AL8: 0 | AM8: 0 | AN8: 0 | AO8: 252dbfd5-4c6f-4370-bf8e-8ef727934046 | AP8: Объект захоронения | AQ8: DisposalObject | AR8: 200000 | AU8: 18.49838 | AV8: 51.734502 | AW8: 35.859976 | AX8: skwzH{{zyE?? | AY8: 0 | AZ8: 0 | BA8: 0 | BB8: 0 | BC8: 0 | BD8: 0
A9: вся территория | B9: e1ed9131-671a-48ee-996d-75b39acd984e | C9: Сельское поселение Шумаковский сельсовет Курского района | D9: Курский муниципальный район | E9: 207.26471 | F9: 51.642202 | G9: 36.397737 | H9: a542c97e-570b-481e-8c50-117c5c3f4836 | I9: Объект обработки | J9: AssortmentObject | K9: 330000 | N9: 207.26471 | O9: 51.734502 | P9: 35.859976 | Q9: mkezHo}c}EeUja@wk@tYjTp]qR`jB}lAryGvHnwAwFfzArHlvBsbBxb@dS|aAnFv~BjFpLlrAdm@~|@tbA|V~fAlP~nDh[yVpmAmTbUzDrMxO`oDj`MV~i@{Qp]tBeGlgAnzAkm@}K_g@XsbLp}B|KlNxq@xnDcCleDb_@piCab@vgAiLzy@kA~{AdMhzCgEnxAiM`r@c~@ptAub@dJ_{D`oEauCjKw@wRuNxBpEkMeFqU | R9: 62709.515 | S9: 62709.515 | T9: 12997.469 | U9: 68.20491 | V9: 68.20491 | W9: 55.17 | X9: 55.17 | Y9: 252dbfd5-4c6f-4370-bf8e-8ef727934046 | Z9: Объект захоронения | AA9: DisposalObject | AB9: 200000 | AE9: 176.175 | AF9: 51.734502 | AG9: 35.859976 | AH9: skwzH{{zyE?? | AI9: 0 | AJ9: 0 | AK9: 0 | AL9: 0 | AM9: 0 | AN9: 0
A10: вся территория | B10: 5656213c-15d5-4e83-960b-6890a8006544 | C10: Сельское поселение Амосовский сельсовет | D10: Медвенский муниципальный район | E10: 105.49 | F10: 51.5128754 | G10: 36.1873997 | H10: a542c97e-570b-481e-8c50-117c5c3f4836 | I10: Объект обработки | J10: AssortmentObject | K10: 330000 | N10: 105.49 | O10: 51.734502 | P10: 35.859976 | Q10: e`lyHmvz{EgM`ItBhz@~Pdo@_}Bj`Dad@hg@uc@hRqGbmL}v@aDo`C_vAiu@gZq`AwKqyLz_C|KlNxq@xnDcCleDb_@piCab@vgAiLzy@kA~{AdMhzCgEnxAiM`r@c~@ptAub@dJ_{D`oEauCjKw@wRuNxBpEkMeFqU | R10: 46507.621 | S10: 46507.621 | T10: 4906.0889 | U10: 53.506722 | V10: 53.506722 | W10: 52.15 | X10: 52.15 | Y10: fcebf531-af67-439c-b783-f40f0b2628fd | Z10: Объект утилизации | AA10: CompostingObject | AB10: 130000 | AE10: 89.6665 | AF10: 51.734502 | AG10: 35.859976 | AH10: skwzH{{zyE?? | AI10: 0 | AJ10: 0 | AK10: 0 | AL10: 0 | AM10: 0 | AN10: 0 | AO10: 252dbfd5-4c6f-4370-bf8e-8ef727934046 | AP10: Объект захоронения | AQ10: DisposalObject | AR10: 200000 | AU10: 13.44998 | AV10: 51.734502 | AW10: 35.859976 | AX10: skwzH{{zyE?? | AY10: 0 | AZ10: 0 | BA10: 0 | BB10: 0 | BC10: 0 | BD10: 0
A11: вся территория | B11: 5656213c-15d5-4e83-960b-6890a8006544 | C11: Сельское поселение Амосовский сельсовет | D11: Медвенский муниципальный район | E11: 150.7 | F11: 51.5128754 | G11: 36.1873997 | H11: a542c97e-570b-481e-8c50-117c5c3f4836 | I11: Объект обработки | J11: AssortmentObject | K11: 330000 | N11: 150.7 | O11: 51.734502 | P11: 35.859976 | Q11: e`lyHmvz{EgM`ItBhz@~Pdo@_}Bj`Dad@hg@uc@hRqGbmL}v@aDo`C_vAiu@gZq`AwKqyLz_C|KlNxq@xnDcCleDb_@piCab@vgAiLzy@kA~{AdMhzCgEnxAiM`r@c~@ptAub@dJ_{D`oEauCjKw@wRuNxBpEkMeFqU | R11: 46507.621 | S11: 46507.621 | T11: 7008.6985 | U11: 53.506722 | V11: 53.506722 | W11: 52.15 | X11: 52.15 | Y11: 252dbfd5-4c6f-4370-bf8e-8ef727934046 | Z11: Объект захоронения | AA11: DisposalObject | AB11: 200000 | AE11: 128.095 | AF11: 51.734502 | AG11: 35.859976 | AH11: skwzH{{zyE?? | AI11: 0 | AJ11: 0 | AK11: 0 | AL11: 0 | AM11: 0 | AN11: 0
A12: вся территория | B12: 79d553f6-a9c0-4241-bc6b-b83eea0c6592 | C12: Сельское поселение Михайлоанненский сельсовет | D12: Советский муниципальный район | E12: 61.62471 | F12: 51.9783156 | G12: 37.7369256 | H12: f7e58bb1-8294-4c75-b71f-13fd8690de4e | I12: Площадка накопления для перегрузки в Щигровском районе | J12: TransshipmentObject | K12: 150000 | N12: 61.62471 | O12: 51.8503 | P12: 37.0678 | Q12: __g|HunieF|GcdAn`@jHneDaFhfAub@tNwv@xsAcj@`UtDf]aJ`KtCdNpz@jmB|eAnpA|Hxr@pWlR_I`Mfe@zy@`UoOrLlA`Rxv@lgArQrz@ah@f~@i@jOru@lkAnQbbAok@nqDc}AjbE}m@|kDQlaBoIpo@~DzyBewA~vNkeAgr@q}@nCqXxo@zFnsAsGpjAjBvtC|HzzBwPx`FhKrmBqDzeA|GfkBdaAxuEnGrEt]iMjP|j@tVjcS~IhGxMfmDl`C|rHfC|zBl^gA | R12: 71339.96 | S12: 71339.96 | T12: 4396.3041 | U12: 78.839495 | V12: 78.839495 | W12: 54.29 | X12: 54.29 | Y12: a542c97e-570b-481e-8c50-117c5c3f4836 | Z12: Объект обработки | AA12: AssortmentObject | AB12: 330000 | AE12: 61.62471 | AF12: 51.734502 | AG12: 35.859976 | AH12: }`n{H{yfaFm^fAM|`BsY|o@_^bxBcBbeEtZzeGki@l|Dws@xr@kRzb@}HvlPiKrk@gaAbaBiSxoBrQn{AzxAdiHnCdh@sPtbElSli@|pAxgBzTzhArr@~Prc@vx@jI|^bH|hClw@tgBvR`IplAmEbXtXpJnu@kSh~CtShz@bRlNz`BfQn`@`s@dSjiI}V|tGxn@n}CPlwDxXzjC{FxvAdKpxFdn@duD~eArkDsPngAta@bP_C|_@fPh_@oMv]la@nt@tD|c@gcBnz@vZhwBxXraAbM`}AgLv_EhmJnnF`_Clv@|}AgMvy@|mE{FnlC`_@hmC_b@~cAiLzy@kA~{AdMhzCgEnxAeNht@g}@hrAub@dJ_{D`oEauCjKw@wRuNxBpEkMeFqU | AI12: 112115.47 | AJ12: 6909.0831 | AK12: 133.28413 | AL12: 133.28413 | AM12: 50.47 | AN12: 50.47 | AO12: fcebf531-af67-439c-b783-f40f0b2628fd | AP12: Объект утилизации | AQ12: CompostingObject | AR12: 130000 | AU12: 52.381 | AV12: 51.734502 | AW12: 35.859976 | AX12: skwzH{{zyE?? | AY12: 0 | AZ12: 0 | BA12: 0 | BB12: 0 | BC12: 0 | BD12: 0 | BE12: 252dbfd5-4c6f-4370-bf8e-8ef727934046 | BF12: Объект захоронения | BG12: DisposalObject | BH12: 200000 | BK12: 7.85715 | BL12: 51.734502 | BM12: 35.859976 | BN12: skwzH{{zyE?? | BO12: 0 | BP12: 0 | BQ12: 0 | BR12: 0 | BS12: 0 | BT12: 0
A13: вся территория | B13: 79d553f6-a9c0-4241-bc6b-b83eea0c6592 | C13: Сельское поселение Михайлоанненский сельсовет | D13: Советский муниципальный район | E13: 88.03529 | F13: 51.9783156 | G13: 37.7369256 | H13: f7e58bb1-8294-4c75-b71f-13fd8690de4e | I13: Площадка накопления для перегрузки в Щигровском районе | J13: TransshipmentObject | K13: 150000 | N13: 88.03529 | O13: 51.8503 | P13: 37.0678 | Q13: __g|HunieF|GcdAn`@jHneDaFhfAub@tNwv@xsAcj@`UtDf]aJ`KtCdNpz@jmB|eAnpA|Hxr@pWlR_I`Mfe@zy@`UoOrLlA`Rxv@lgArQrz@ah@f~@i@jOru@lkAnQbbAok@nqDc}AjbE}m@|kDQlaBoIpo@~DzyBewA~vNkeAgr@q}@nCqXxo@zFnsAsGpjAjBvtC|HzzBwPx`FhKrmBqDzeA|GfkBdaAxuEnGrEt]iMjP|j@tVjcS~IhGxMfmDl`C|rHfC|zBl^gA | R13: 71339.96 | S13: 71339.96 | T13: 6280.4344 | U13: 78.839495 | V13: 78.839495 | W13: 54.29 | X13: 54.29 | Y13: a542c97e-570b-481e-8c50-117c5c3f4836 | Z13: Объект обработки | AA13: AssortmentObject | AB13: 330000 | AE13: 88.03529 | AF13: 51.734502 | AG13: 35.859976 | AH13: }`n{H{yfaFm^fAM|`BsY|o@_^bxBcBbeEtZzeGki@l|Dws@xr@kRzb@}HvlPiKrk@gaAbaBiSxoBrQn{AzxAdiHnCdh@sPtbElSli@|pAxgBzTzhArr@~Prc@vx@jI|^bH|hClw@tgBvR`IplAmEbXtXpJnu@kSh~CtShz@bRlNz`BfQn`@`s@dSjiI}V|tGxn@n}CPlwDxXzjC{FxvAdKpxFdn@duD~eArkDsPngAta@bP_C|_@fPh_@oMv]la@nt@tD|c@gcBnz@vZhwBxXraAbM`}AgLv_EhmJnnF`_Clv@|}AgMvy@|mE{FnlC`_@hmC_b@~cAiLzy@kA~{AdMhzCgEnxAeNht@g}@hrAub@dJ_{D`oEauCjKw@wRuNxBpEkMeFqU | AI13: 112115.47 | AJ13: 9870.1187 | AK13: 133.28413 | AL13: 133.28413 | AM13: 50.47 | AN13: 50.47 | AO13: 252dbfd5-4c6f-4370-bf8e-8ef727934046 | AP13: Объект захоронения | AQ13: DisposalObject | AR13: 200000 | AU13: 74.83 | AV13: 51.734502 | AW13: 35.859976 | AX13: skwzH{{zyE?? | AY13: 0 | AZ13: 0 | BA13: 0 | BB13: 0 | BC13: 0 | BD13: 0
A14: вся территория | B14: 36d1ae3f-6684-4d40-9b08-bff4b941f288 | C14: Сельское поселение Артюховский сельсовет | D14: Октябрьский муниципальный район | E14: 39.61176 | F14: 51.5680946 | G14: 35.7566103 | H14: a542c97e-570b-481e-8c50-117c5c3f4836 | I14: Объект обработки | J14: AssortmentObject | K14: 330000 | N14: 39.61176 | O14: 51.734502 | P14: 35.859976 | Q14: u|vyHcufyEwCeW{EFt@sX|VobAlAkg@ka@_wH}oDedBe{AadCa|BocB{{@o_@kHul@mShAom@{qAkRn}@qw@`jAef@`N_{D`oEauCjKw@wRuNxBpEkMeFqU | R14: 27499.134 | S14: 27499.134 | T14: 1089.2892 | U14: 31.289305 | V14: 31.289305 | W14: 52.73 | X14: 52.73 | Y14: fcebf531-af67-439c-b783-f40f0b2628fd | Z14: Объект утилизации | AA14: CompostingObject | AB14: 130000 | AE14: 33.67 | AF14: 51.734502 | AG14: 35.859976 | AH14: skwzH{{zyE?? | AI14: 0 | AJ14: 0 | AK14: 0 | AL14: 0 | AM14: 0 | AN14: 0 | AO14: 252dbfd5-4c6f-4370-bf8e-8ef727934046 | AP14: Объект захоронения | AQ14: DisposalObject | AR14: 200000 | AU14: 5.0505 | AV14: 51.734502 | AW14: 35.859976 | AX14: skwzH{{zyE?? | AY14: 0 | AZ14: 0 | BA14: 0 | BB14: 0 | BC14: 0 | BD14: 0
A15: вся территория | B15: 36d1ae3f-6684-4d40-9b08-bff4b941f288 | C15: Сельское поселение Артюховский сельсовет | D15: Октябрьский муниципальный район | E15: 56.58824 | F15: 51.5680946 | G15: 35.7566103 | H15: a542c97e-570b-481e-8c50-117c5c3f4836 | I15: Объект обработки | J15: AssortmentObject | K15: 330000 | N15: 56.58824 | O15: 51.734502 | P15: 35.859976 | Q15: u|vyHcufyEwCeW{EFt@sX|VobAlAkg@ka@_wH}oDedBe{AadCa|BocB{{@o_@kHul@mShAom@{qAkRn}@qw@`jAef@`N_{D`oEauCjKw@wRuNxBpEkMeFqU | R15: 27499.134 | S15: 27499.134 | T15: 1556.1275 | U15: 31.289305 | V15: 31.289305 | W15: 52.73 | X15: 52.73 | Y15: 252dbfd5-4c6f-4370-bf8e-8ef727934046 | Z15: Объект захоронения | AA15: DisposalObject | AB15: 200000 | AE15: 48.1 | AF15: 51.734502 | AG15: 35.859976 | AH15: skwzH{{zyE?? | AI15: 0 | AJ15: 0 | AK15: 0 | AL15: 0 | AM15: 0 | AN15: 0
A16: вся территория | B16: 9d99a7b8-0ac5-4340-bed9-23730daf0616 | C16: Сельское поселение Старороговский сельсовет | D16: Горшеченский муниципальный район | E16: 81.19176 | F16: 51.4457464 | G16: 37.9574674 | H16: dfc22c3c-17b8-4cb8-8112-ca008f1322b1 | I16: Площадка накопления для перегрузки в Горшеченском районе | J16: TransshipmentObject | K16: 60000 | N16: 81.19176 | O16: 51.439562 | P16: 38.045176 | Q16: y__yHgptfFP~IsS{D_f@be@wo@tQm\nxAcmBkjE{z@gw@}nDsjHh`@aTnR{f@lg@OfHwWzfA}UxeEwzElrCzyC~@``@ | R16: 23665.154 | S16: 23665.154 | T16: 1921.4156 | U16: 29.579625 | V16: 29.579625 | W16: 48 | X16: 48 | Y16: a542c97e-570b-481e-8c50-117c5c3f4836 | Z16: Объект обработки | AA16: AssortmentObject | AB16: 330000 | AE16: 81.19176 | AF16: 51.734502 | AG16: 35.859976 | AH16: kx}xH_uegF_Aa`@mrC{yCyeEvzE{fA|UgHvWmg@NoRzf@i`@`TurAbB{hB}|@_}CtdSs_@jeAqgAlqA_qAx}BmRpaAse@nxFhKnaN}i@npRti@p~]c~A~xJsRj|CqG`yFtQr}Tgf@tpMiiCzfP_LljDzDvqAxt@dgFlUvxCq`@nmOtf@`mRuv@zjDgz@lrB{bAv`Gfj@dvDrChsBoe@tgOqk@`fDsr@taCs~AnaKkj@vyBke@``@ka@bcC_EbuDjc@l`DhHjaE{_AvgH~V`qHwI`d@u`ArmB~@`Wtr@nQli@pl@|U|mA~MnQi_@`fA~~@`PvOhYrZbhAkDtp@rKuDh_GjgDlGb_Ao_@`cAuGryEpvAvbHcCleD`_@hmC_b@~cAiLzy@kA~{AdMhzCgEnxAkPtx@a{@|mAub@dJ_{D`oEauCjKw@wRuNxBpEkMeFqU | AI16: 186520.6 | AJ16: 15143.937 | AK16: 200.78057 | AL16: 200.78057 | AM16: 55.74 | AN16: 55.74 | AO16: fcebf531-af67-439c-b783-f40f0b2628fd | AP16: Объект утилизации | AQ16: CompostingObject | AR16: 130000 | AU16: 69.013 | AV16: 51.734502 | AW16: 35.859976 | AX16: skwzH{{zyE?? | AY16: 0 | AZ16: 0 | BA16: 0 | BB16: 0 | BC16: 0 | BD16: 0 | BE16: 252dbfd5-4c6f-4370-bf8e-8ef727934046 | BF16: Объект захоронения | BG16: DisposalObject | BH16: 200000 | BK16: 10.35195 | BL16: 51.734502 | BM16: 35.859976 | BN16: skwzH{{zyE?? | BO16: 0 | BP16: 0 | BQ16: 0 | BR16: 0 | BS16: 0 | BT16: 0
A17: вся территория | B17: 9d99a7b8-0ac5-4340-bed9-23730daf0616 | C17: Сельское поселение Старороговский сельсовет | D17: Горшеченский муниципальный район | E17: 115.98824 | F17: 51.4457464 | G17: 37.9574674 | H17: dfc22c3c-17b8-4cb8-8112-ca008f1322b1 | I17: Площадка накопления для перегрузки в Горшеченском районе | J17: TransshipmentObject | K17: 60000 | N17: 115.98824 | O17: 51.439562 | P17: 38.045176 | Q17: y__yHgptfFP~IsS{D_f@be@wo@tQm\nxAcmBkjE{z@gw@}nDsjHh`@aTnR{f@lg@OfHwWzfA}UxeEwzElrCzyC~@``@ | R17: 23665.154 | S17: 23665.154 | T17: 2744.8794 | U17: 29.579625 | V17: 29.579625 | W17: 48 | X17: 48 | Y17: a542c97e-570b-481e-8c50-117c5c3f4836 | Z17: Объект обработки | AA17: AssortmentObject | AB17: 330000 | AE17: 115.98824 | AF17: 51.734502 | AG17: 35.859976 | AH17: kx}xH_uegF_Aa`@mrC{yCyeEvzE{fA|UgHvWmg@NoRzf@i`@`TurAbB{hB}|@_}CtdSs_@jeAqgAlqA_qAx}BmRpaAse@nxFhKnaN}i@npRti@p~]c~A~xJsRj|CqG`yFtQr}Tgf@tpMiiCzfP_LljDzDvqAxt@dgFlUvxCq`@nmOtf@`mRuv@zjDgz@lrB{bAv`Gfj@dvDrChsBoe@tgOqk@`fDsr@taCs~AnaKkj@vyBke@``@ka@bcC_EbuDjc@l`DhHjaE{_AvgH~V`qHwI`d@u`ArmB~@`Wtr@nQli@pl@|U|mA~MnQi_@`fA~~@`PvOhYrZbhAkDtp@rKuDh_GjgDlGb_Ao_@`cAuGryEpvAvbHcCleD`_@hmC_b@~cAiLzy@kA~{AdMhzCgEnxAkPtx@a{@|mAub@dJ_{D`oEauCjKw@wRuNxBpEkMeFqU | AI17: 186520.6 | AJ17: 21634.195 | AK17: 200.78057 | AL17: 200.78057 | AM17: 55.74 | AN17: 55.74 | AO17: 252dbfd5-4c6f-4370-bf8e-8ef727934046 | AP17: Объект захоронения | AQ17: DisposalObject | AR17: 200000 | AU17: 98.59 | AV17: 51.734502 | AW17: 35.859976 | AX17: skwzH{{zyE?? | AY17: 0 | AZ17: 0 | BA17: 0 | BB17: 0 | BC17: 0 | BD17: 0
A18: вся территория | B18: dae94f9a-e445-4b16-8079-71f022d42444 | C18: Сельское поселение Любимовский сельсовет Большесолдатский район | D18: Большесолдатский муниципальный район | E18: 183.27235 | F18: 51.521588 | G18: 35.682449 | H18: a542c97e-570b-481e-8c50-117c5c3f4836 | I18: Объект обработки | J18: AssortmentObject | K18: 330000 | N18: 183.27235 | O18: 51.734502 | P18: 35.859976 | Q18: eumyHufxxEtAbPvQ~PnAzZ|L{`@be@iBzM|u@iAz_@vR|Uvg@}o@vq@yzApQxN|xAkqDmf@}jEwmCecFur@iuD_eAo~Aci@eQ_kDrF{c@gEeaFi|Bab@o`@wiAypBa|BocB{{@o_@kHul@mShAom@{qAkRn}@qw@`jAef@`N_{D`oEauCjKw@wRuNxBpEkMeFqU | R18: 46344.917 | S18: 46344.917 | T18: 8493.7419 | U18: 52.019489 | V18: 52.019489 | W18: 53.45 | X18: 53.45 | Y18: fcebf531-af67-439c-b783-f40f0b2628fd | Z18: Объект утилизации | AA18: CompostingObject | AB18: 130000 | AE18: 155.7815 | AF18: 51.734502 | AG18: 35.859976 | AH18: skwzH{{zyE?? | AI18: 0 | AJ18: 0 | AK18: 0 | AL18: 0 | AM18: 0 | AN18: 0 | AO18: 252dbfd5-4c6f-4370-bf8e-8ef727934046 | AP18: Объект захоронения | AQ18: DisposalObject | AR18: 200000 | AU18: 23.36723 | AV18: 51.734502 | AW18: 35.859976 | AX18: skwzH{{zyE?? | AY18: 0 | AZ18: 0 | BA18: 0 | BB18: 0 | BC18: 0 | BD18: 0
A19: вся территория | B19: dae94f9a-e445-4b16-8079-71f022d42444 | C19: Сельское поселение Любимовский сельсовет Большесолдатский район | D19: Большесолдатский муниципальный район | E19: 261.81765 | F19: 51.521588 | G19: 35.682449 | H19: a542c97e-570b-481e-8c50-117c5c3f4836 | I19: Объект обработки | J19: AssortmentObject | K19: 330000 | N19: 261.81765 | O19: 51.734502 | P19: 35.859976 | Q19: eumyHufxxEtAbPvQ~PnAzZ|L{`@be@iBzM|u@iAz_@vR|Uvg@}o@vq@yzApQxN|xAkqDmf@}jEwmCecFur@iuD_eAo~Aci@eQ_kDrF{c@gEeaFi|Bab@o`@wiAypBa|BocB{{@o_@kHul@mShAom@{qAkRn}@qw@`jAef@`N_{D`oEauCjKw@wRuNxBpEkMeFqU | R19: 46344.917 | S19: 46344.917 | T19: 12133.917 | U19: 52.019489 | V19: 52.019489 | W19: 53.45 | X19: 53.45 | Y19: 252dbfd5-4c6f-4370-bf8e-8ef727934046 | Z19: Объект захоронения | AA19: DisposalObject | AB19: 200000 | AE19: 222.545 | AF19: 51.734502 | AG19: 35.859976 | AH19: skwzH{{zyE?? | AI19: 0 | AJ19: 0 | AK19: 0 | AL19: 0 | AM19: 0 | AN19: 0
A20: вся территория | B20: 79bd9e81-3f42-4616-8707-6bca6fbad41c | C20: Сельское поселение 2-й Поныровский сельсовет | D20: Поныровский муниципальный район | E20: 65.22353 | F20: 52.2722933 | G20: 36.2075638 | H20: 1ae1ba22-da91-4d32-8377-1e969ae1cdb1 | I20: Площадка накопления для перегрузки "Фатеж" | J20: TransshipmentObject | K20: 100000 | N20: 65.22353 | O20: 52.062826 | P20: 35.882503 | Q20: el`~Hix~{EgG|MkUqMgSzEva@`bEleA`rGbk@~r@qb@`|BhFzm@_ZfrIfs@|vAljCnz@hWxzAq@rrD{[nfFfLx`M~^lhFh{LqwAjoFrTvT`Npk@xaAltClo@trAgsApNq\hCspDtg@ybBgIaO | R20: 52772.536 | S20: 52772.536 | T20: 3442.011 | U20: 48.861578 | V20: 48.861578 | W20: 64.8 | X20: 64.8 | Y20: a542c97e-570b-481e-8c50-117c5c3f4836 | Z20: Объект обработки | AA20: AssortmentObject | AB20: 330000 | AE20: 65.22353 | AF20: 51.734502 | AG20: 35.859976 | AH20: wow|Haj_zEfI`O|d@ib@r_HagCbkNwcSl}Dm|A`uGk}GtqBkpFz_CwiBjy@mO`vDnfAvgClfAjdJtiF`_Clv@|}AgMtq@xbDnGtq@iG|dCb_@vkCab@peAiLzy@kA~{AdMhzCgEnxAeNht@g}@hrAub@dJ_{D`oEauCjKw@wRuNxBpEkMeFqU | AI20: 72807.186 | AJ20: 4748.7416 | AK20: 80.117866 | AL20: 80.117866 | AM20: 54.53 | AN20: 54.53 | AO20: fcebf531-af67-439c-b783-f40f0b2628fd | AP20: Объект утилизации | AQ20: CompostingObject | AR20: 130000 | AU20: 55.44 | AV20: 51.734502 | AW20: 35.859976 | AX20: skwzH{{zyE?? | AY20: 0 | AZ20: 0 | BA20: 0 | BB20: 0 | BC20: 0 | BD20: 0 | BE20: 252dbfd5-4c6f-4370-bf8e-8ef727934046 | BF20: Объект захоронения | BG20: DisposalObject | BH20: 200000 | BK20: 8.316 | BL20: 51.734502 | BM20: 35.859976 | BN20: skwzH{{zyE?? | BO20: 0 | BP20: 0 | BQ20: 0 | BR20: 0 | BS20: 0 | BT20: 0
A21: вся территория | B21: 79bd9e81-3f42-4616-8707-6bca6fbad41c | C21: Сельское поселение 2-й Поныровский сельсовет | D21: Поныровский муниципальный район | E21: 93.17647 | F21: 52.2722933 | G21: 36.2075638 | H21: 1ae1ba22-da91-4d32-8377-1e969ae1cdb1 | I21: Площадка накопления для перегрузки "Фатеж" | J21: TransshipmentObject | K21: 100000 | N21: 93.17647 | O21: 52.062826 | P21: 35.882503 | Q21: el`~Hix~{EgG|MkUqMgSzEva@`bEleA`rGbk@~r@qb@`|BhFzm@_ZfrIfs@|vAljCnz@hWxzAq@rrD{[nfFfLx`M~^lhFh{LqwAjoFrTvT`Npk@xaAltClo@trAgsApNq\hCspDtg@ybBgIaO | R21: 52772.536 | S21: 52772.536 | T21: 4917.1586 | U21: 48.861578 | V21: 48.861578 | W21: 64.8 | X21: 64.8 | Y21: a542c97e-570b-481e-8c50-117c5c3f4836 | Z21: Объект обработки | AA21: AssortmentObject | AB21: 330000 | AE21: 93.17647 | AF21: 51.734502 | AG21: 35.859976 | AH21: wow|Haj_zEfI`O|d@ib@r_HagCbkNwcSl}Dm|A`uGk}GtqBkpFz_CwiBjy@mO`vDnfAvgClfAjdJtiF`_Clv@|}AgMtq@xbDnGtq@iG|dCb_@vkCab@peAiLzy@kA~{AdMhzCgEnxAeNht@g}@hrAub@dJ_{D`oEauCjKw@wRuNxBpEkMeFqU | AI21: 72807.186 | AJ21: 6783.9166 | AK21: 80.117866 | AL21: 80.117866 | AM21: 54.53 | AN21: 54.53 | AO21: 252dbfd5-4c6f-4370-bf8e-8ef727934046 | AP21: Объект захоронения | AQ21: DisposalObject | AR21: 200000 | AU21: 79.2 | AV21: 51.734502 | AW21: 35.859976 | AX21: skwzH{{zyE?? | AY21: 0 | AZ21: 0 | BA21: 0 | BB21: 0 | BC21: 0 | BD21: 0
A22: вся территория | B22: 89296618-9df0-4fe9-8d93-f4f75d368255 | C22: Сельское поселение Троицкокраснянский сельсовет | D22: Щигровский муниципальный район | E22: 30.02176 | F22: 51.9358083 | G22: 36.6138997 | H22: f7e58bb1-8294-4c75-b71f-13fd8690de4e | I22: Площадка накопления для перегрузки в Щигровском районе | J22: TransshipmentObject | K22: 150000 | N22: 30.02176 | O22: 51.8503 | P22: 37.0678 | Q22: oy~{Hebn~EvS}tIrxAojBb|Aaj@zlAbVb[mBta@os@lJA?akBuwAacHsQo{AhSyoBfaAcaBhKsk@|HwlPjR{b@vs@yr@ji@m|DuZ{eGbBceE~]cxBrY}o@L}`Bl^gA | R22: 39014.829 | S22: 39014.829 | T22: 1171.294 | U22: 44.504187 | V22: 44.504187 | W22: 52.6 | X22: 52.6 | Y22: a542c97e-570b-481e-8c50-117c5c3f4836 | Z22: Объект обработки | AA22: AssortmentObject | AB22: 330000 | AE22: 30.02176 | AF22: 51.734502 | AG22: 35.859976 | AH22: }`n{H{yfaFm^fAM|`BsY|o@_^bxBcBbeEtZzeGki@l|Dws@xr@kRzb@}HvlPiKrk@gaAbaBiSxoBrQn{AzxAdiHnCdh@sPtbElSli@|pAxgBzTzhArr@~Prc@vx@jI|^bH|hClw@tgBvR`IplAmEbXtXpJnu@kSh~CtShz@bRlNz`BfQn`@`s@dSjiI}V|tGxn@n}CPlwDxXzjC{FxvAdKpxFdn@duD~eArkDsPngAta@bP_C|_@fPh_@oMv]la@nt@tD|c@gcBnz@vZhwBxXraAbM`}AgLv_EhmJnnF`_Clv@|}AgMvy@|mE{FnlC`_@hmC_b@~cAiLzy@kA~{AdMhzCgEnxAeNht@g}@hrAub@dJ_{D`oEauCjKw@wRuNxBpEkMeFqU | AI22: 112115.47 | AJ22: 3365.9044 | AK22: 133.28413 | AL22: 133.28413 | AM22: 50.47 | AN22: 50.47 | AO22: fcebf531-af67-439c-b783-f40f0b2628fd | AP22: Объект утилизации | AQ22: CompostingObject | AR22: 130000 | AU22: 25.5185 | AV22: 51.734502 | AW22: 35.859976 | AX22: skwzH{{zyE?? | AY22: 0 | AZ22: 0 | BA22: 0 | BB22: 0 | BC22: 0 | BD22: 0 | BE22: 252dbfd5-4c6f-4370-bf8e-8ef727934046 | BF22: Объект захоронения | BG22: DisposalObject | BH22: 200000 | BK22: 3.82778 | BL22: 51.734502 | BM22: 35.859976 | BN22: skwzH{{zyE?? | BO22: 0 | BP22: 0 | BQ22: 0 | BR22: 0 | BS22: 0 | BT22: 0
A23: вся территория | B23: 89296618-9df0-4fe9-8d93-f4f75d368255 | C23: Сельское поселение Троицкокраснянский сельсовет | D23: Щигровский муниципальный район | E23: 42.88824 | F23: 51.9358083 | G23: 36.6138997 | H23: f7e58bb1-8294-4c75-b71f-13fd8690de4e | I23: Площадка накопления для перегрузки в Щигровском районе | J23: TransshipmentObject | K23: 150000 | N23: 42.88824 | O23: 51.8503 | P23: 37.0678 | Q23: oy~{Hebn~EvS}tIrxAojBb|Aaj@zlAbVb[mBta@os@lJA?akBuwAacHsQo{AhSyoBfaAcaBhKsk@|HwlPjR{b@vs@yr@ji@m|DuZ{eGbBceE~]cxBrY}o@L}`Bl^gA | R23: 39014.829 | S23: 39014.829 | T23: 1673.2772 | U23: 44.504187 | V23: 44.504187 | W23: 52.6 | X23: 52.6 | Y23: a542c97e-570b-481e-8c50-117c5c3f4836 | Z23: Объект обработки | AA23: AssortmentObject | AB23: 330000 | AE23: 42.88824 | AF23: 51.734502 | AG23: 35.859976 | AH23: }`n{H{yfaFm^fAM|`BsY|o@_^bxBcBbeEtZzeGki@l|Dws@xr@kRzb@}HvlPiKrk@gaAbaBiSxoBrQn{AzxAdiHnCdh@sPtbElSli@|pAxgBzTzhArr@~Prc@vx@jI|^bH|hClw@tgBvR`IplAmEbXtXpJnu@kSh~CtShz@bRlNz`BfQn`@`s@dSjiI}V|tGxn@n}CPlwDxXzjC{FxvAdKpxFdn@duD~eArkDsPngAta@bP_C|_@fPh_@oMv]la@nt@tD|c@gcBnz@vZhwBxXraAbM`}AgLv_EhmJnnF`_Clv@|}AgMvy@|mE{FnlC`_@hmC_b@~cAiLzy@kA~{AdMhzCgEnxAeNht@g}@hrAub@dJ_{D`oEauCjKw@wRuNxBpEkMeFqU | AI23: 112115.47 | AJ23: 4808.4348 | AK23: 133.28413 | AL23: 133.28413 | AM23: 50.47 | AN23: 50.47 | AO23: 252dbfd5-4c6f-4370-bf8e-8ef727934046 | AP23: Объект захоронения | AQ23: DisposalObject | AR23: 200000 | AU23: 36.455 | AV23: 51.734502 | AW23: 35.859976 | AX23: skwzH{{zyE?? | AY23: 0 | AZ23: 0 | BA23: 0 | BB23: 0 | BC23: 0 | BD23: 0
A24: вся территория | B24: c4ae73a5-9095-45f2-a88a-add517c2f76b | C24: Сельское поселение Щеголянский сельсовет | D24: Беловский муниципальный район | E24: 43.35471 | F24: 51.1832639 | G24: 35.6234072 | H24: 55e5c564-6d53-4491-bdf8-1d17328ab445 | I24: Площадка накопления для перегрузки в Беловском районе | J24: TransshipmentObject | K24: 60000 | N24: 43.35471 | O24: 51.151483 | P24: 35.725227 | Q24: gukwHirlxE|LqSlINny@e{FppBmy@m^y~F`Qq~@vHpF | R24: 9631.1501 | S24: 9631.1501 | T24: 417.55568 | U24: 12.696686 | V24: 12.696686 | W24: 45.51 | X24: 45.51 | Y24: a542c97e-570b-481e-8c50-117c5c3f4836 | Z24: Объект обработки | AA24: AssortmentObject | AB24: 330000 | AE24: 43.35471 | AF24: 51.734502 | AG24: 35.859976 | AH24: mtewHyt`yEwHqFaQp~@l^x~FqpBly@_z@b}FiJnSuRpOuHqBkG~MjAbqAeMt{@kl@`g@olA}Oq{@rPyn@vc@ckAtoEt@bVoX`o@}vChsBglCjyDkuAedBkhCzJwd@mYwViAo|@cdAme@b|@aj@wcFoSqe@y_BguBslAm_AusBc]kx@gYi~AmxAwcAu|B{dAqqFu{A}tEyx@goGwmCecFur@iuD_eAo~Aci@eQ_kDrF{c@gEeaFi|Bab@o`@wiAypBa|BocB{{@o_@kHul@mShAom@{qAkRn}@qw@`jAef@`N_{D`oEauCjKw@wRuNxBpEkMeFqU | AI24: 92398.716 | AJ24: 4005.9192 | AK24: 91.533123 | AL24: 91.533123 | AM24: 60.57 | AN24: 60.57 | AO24: fcebf531-af67-439c-b783-f40f0b2628fd | AP24: Объект утилизации | AQ24: CompostingObject | AR24: 130000 | AU24: 36.8515 | AV24: 51.734502 | AW24: 35.859976 | AX24: skwzH{{zyE?? | AY24: 0 | AZ24: 0 | BA24: 0 | BB24: 0 | BC24: 0 | BD24: 0 | BE24: 252dbfd5-4c6f-4370-bf8e-8ef727934046 | BF24: Объект захоронения | BG24: DisposalObject | BH24: 200000 | BK24: 5.52773 | BL24: 51.734502 | BM24: 35.859976 | BN24: skwzH{{zyE?? | BO24: 0 | BP24: 0 | BQ24: 0 | BR24: 0 | BS24: 0 | BT24: 0
A25: вся территория | B25: c4ae73a5-9095-45f2-a88a-add517c2f76b | C25: Сельское поселение Щеголянский сельсовет | D25: Беловский муниципальный район | E25: 61.93529 | F25: 51.1832639 | G25: 35.6234072 | H25: 55e5c564-6d53-4491-bdf8-1d17328ab445 | I25: Площадка накопления для перегрузки в Беловском районе | J25: TransshipmentObject | K25: 60000 | N25: 61.93529 | O25: 51.151483 | P25: 35.725227 | Q25: gukwHirlxE|LqSlINny@e{FppBmy@m^y~F`Qq~@vHpF | R25: 9631.1501 | S25: 9631.1501 | T25: 596.50811 | U25: 12.696686 | V25: 12.696686 | W25: 45.51 | X25: 45.51 | Y25: a542c97e-570b-481e-8c50-117c5c3f4836 | Z25: Объект обработки | AA25: AssortmentObject | AB25: 330000 | AE25: 61.93529 | AF25: 51.734502 | AG25: 35.859976 | AH25: mtewHyt`yEwHqFaQp~@l^x~FqpBly@_z@b}FiJnSuRpOuHqBkG~MjAbqAeMt{@kl@`g@olA}Oq{@rPyn@vc@ckAtoEt@bVoX`o@}vChsBglCjyDkuAedBkhCzJwd@mYwViAo|@cdAme@b|@aj@wcFoSqe@y_BguBslAm_AusBc]kx@gYi~AmxAwcAu|B{dAqqFu{A}tEyx@goGwmCecFur@iuD_eAo~Aci@eQ_kDrF{c@gEeaFi|Bab@o`@wiAypBa|BocB{{@o_@kHul@mShAom@{qAkRn}@qw@`jAef@`N_{D`oEauCjKw@wRuNxBpEkMeFqU | AI25: 92398.716 | AJ25: 5722.7416 | AK25: 91.533123 | AL25: 91.533123 | AM25: 60.57 | AN25: 60.57 | AO25: 252dbfd5-4c6f-4370-bf8e-8ef727934046 | AP25: Объект захоронения | AQ25: DisposalObject | AR25: 200000 | AU25: 52.645 | AV25: 51.734502 | AW25: 35.859976 | AX25: skwzH{{zyE?? | AY25: 0 | AZ25: 0 | BA25: 0 | BB25: 0 | BC25: 0 | BD25: 0
A26: вся территория | B26: c420dd41-57d1-438c-8efe-1d43e98a2ea5 | C26: Сельское поселение Большежировский сельсовет | D26: Фатежский муниципальный район | E26: 202.13941 | F26: 51.9624957 | G26: 35.9701801 | H26: 1ae1ba22-da91-4d32-8377-1e969ae1cdb1 | I26: Площадка накопления для перегрузки "Фатеж" | J26: TransshipmentObject | K26: 100000 | N26: 202.13941 | O26: 52.062826 | P26: 35.882503 | Q26: gyc|HyepzEudHl_Ks_H`gC{d@z`@iIsM | R26: 13195.2 | S26: 13195.2 | T26: 2667.27 | U26: 13.438305 | V26: 13.438305 | W26: 58.91 | X26: 58.91 | Y26: a542c97e-570b-481e-8c50-117c5c3f4836 | Z26: Объект обработки | AA26: AssortmentObject | AB26: 330000 | AE26: 202.13941 | AF26: 51.734502 | AG26: 35.859976 | AH26: wow|Haj_zEfI`O|d@ib@r_HagCbkNwcSl}Dm|A`uGk}GtqBkpFz_CwiBjy@mO`vDnfAvgClfAjdJtiF`_Clv@|}AgMtq@xbDnGtq@iG|dCb_@vkCab@peAiLzy@kA~{AdMhzCgEnxAeNht@g}@hrAub@dJ_{D`oEauCjKw@wRuNxBpEkMeFqU | AI26: 72807.186 | AJ26: 14717.202 | AK26: 80.117866 | AL26: 80.117866 | AM26: 54.53 | AN26: 54.53 | AO26: fcebf531-af67-439c-b783-f40f0b2628fd | AP26: Объект утилизации | AQ26: CompostingObject | AR26: 130000 | AU26: 171.8185 | AV26: 51.734502 | AW26: 35.859976 | AX26: skwzH{{zyE?? | AY26: 0 | AZ26: 0 | BA26: 0 | BB26: 0 | BC26: 0 | BD26: 0 | BE26: 252dbfd5-4c6f-4370-bf8e-8ef727934046 | BF26: Объект захоронения | BG26: DisposalObject | BH26: 200000 | BK26: 25.77278 | BL26: 51.734502 | BM26: 35.859976 | BN26: skwzH{{zyE?? | BO26: 0 | BP26: 0 | BQ26: 0 | BR26: 0 | BS26: 0 | BT26: 0
A27: вся территория | B27: c420dd41-57d1-438c-8efe-1d43e98a2ea5 | C27: Сельское поселение Большежировский сельсовет | D27: Фатежский муниципальный район | E27: 288.77059 | F27: 51.9624957 | G27: 35.9701801 | H27: 1ae1ba22-da91-4d32-8377-1e969ae1cdb1 | I27: Площадка накопления для перегрузки "Фатеж" | J27: TransshipmentObject | K27: 100000 | N27: 288.77059 | O27: 52.062826 | P27: 35.882503 | Q27: gyc|HyepzEudHl_Ks_H`gC{d@z`@iIsM | R27: 13195.2 | S27: 13195.2 | T27: 3810.3857 | U27: 13.438305 | V27: 13.438305 | W27: 58.91 | X27: 58.91 | Y27: a542c97e-570b-481e-8c50-117c5c3f4836 | Z27: Объект обработки | AA27: AssortmentObject | AB27: 330000 | AE27: 288.77059 | AF27: 51.734502 | AG27: 35.859976 | AH27: wow|Haj_zEfI`O|d@ib@r_HagCbkNwcSl}Dm|A`uGk}GtqBkpFz_CwiBjy@mO`vDnfAvgClfAjdJtiF`_Clv@|}AgMtq@xbDnGtq@iG|dCb_@vkCab@peAiLzy@kA~{AdMhzCgEnxAeNht@g}@hrAub@dJ_{D`oEauCjKw@wRuNxBpEkMeFqU | AI27: 72807.186 | AJ27: 21024.574 | AK27: 80.117866 | AL27: 80.117866 | AM27: 54.53 | AN27: 54.53 | AO27: 252dbfd5-4c6f-4370-bf8e-8ef727934046 | AP27: Объект захоронения | AQ27: DisposalObject | AR27: 200000 | AU27: 245.455 | AV27: 51.734502 | AW27: 35.859976 | AX27: skwzH{{zyE?? | AY27: 0 | AZ27: 0 | BA27: 0 | BB27: 0 | BC27: 0 | BD27: 0
A28: вся территория | B28: 99123c51-53b2-4e5a-a02c-5a5df5a44b5d | C28: Сельское поселение Нагольненский сельсовет | D28: Пристенский муниципальный район | E28: 93.42118 | F28: 51.280394 | G28: 36.649135 | H28: 80d1e29e-412e-49e9-80d0-5ce3db644335 | I28: Площадка накопления для перегрузки в Пристенском районе | J28: TransshipmentObject | K28: 60000 | N28: 93.42118 | O28: 51.287047 | P28: 36.689269 | Q28: {y~wHa_u~EKwaBfHcEnS~PxCmIpUzQlq@wlCaRqPmx@qNc{@uJMbK | R28: 6853.8458 | S28: 6853.8458 | T28: 640.29434 | U28: 13.488933 | V28: 13.488933 | W28: 30.49 | X28: 30.49 | Y28: a542c97e-570b-481e-8c50-117c5c3f4836 | Z28: Объект обработки | AA28: AssortmentObject | AB28: 330000 | AE28: 93.42118 | AF28: 51.734502 | AG28: 35.859976 | AH28: ww_xH}{|~EiNgl@yL}SgHj@o[jaAcQzhCyTbiAwi@nzAdHnhBiG`nEks@vdB~rAbzGxiEzbFpx@xwBbdBxsI~Bbc@aJ|`AfHtyA`xAr~ExvAvcH`{@riGyCvTgtChtBk^xoAyv@r|@exNlgGyaCziCogFzc@klD|aAecDfAelBtzD_`Aj{@wcBfdD}~DviCek@oComBizA}vAwHu}BqtAcx@u[{t@}Jyk@`C{wKlzBtK|Onq@zmDcCleDb_@piCab@vgAiLzy@kA~{AdMhzCgEnxAiM`r@c~@ptAub@dJ_{D`oEauCjKw@wRuNxBpEkMeFqU | AI28: 114538.31 | AJ28: 10700.303 | AK28: 114.4916 | AL28: 114.4916 | AM28: 60.02 | AN28: 60.02 | AO28: fcebf531-af67-439c-b783-f40f0b2628fd | AP28: Объект утилизации | AQ28: CompostingObject | AR28: 130000 | AU28: 79.408 | AV28: 51.734502 | AW28: 35.859976 | AX28: skwzH{{zyE?? | AY28: 0 | AZ28: 0 | BA28: 0 | BB28: 0 | BC28: 0 | BD28: 0 | BE28: 252dbfd5-4c6f-4370-bf8e-8ef727934046 | BF28: Объект захоронения | BG28: DisposalObject | BH28: 200000 | BK28: 11.9112 | BL28: 51.734502 | BM28: 35.859976 | BN28: skwzH{{zyE?? | BO28: 0 | BP28: 0 | BQ28: 0 | BR28: 0 | BS28: 0 | BT28: 0
A29: вся территория | B29: 99123c51-53b2-4e5a-a02c-5a5df5a44b5d | C29: Сельское поселение Нагольненский сельсовет | D29: Пристенский муниципальный район | E29: 133.45882 | F29: 51.280394 | G29: 36.649135 | H29: 80d1e29e-412e-49e9-80d0-5ce3db644335 | I29: Площадка накопления для перегрузки в Пристенском районе | J29: TransshipmentObject | K29: 60000 | N29: 133.45882 | O29: 51.287047 | P29: 36.689269 | Q29: {y~wHa_u~EKwaBfHcEnS~PxCmIpUzQlq@wlCaRqPmx@qNc{@uJMbK | R29: 6853.8458 | S29: 6853.8458 | T29: 914.7062 | U29: 13.488933 | V29: 13.488933 | W29: 30.49 | X29: 30.49 | Y29: a542c97e-570b-481e-8c50-117c5c3f4836 | Z29: Объект обработки | AA29: AssortmentObject | AB29: 330000 | AE29: 133.45882 | AF29: 51.734502 | AG29: 35.859976 | AH29: ww_xH}{|~EiNgl@yL}SgHj@o[jaAcQzhCyTbiAwi@nzAdHnhBiG`nEks@vdB~rAbzGxiEzbFpx@xwBbdBxsI~Bbc@aJ|`AfHtyA`xAr~ExvAvcH`{@riGyCvTgtChtBk^xoAyv@r|@exNlgGyaCziCogFzc@klD|aAecDfAelBtzD_`Aj{@wcBfdD}~DviCek@oComBizA}vAwHu}BqtAcx@u[{t@}Jyk@`C{wKlzBtK|Onq@zmDcCleDb_@piCab@vgAiLzy@kA~{AdMhzCgEnxAiM`r@c~@ptAub@dJ_{D`oEauCjKw@wRuNxBpEkMeFqU | AI29: 114538.31 | AJ29: 15286.148 | AK29: 114.4916 | AL29: 114.4916 | AM29: 60.02 | AN29: 60.02 | AO29: 252dbfd5-4c6f-4370-bf8e-8ef727934046 | AP29: Объект захоронения | AQ29: DisposalObject | AR29: 200000 | AU29: 113.44 | AV29: 51.734502 | AW29: 35.859976 | AX29: skwzH{{zyE?? | AY29: 0 | AZ29: 0 | BA29: 0 | BB29: 0 | BC29: 0 | BD29: 0
A30: вся территория | B30: 94bc99f0-89b0-4ca8-9f23-7938929a5876 | C30: Сельское поселение Быстрецкий сельсовет | D30: Тимский муниципальный район | E30: 56.09882 | F30: 51.6012795 | G30: 37.4313851 | H30: f7e58bb1-8294-4c75-b71f-13fd8690de4e | I30: Площадка накопления для перегрузки в Щигровском районе | J30: TransshipmentObject | K30: 150000 | N30: 56.09882 | O30: 51.8503 | P30: 37.0678 | Q30: uh}yHexmcFlAca@eI`Q_g@zJkHrRk^nOct@diBqdAtGeFz_F`QxnU_h@~pMiwAfzIeqBk]ayAp@ulDqO_g@h`@yr@gAqMfHe`BxyC{bAtj@chAxnCqiFj~EofBtbEunAjcBkS|}@_ItrBedAxmCwWrWiQ|Akb@_BjV}nBk[y_GbBceE~]cxBrY}o@L}`Bl^gA | R30: 64703.938 | S30: 64703.938 | T30: 3629.8148 | U30: 61.882689 | V30: 61.882689 | W30: 62.74 | X30: 62.74 | Y30: a542c97e-570b-481e-8c50-117c5c3f4836 | Z30: Объект обработки | AA30: AssortmentObject | AB30: 330000 | AE30: 56.09882 | AF30: 51.734502 | AG30: 35.859976 | AH30: }`n{H{yfaFm^fAM|`BsY|o@_^bxBcBbeEtZzeGki@l|Dws@xr@kRzb@}HvlPiKrk@gaAbaBiSxoBrQn{AzxAdiHnCdh@sPtbElSli@|pAxgBzTzhArr@~Prc@vx@jI|^bH|hClw@tgBvR`IplAmEbXtXpJnu@kSh~CtShz@bRlNz`BfQn`@`s@dSjiI}V|tGxn@n}CPlwDxXzjC{FxvAdKpxFdn@duD~eArkDsPngAta@bP_C|_@fPh_@oMv]la@nt@tD|c@gcBnz@vZhwBxXraAbM`}AgLv_EhmJnnF`_Clv@|}AgMvy@|mE{FnlC`_@hmC_b@~cAiLzy@kA~{AdMhzCgEnxAeNht@g}@hrAub@dJ_{D`oEauCjKw@wRuNxBpEkMeFqU | AI30: 112115.47 | AJ30: 6289.5462 | AK30: 133.28413 | AL30: 133.28413 | AM30: 50.47 | AN30: 50.47 | AO30: fcebf531-af67-439c-b783-f40f0b2628fd | AP30: Объект утилизации | AQ30: CompostingObject | AR30: 130000 | AU30: 47.684 | AV30: 51.734502 | AW30: 35.859976 | AX30: skwzH{{zyE?? | AY30: 0 | AZ30: 0 | BA30: 0 | BB30: 0 | BC30: 0 | BD30: 0 | BE30: 252dbfd5-4c6f-4370-bf8e-8ef727934046 | BF30: Объект захоронения | BG30: DisposalObject | BH30: 200000 | BK30: 7.1526 | BL30: 51.734502 | BM30: 35.859976 | BN30: skwzH{{zyE?? | BO30: 0 | BP30: 0 | BQ30: 0 | BR30: 0 | BS30: 0 | BT30: 0
A31: вся территория | B31: 94bc99f0-89b0-4ca8-9f23-7938929a5876 | C31: Сельское поселение Быстрецкий сельсовет | D31: Тимский муниципальный район | E31: 80.14118 | F31: 51.6012795 | G31: 37.4313851 | H31: f7e58bb1-8294-4c75-b71f-13fd8690de4e | I31: Площадка накопления для перегрузки в Щигровском районе | J31: TransshipmentObject | K31: 150000 | N31: 80.14118 | O31: 51.8503 | P31: 37.0678 | Q31: uh}yHexmcFlAca@eI`Q_g@zJkHrRk^nOct@diBqdAtGeFz_F`QxnU_h@~pMiwAfzIeqBk]ayAp@ulDqO_g@h`@yr@gAqMfHe`BxyC{bAtj@chAxnCqiFj~EofBtbEunAjcBkS|}@_ItrBedAxmCwWrWiQ|Akb@_BjV}nBk[y_GbBceE~]cxBrY}o@L}`Bl^gA | R31: 64703.938 | S31: 64703.938 | T31: 5185.4497 | U31: 61.882689 | V31: 61.882689 | W31: 62.74 | X31: 62.74 | Y31: a542c97e-570b-481e-8c50-117c5c3f4836 | Z31: Объект обработки | AA31: AssortmentObject | AB31: 330000 | AE31: 80.14118 | AF31: 51.734502 | AG31: 35.859976 | AH31: }`n{H{yfaFm^fAM|`BsY|o@_^bxBcBbeEtZzeGki@l|Dws@xr@kRzb@}HvlPiKrk@gaAbaBiSxoBrQn{AzxAdiHnCdh@sPtbElSli@|pAxgBzTzhArr@~Prc@vx@jI|^bH|hClw@tgBvR`IplAmEbXtXpJnu@kSh~CtShz@bRlNz`BfQn`@`s@dSjiI}V|tGxn@n}CPlwDxXzjC{FxvAdKpxFdn@duD~eArkDsPngAta@bP_C|_@fPh_@oMv]la@nt@tD|c@gcBnz@vZhwBxXraAbM`}AgLv_EhmJnnF`_Clv@|}AgMvy@|mE{FnlC`_@hmC_b@~cAiLzy@kA~{AdMhzCgEnxAeNht@g}@hrAub@dJ_{D`oEauCjKw@wRuNxBpEkMeFqU | AI31: 112115.47 | AJ31: 8985.066 | AK31: 133.28413 | AL31: 133.28413 | AM31: 50.47 | AN31: 50.47 | AO31: 252dbfd5-4c6f-4370-bf8e-8ef727934046 | AP31: Объект захоронения | AQ31: DisposalObject | AR31: 200000 | AU31: 68.12 | AV31: 51.734502 | AW31: 35.859976 | AX31: skwzH{{zyE?? | AY31: 0 | AZ31: 0 | BA31: 0 | BB31: 0 | BC31: 0 | BD31: 0
A32: вся территория | B32: eab28a1f-7523-43bb-aac8-46ab71d11f05 | C32: Сельское поселение Котовский сельсовет Касторенского района | D32: Касторенский муниципальный район | E32: 81.91647 | F32: 51.776215 | G32: 38.169948 | H32: af282fb6-411e-4418-a3e1-5c83b37fbf99 | I32: Площадка накопления для перегрузки в Касторенском районе | J32: TransshipmentObject | K32: 150000 | N32: 81.91647 | O32: 51.819396 | P32: 38.106891 | Q32: er_{Hy~}gFzFxN_Pr_@kf@~}DaN[}a@rXqT_Hye@fGccAcLgcAgl@_KtuAvDhRi`@dDpd@pyBrM{EtIaa@ | R32: 11701.631 | S32: 11701.631 | T32: 958.55633 | U32: 18.679125 | V32: 18.679125 | W32: 37.59 | X32: 37.59 | Y32: a542c97e-570b-481e-8c50-117c5c3f4836 | Z32: Объект обработки | AA32: AssortmentObject | AB32: 330000 | AE32: 81.91647 | AF32: 51.734502 | AG32: 35.859976 | AH32: cbh{H}pqgFuI`a@sMzEqd@qyBh`@eDwDiR~JuuAteAfm@t`AbKdh@uF_EzLvUzBlFrf@jpCjvArvB|YraDxkB~c@{@xv@zoAznAxpCnsClwKj`HziKfvB|zDy`@t|Aek@trHvObmL}i@npRti@p~]c~A~xJsRj|CqG`yFtQr}Tgf@tpMiiCzfPsKn_DnDt|Axt@dgFlUvxCq`@nmOtf@`mRuv@zjDgz@lrB{bAv`Gfj@dvDrChsBoe@tgOqk@`fDsr@taCs~AnaKkj@vyBke@``@ka@bcC_EbuDjc@l`DhHjaE{_AvgH~V`qHwI`d@u`ArmB~@`Wtr@nQli@pl@|U|mA~MnQi_@`fA~~@`PvOhYrZbhAkDtp@rKuDh_GjgDlGb_Ao_@`cAuGryEpvAvbHcCleD`_@hmC_b@~cAiLzy@kA~{AdMhzCgEnxAkPtx@a{@|mAub@dJ_{D`oEauCjKw@wRuNxBpEkMeFqU | AI32: 195498.25 | AJ32: 16014.526 | AK32: 201.6778 | AL32: 201.6778 | AM32: 58.16 | AN32: 58.16 | AO32: fcebf531-af67-439c-b783-f40f0b2628fd | AP32: Объект утилизации | AQ32: CompostingObject | AR32: 130000 | AU32: 69.629 | AV32: 51.734502 | AW32: 35.859976 | AX32: skwzH{{zyE?? | AY32: 0 | AZ32: 0 | BA32: 0 | BB32: 0 | BC32: 0 | BD32: 0 | BE32: 252dbfd5-4c6f-4370-bf8e-8ef727934046 | BF32: Объект захоронения | BG32: DisposalObject | BH32: 200000 | BK32: 10.44435 | BL32: 51.734502 | BM32: 35.859976 | BN32: skwzH{{zyE?? | BO32: 0 | BP32: 0 | BQ32: 0 | BR32: 0 | BS32: 0 | BT32: 0
A33: вся территория | B33: eab28a1f-7523-43bb-aac8-46ab71d11f05 | C33: Сельское поселение Котовский сельсовет Касторенского района | D33: Касторенский муниципальный район | E33: 117.02353 | F33: 51.776215 | G33: 38.169948 | H33: af282fb6-411e-4418-a3e1-5c83b37fbf99 | I33: Площадка накопления для перегрузки в Касторенском районе | J33: TransshipmentObject | K33: 150000 | N33: 117.02353 | O33: 51.819396 | P33: 38.106891 | Q33: er_{Hy~}gFzFxN_Pr_@kf@~}DaN[}a@rXqT_Hye@fGccAcLgcAgl@_KtuAvDhRi`@dDpd@pyBrM{EtIaa@ | R33: 11701.631 | S33: 11701.631 | T33: 1369.3662 | U33: 18.679125 | V33: 18.679125 | W33: 37.59 | X33: 37.59 | Y33: a542c97e-570b-481e-8c50-117c5c3f4836 | Z33: Объект обработки | AA33: AssortmentObject | AB33: 330000 | AE33: 117.02353 | AF33: 51.734502 | AG33: 35.859976 | AH33: cbh{H}pqgFuI`a@sMzEqd@qyBh`@eDwDiR~JuuAteAfm@t`AbKdh@uF_EzLvUzBlFrf@jpCjvArvB|YraDxkB~c@{@xv@zoAznAxpCnsClwKj`HziKfvB|zDy`@t|Aek@trHvObmL}i@npRti@p~]c~A~xJsRj|CqG`yFtQr}Tgf@tpMiiCzfPsKn_DnDt|Axt@dgFlUvxCq`@nmOtf@`mRuv@zjDgz@lrB{bAv`Gfj@dvDrChsBoe@tgOqk@`fDsr@taCs~AnaKkj@vyBke@``@ka@bcC_EbuDjc@l`DhHjaE{_AvgH~V`qHwI`d@u`ArmB~@`Wtr@nQli@pl@|U|mA~MnQi_@`fA~~@`PvOhYrZbhAkDtp@rKuDh_GjgDlGb_Ao_@`cAuGryEpvAvbHcCleD`_@hmC_b@~cAiLzy@kA~{AdMhzCgEnxAkPtx@a{@|mAub@dJ_{D`oEauCjKw@wRuNxBpEkMeFqU | AI33: 195498.25 | AJ33: 22877.895 | AK33: 201.6778 | AL33: 201.6778 | AM33: 58.16 | AN33: 58.16 | AO33: 252dbfd5-4c6f-4370-bf8e-8ef727934046 | AP33: Объект захоронения | AQ33: DisposalObject | AR33: 200000 | AU33: 99.47 | AV33: 51.734502 | AW33: 35.859976 | AX33: skwzH{{zyE?? | AY33: 0 | AZ33: 0 | BA33: 0 | BB33: 0 | BC33: 0 | BD33: 0
A34: вся территория | B34: b52b353b-2ed2-4be7-a826-0748873e9cda | C34: Сельское поселение Некрасовский сельсовет | D34: Рыльский муниципальный район | E34: 112.98412 | F34: 51.489173 | G34: 34.724791 | H34: 795700af-1132-4714-950c-0932f55f9af4 | I34: Площадка перегруза в Рыльском районе | J34: TransshipmentObject | K34: 150000 | N34: 112.98412 | O34: 51.54387633335276 | P34: 34.658142851018 | Q34: {mgyHed}rEef@x}@pGrK_CzNrZr]pTzr@tz@vv@ogBxtEw`@`aCy|@jYe[e@}cBq]}cAsa@wJeYgBa~AwNi{A_g@e}@ze@zx@`PtbB | R34: 18964.589 | S34: 18964.589 | T34: 2142.6974 | U34: 23.577528 | V34: 23.577528 | W34: 48.26 | X34: 48.26 | Y34: a542c97e-570b-481e-8c50-117c5c3f4836 | Z34: Объект обработки | AA34: AssortmentObject | AB34: 330000 | AE34: 112.98412 | AF34: 51.734502 | AG34: 35.859976 | AH34: q`ryH}dprEdDpdBkp@wUwJrHk`@i]vAf\rMxQqBhIqSsBmV|s@yRok@{MybFrX@XcjAj\uI`GgpBebAaxDnSw~CcLyvAsbAw`EMswBgMynAnK}oDaDojA_d@uqAqHa_AsnAo`F{]kkGkgCezLeZifD_MiiGcw@q|L|Eig@te@yt@~CkoEra@c{AdIeaAxDslAuNodIjtD}{GrL}p@w@weCjUwd@ulAimFcS_sBcl@_zB{tAukIoHkeE{_B[uJar@uSyb@gj@kjGVoeAxd@}}Fcm@o{Eod@}uAwDql@fu@oxGbu@auBvc@gt@nc@wyBnMmnCgl@mpCqNstAq_AasBkRn}@qw@`jAef@`N_{D`oEauCjKw@wRuNxBpEkMeFqU | AI34: 114707.87 | AJ34: 12960.168 | AK34: 126.65686 | AL34: 126.65686 | AM34: 54.34 | AN34: 54.34 | AO34: fcebf531-af67-439c-b783-f40f0b2628fd | AP34: Объект утилизации | AQ34: CompostingObject | AR34: 130000 | AU34: 96.0365 | AV34: 51.734502 | AW34: 35.859976 | AX34: skwzH{{zyE?? | AY34: 0 | AZ34: 0 | BA34: 0 | BB34: 0 | BC34: 0 | BD34: 0 | BE34: 252dbfd5-4c6f-4370-bf8e-8ef727934046 | BF34: Объект захоронения | BG34: DisposalObject | BH34: 200000 | BK34: 14.40548 | BL34: 51.734502 | BM34: 35.859976 | BN34: skwzH{{zyE?? | BO34: 0 | BP34: 0 | BQ34: 0 | BR34: 0 | BS34: 0 | BT34: 0
A35: вся территория | B35: b52b353b-2ed2-4be7-a826-0748873e9cda | C35: Сельское поселение Некрасовский сельсовет | D35: Рыльский муниципальный район | E35: 161.40588 | F35: 51.489173 | G35: 34.724791 | H35: 795700af-1132-4714-950c-0932f55f9af4 | I35: Площадка перегруза в Рыльском районе | J35: TransshipmentObject | K35: 150000 | N35: 161.40588 | O35: 51.54387633335276 | P35: 34.658142851018 | Q35: {mgyHed}rEef@x}@pGrK_CzNrZr]pTzr@tz@vv@ogBxtEw`@`aCy|@jYe[e@}cBq]}cAsa@wJeYgBa~AwNi{A_g@e}@ze@zx@`PtbB | R35: 18964.589 | S35: 18964.589 | T35: 3060.9963 | U35: 23.577528 | V35: 23.577528 | W35: 48.26 | X35: 48.26 | Y35: a542c97e-570b-481e-8c50-117c5c3f4836 | Z35: Объект обработки | AA35: AssortmentObject | AB35: 330000 | AE35: 161.40588 | AF35: 51.734502 | AG35: 35.859976 | AH35: q`ryH}dprEdDpdBkp@wUwJrHk`@i]vAf\rMxQqBhIqSsBmV|s@yRok@{MybFrX@XcjAj\uI`GgpBebAaxDnSw~CcLyvAsbAw`EMswBgMynAnK}oDaDojA_d@uqAqHa_AsnAo`F{]kkGkgCezLeZifD_MiiGcw@q|L|Eig@te@yt@~CkoEra@c{AdIeaAxDslAuNodIjtD}{GrL}p@w@weCjUwd@ulAimFcS_sBcl@_zB{tAukIoHkeE{_B[uJar@uSyb@gj@kjGVoeAxd@}}Fcm@o{Eod@}uAwDql@fu@oxGbu@auBvc@gt@nc@wyBnMmnCgl@mpCqNstAq_AasBkRn}@qw@`jAef@`N_{D`oEauCjKw@wRuNxBpEkMeFqU | AI35: 114707.87 | AJ35: 18514.526 | AK35: 126.65686 | AL35: 126.65686 | AM35: 54.34 | AN35: 54.34 | AO35: 252dbfd5-4c6f-4370-bf8e-8ef727934046 | AP35: Объект захоронения | AQ35: DisposalObject | AR35: 200000 | AU35: 137.195 | AV35: 51.734502 | AW35: 35.859976 | AX35: skwzH{{zyE?? | AY35: 0 | AZ35: 0 | BA35: 0 | BB35: 0 | BC35: 0 | BD35: 0
A36: вся территория | B36: b1161993-fdbc-49e0-93f0-a38d88486351 | C36: Сельское поселение Чаплинский сельсовет | D36: Курчатовский муниципальный район | E36: 119.42412 | F36: 51.6093817 | G36: 35.5326976 | H36: a542c97e-570b-481e-8c50-117c5c3f4836 | I36: Объект обработки | J36: AssortmentObject | K36: 330000 | N36: 119.42412 | O36: 51.734502 | P36: 35.859976 | Q36: o}~yHm~zwE`ByN_gAyVwr@`DmLou@oCeiFj\g|AtnDqsHhmAenB~jAkiFbYsxJtYqyA_a@_gIspDoeBe{AadCa|BocB{{@o_@kHul@mShAom@{qAkRn}@qw@`jAef@`N_{D`oEauCjKw@wRuNxBpEkMeFqU | R36: 47362.306 | S36: 47362.306 | T36: 5656.2016 | U36: 50.459851 | V36: 50.459851 | W36: 56.32 | X36: 56.32 | Y36: fcebf531-af67-439c-b783-f40f0b2628fd | Z36: Объект утилизации | AA36: CompostingObject | AB36: 130000 | AE36: 101.5105 | AF36: 51.734502 | AG36: 35.859976 | AH36: skwzH{{zyE?? | AI36: 0 | AJ36: 0 | AK36: 0 | AL36: 0 | AM36: 0 | AN36: 0 | AO36: 252dbfd5-4c6f-4370-bf8e-8ef727934046 | AP36: Объект захоронения | AQ36: DisposalObject | AR36: 200000 | AU36: 15.22658 | AV36: 51.734502 | AW36: 35.859976 | AX36: skwzH{{zyE?? | AY36: 0 | AZ36: 0 | BA36: 0 | BB36: 0 | BC36: 0 | BD36: 0
A37: вся территория | B37: b1161993-fdbc-49e0-93f0-a38d88486351 | C37: Сельское поселение Чаплинский сельсовет | D37: Курчатовский муниципальный район | E37: 170.60588 | F37: 51.6093817 | G37: 35.5326976 | H37: a542c97e-570b-481e-8c50-117c5c3f4836 | I37: Объект обработки | J37: AssortmentObject | K37: 330000 | N37: 170.60588 | O37: 51.734502 | P37: 35.859976 | Q37: o}~yHm~zwE`ByN_gAyVwr@`DmLou@oCeiFj\g|AtnDqsHhmAenB~jAkiFbYsxJtYqyA_a@_gIspDoeBe{AadCa|BocB{{@o_@kHul@mShAom@{qAkRn}@qw@`jAef@`N_{D`oEauCjKw@wRuNxBpEkMeFqU | R37: 47362.306 | S37: 47362.306 | T37: 8080.288 | U37: 50.459851 | V37: 50.459851 | W37: 56.32 | X37: 56.32 | Y37: 252dbfd5-4c6f-4370-bf8e-8ef727934046 | Z37: Объект захоронения | AA37: DisposalObject | AB37: 200000 | AE37: 145.015 | AF37: 51.734502 | AG37: 35.859976 | AH37: skwzH{{zyE?? | AI37: 0 | AJ37: 0 | AK37: 0 | AL37: 0 | AM37: 0 | AN37: 0
A38: вся территория | B38: 7d3bffb4-2ea6-4d15-8ec3-52627905249d | C38: Сельское поселение Вышнеольховатский сельсовет | D38: Щигровский муниципальный район | E38: 23.25235 | F38: 51.9773889 | G38: 36.9327371 | H38: f7e58bb1-8294-4c75-b71f-13fd8690de4e | I38: Площадка накопления для перегрузки в Щигровском районе | J38: TransshipmentObject | K38: 150000 | N38: 23.25235 | O38: 51.8503 | P38: 37.0678 | Q38: kzf|Hqel`FzExJuJpKdC~b@_Mdd@hjBvmB`t@zPnpBku@fXeBj_@vPnd@hk@dYaBpX|W|e@mvA~uAaj@`o@xTrG{Rnz@mu@lJvTjVqNbm@{iEk[y_GhB{fEx]kvBrY}o@L}`Bl^gA | R38: 27036.888 | S38: 27036.888 | T38: 628.67127 | U38: 37.190157 | V38: 37.190157 | W38: 43.62 | X38: 43.62 | Y38: a542c97e-570b-481e-8c50-117c5c3f4836 | Z38: Объект обработки | AA38: AssortmentObject | AB38: 330000 | AE38: 23.25235 | AF38: 51.734502 | AG38: 35.859976 | AH38: }`n{H{yfaFm^fAM|`BsY|o@_^bxBcBbeEtZzeGki@l|Dws@xr@kRzb@}HvlPiKrk@gaAbaBiSxoBrQn{AzxAdiHnCdh@sPtbElSli@|pAxgBzTzhArr@~Prc@vx@jI|^bH|hClw@tgBvR`IplAmEbXtXpJnu@kSh~CtShz@bRlNz`BfQn`@`s@dSjiI}V|tGxn@n}CPlwDxXzjC{FxvAdKpxFdn@duD~eArkDsPngAta@bP_C|_@fPh_@oMv]la@nt@tD|c@gcBnz@vZhwBxXraAbM`}AgLv_EhmJnnF`_Clv@|}AgMvy@|mE{FnlC`_@hmC_b@~cAiLzy@kA~{AdMhzCgEnxAeNht@g}@hrAub@dJ_{D`oEauCjKw@wRuNxBpEkMeFqU | AI38: 112115.47 | AJ38: 2606.9486 | AK38: 133.28413 | AL38: 133.28413 | AM38: 50.47 | AN38: 50.47 | AO38: fcebf531-af67-439c-b783-f40f0b2628fd | AP38: Объект утилизации | AQ38: CompostingObject | AR38: 130000 | AU38: 19.7645 | AV38: 51.734502 | AW38: 35.859976 | AX38: skwzH{{zyE?? | AY38: 0 | AZ38: 0 | BA38: 0 | BB38: 0 | BC38: 0 | BD38: 0 | BE38: 252dbfd5-4c6f-4370-bf8e-8ef727934046 | BF38: Объект захоронения | BG38: DisposalObject | BH38: 200000 | BK38: 2.96468 | BL38: 51.734502 | BM38: 35.859976 | BN38: skwzH{{zyE?? | BO38: 0 | BP38: 0 | BQ38: 0 | BR38: 0 | BS38: 0 | BT38: 0
A39: вся территория | B39: 7d3bffb4-2ea6-4d15-8ec3-52627905249d | C39: Сельское поселение Вышнеольховатский сельсовет | D39: Щигровский муниципальный район | E39: 33.21765 | F39: 51.9773889 | G39: 36.9327371 | H39: f7e58bb1-8294-4c75-b71f-13fd8690de4e | I39: Площадка накопления для перегрузки в Щигровском районе | J39: TransshipmentObject | K39: 150000 | N39: 33.21765 | O39: 51.8503 | P39: 37.0678 | Q39: kzf|Hqel`FzExJuJpKdC~b@_Mdd@hjBvmB`t@zPnpBku@fXeBj_@vPnd@hk@dYaBpX|W|e@mvA~uAaj@`o@xTrG{Rnz@mu@lJvTjVqNbm@{iEk[y_GhB{fEx]kvBrY}o@L}`Bl^gA | R39: 27036.888 | S39: 27036.888 | T39: 898.10181 | U39: 37.190157 | V39: 37.190157 | W39: 43.62 | X39: 43.62 | Y39: a542c97e-570b-481e-8c50-117c5c3f4836 | Z39: Объект обработки | AA39: AssortmentObject | AB39: 330000 | AE39: 33.21765 | AF39: 51.734502 | AG39: 35.859976 | AH39: }`n{H{yfaFm^fAM|`BsY|o@_^bxBcBbeEtZzeGki@l|Dws@xr@kRzb@}HvlPiKrk@gaAbaBiSxoBrQn{AzxAdiHnCdh@sPtbElSli@|pAxgBzTzhArr@~Prc@vx@jI|^bH|hClw@tgBvR`IplAmEbXtXpJnu@kSh~CtShz@bRlNz`BfQn`@`s@dSjiI}V|tGxn@n}CPlwDxXzjC{FxvAdKpxFdn@duD~eArkDsPngAta@bP_C|_@fPh_@oMv]la@nt@tD|c@gcBnz@vZhwBxXraAbM`}AgLv_EhmJnnF`_Clv@|}AgMvy@|mE{FnlC`_@hmC_b@~cAiLzy@kA~{AdMhzCgEnxAeNht@g}@hrAub@dJ_{D`oEauCjKw@wRuNxBpEkMeFqU | AI39: 112115.47 | AJ39: 3724.2123 | AK39: 133.28413 | AL39: 133.28413 | AM39: 50.47 | AN39: 50.47 | AO39: 252dbfd5-4c6f-4370-bf8e-8ef727934046 | AP39: Объект захоронения | AQ39: DisposalObject | AR39: 200000 | AU39: 28.235 | AV39: 51.734502 | AW39: 35.859976 | AX39: skwzH{{zyE?? | AY39: 0 | AZ39: 0 | BA39: 0 | BB39: 0 | BC39: 0 | BD39: 0
A40: вся территория | B40: defd3d60-9383-4eee-ac7f-7ddc71b082f3 | C40: Сельское поселение Барковский сельсовет | D40: Тимский муниципальный район | E40: 95.50059 | F40: 51.6992275 | G40: 36.8889513 | H40: a542c97e-570b-481e-8c50-117c5c3f4836 | I40: Объект обработки | J40: AssortmentObject | K40: 330000 | N40: 95.50059 | O40: 51.734502 | P40: 35.859976 | Q40: enpzH}~c`Ffx@zT~e@jn@tvBtc@vh@h\~_@mAxSniJuv@zjDgz@lrB{bAv`Gfj@dvDrChsBoe@tgOqk@`fDsr@taCs~AnaKkj@vyBke@``@ka@bcC_EbuDjc@l`DlHx}Dyz@rfGyDhpAzXptF`_@mJf_A{xAp{C}Aph@ld@bIrUxRhsDthA|f@do@~f@vZde@nRhr@tTlaEoy@`ZoGxN~d@|vBaKd_CqoAip@zInfAo_@`cA}GhsExvA`iHcCleDb_@vkCab@peAiLzy@kA~{AdMhzCgEnxAkPtx@a{@|mAub@dJ_{D`oEauCjKw@wRuNxBpEkMeFqU | R40: 97977.249 | S40: 97977.249 | T40: 9356.8849 | U40: 115.07185 | V40: 115.07185 | W40: 51.09 | X40: 51.09 | Y40: fcebf531-af67-439c-b783-f40f0b2628fd | Z40: Объект утилизации | AA40: CompostingObject | AB40: 130000 | AE40: 81.1755 | AF40: 51.734502 | AG40: 35.859976 | AH40: skwzH{{zyE?? | AI40: 0 | AJ40: 0 | AK40: 0 | AL40: 0 | AM40: 0 | AN40: 0 | AO40: 252dbfd5-4c6f-4370-bf8e-8ef727934046 | AP40: Объект захоронения | AQ40: DisposalObject | AR40: 200000 | AU40: 12.17633 | AV40: 51.734502 | AW40: 35.859976 | AX40: skwzH{{zyE?? | AY40: 0 | AZ40: 0 | BA40: 0 | BB40: 0 | BC40: 0 | BD40: 0
A41: вся территория | B41: defd3d60-9383-4eee-ac7f-7ddc71b082f3 | C41: Сельское поселение Барковский сельсовет | D41: Тимский муниципальный район | E41: 136.42941 | F41: 51.6992275 | G41: 36.8889513 | H41: a542c97e-570b-481e-8c50-117c5c3f4836 | I41: Объект обработки | J41: AssortmentObject | K41: 330000 | N41: 136.42941 | O41: 51.734502 | P41: 35.859976 | Q41: enpzH}~c`Ffx@zT~e@jn@tvBtc@vh@h\~_@mAxSniJuv@zjDgz@lrB{bAv`Gfj@dvDrChsBoe@tgOqk@`fDsr@taCs~AnaKkj@vyBke@``@ka@bcC_EbuDjc@l`DlHx}Dyz@rfGyDhpAzXptF`_@mJf_A{xAp{C}Aph@ld@bIrUxRhsDthA|f@do@~f@vZde@nRhr@tTlaEoy@`ZoGxN~d@|vBaKd_CqoAip@zInfAo_@`cA}GhsExvA`iHcCleDb_@vkCab@peAiLzy@kA~{AdMhzCgEnxAkPtx@a{@|mAub@dJ_{D`oEauCjKw@wRuNxBpEkMeFqU | R41: 97977.249 | S41: 97977.249 | T41: 13366.979 | U41: 115.07185 | V41: 115.07185 | W41: 51.09 | X41: 51.09 | Y41: 252dbfd5-4c6f-4370-bf8e-8ef727934046 | Z41: Объект захоронения | AA41: DisposalObject | AB41: 200000 | AE41: 115.965 | AF41: 51.734502 | AG41: 35.859976 | AH41: skwzH{{zyE?? | AI41: 0 | AJ41: 0 | AK41: 0 | AL41: 0 | AM41: 0 | AN41: 0
A42: вся территория | B42: 91b4ed44-dd4a-4a7c-9c01-5fa611cda8ba | C42: Сельское поселение Ольховский сельсовет | D42: Хомутовский муниципальный район | E42: 69.20118 | F42: 51.8394605 | G42: 34.6100337 | H42: 795700af-1132-4714-950c-0932f55f9af4 | I42: Площадка перегруза в Рыльском районе | J42: TransshipmentObject | K42: 150000 | N42: 69.20118 | O42: 51.54387633335276 | P42: 34.658142851018 | Q42: }uk{Hq}frEhZlt@le@{x@puDowCxoAhf@|xAcr@|gD}e@|vEgmEh`@_Jhk@wi@pv@kaA|]gsAfyBmkAn~BmVhSjAly@zd@xyAvkBtw@`@nY~QdvA|`D|f@hk@nOyz@feBl@n@okAd^yEjiAdmAzT~mB | R42: 39790.227 | S42: 39790.227 | T42: 2753.5305 | U42: 38.7057 | V42: 38.7057 | W42: 61.68 | X42: 61.68 | Y42: a542c97e-570b-481e-8c50-117c5c3f4836 | Z42: Объект обработки | AA42: AssortmentObject | AB42: 330000 | AE42: 69.20118 | AF42: 51.734502 | AG42: 35.859976 | AH42: q`ryH}dprEdDpdBkp@wUwJrHk`@i]vAf\rMxQqBhIqSsBmV|s@yRok@{MybFrX@XcjAj\uI`GgpBebAaxDnSw~CcLyvAsbAw`EMswBgMynAnK}oDaDojA_d@uqAqHa_AsnAo`F{]kkGkgCezLeZifD_MiiGcw@q|L|Eig@te@yt@~CkoEra@c{AdIeaAxDslAuNodIjtD}{GrL}p@w@weCjUwd@ulAimFcS_sBcl@_zB{tAukIoHkeE{_B[uJar@uSyb@gj@kjGVoeAxd@}}Fcm@o{Eod@}uAwDql@fu@oxGbu@auBvc@gt@nc@wyBnMmnCgl@mpCqNstAq_AasBkRn}@qw@`jAef@`N_{D`oEauCjKw@wRuNxBpEkMeFqU | AI42: 114707.87 | AJ42: 7937.9198 | AK42: 126.65686 | AL42: 126.65686 | AM42: 54.34 | AN42: 54.34 | AO42: fcebf531-af67-439c-b783-f40f0b2628fd | AP42: Объект утилизации | AQ42: CompostingObject | AR42: 130000 | AU42: 58.821 | AV42: 51.734502 | AW42: 35.859976 | AX42: skwzH{{zyE?? | AY42: 0 | AZ42: 0 | BA42: 0 | BB42: 0 | BC42: 0 | BD42: 0 | BE42: 252dbfd5-4c6f-4370-bf8e-8ef727934046 | BF42: Объект захоронения | BG42: DisposalObject | BH42: 200000 | BK42: 8.82315 | BL42: 51.734502 | BM42: 35.859976 | BN42: skwzH{{zyE?? | BO42: 0 | BP42: 0 | BQ42: 0 | BR42: 0 | BS42: 0 | BT42: 0
A43: вся территория | B43: 91b4ed44-dd4a-4a7c-9c01-5fa611cda8ba | C43: Сельское поселение Ольховский сельсовет | D43: Хомутовский муниципальный район | E43: 98.85882 | F43: 51.8394605 | G43: 34.6100337 | H43: 795700af-1132-4714-950c-0932f55f9af4 | I43: Площадка перегруза в Рыльском районе | J43: TransshipmentObject | K43: 150000 | N43: 98.85882 | O43: 51.54387633335276 | P43: 34.658142851018 | Q43: }uk{Hq}frEhZlt@le@{x@puDowCxoAhf@|xAcr@|gD}e@|vEgmEh`@_Jhk@wi@pv@kaA|]gsAfyBmkAn~BmVhSjAly@zd@xyAvkBtw@`@nY~QdvA|`D|f@hk@nOyz@feBl@n@okAd^yEjiAdmAzT~mB | R43: 39790.227 | S43: 39790.227 | T43: 3933.615 | U43: 38.7057 | V43: 38.7057 | W43: 61.68 | X43: 61.68 | Y43: a542c97e-570b-481e-8c50-117c5c3f4836 | Z43: Объект обработки | AA43: AssortmentObject | AB43: 330000 | AE43: 98.85882 | AF43: 51.734502 | AG43: 35.859976 | AH43: q`ryH}dprEdDpdBkp@wUwJrHk`@i]vAf\rMxQqBhIqSsBmV|s@yRok@{MybFrX@XcjAj\uI`GgpBebAaxDnSw~CcLyvAsbAw`EMswBgMynAnK}oDaDojA_d@uqAqHa_AsnAo`F{]kkGkgCezLeZifD_MiiGcw@q|L|Eig@te@yt@~CkoEra@c{AdIeaAxDslAuNodIjtD}{GrL}p@w@weCjUwd@ulAimFcS_sBcl@_zB{tAukIoHkeE{_B[uJar@uSyb@gj@kjGVoeAxd@}}Fcm@o{Eod@}uAwDql@fu@oxGbu@auBvc@gt@nc@wyBnMmnCgl@mpCqNstAq_AasBkRn}@qw@`jAef@`N_{D`oEauCjKw@wRuNxBpEkMeFqU | AI43: 114707.87 | AJ43: 11339.885 | AK43: 126.65686 | AL43: 126.65686 | AM43: 54.34 | AN43: 54.34 | AO43: 252dbfd5-4c6f-4370-bf8e-8ef727934046 | AP43: Объект захоронения | AQ43: DisposalObject | AR43: 200000 | AU43: 84.03 | AV43: 51.734502 | AW43: 35.859976 | AX43: skwzH{{zyE?? | AY43: 0 | AZ43: 0 | BA43: 0 | BB43: 0 | BC43: 0 | BD43: 0
A44: вся территория | B44: c9f17aa1-9573-43aa-b689-b8c58ec7ce7e | C44: Сельское поселение Беляевский сельсовет | D44: Конышевский муниципальный район | E44: 54.50118 | F44: 51.8682915 | G44: 35.1085127 | H44: a542c97e-570b-481e-8c50-117c5c3f4836 | I44: Объект обработки | J44: AssortmentObject | K44: 330000 | N44: 54.50118 | O44: 51.734502 | P44: 35.859976 | Q44: opq{H}bhuEkCivBkKo@`[kt@~_AorFxRamHiL}~BnNm}AnV}X~l@r|@l|Ap`@|qGvrCr}Ami@l}@clCsAiVrVeLjk@k{@sJ_lCaWg\gL}k@eb@c|Emn@wkAyZ}lCkd@kpBlYybBoJm}A`Yw\ytBu}Hs|@_nAqJ}`A{@i^ryB_{C{^i{Djq@pFbv@{QtuCs@x|@qa@byByi@nhAcu@~Q_Cdq@|rA`Ntk@xY~Lbh@sh@bw@o~AddCiEyq@s`I|f@i~G_m@czEyc@{sAsE}i@lu@e}Gbu@auBfe@ix@|b@syBrMc|A_Aqr@ik@gkCuOqwAm~@cpBkRn}@qw@`jAef@`N_{D`oEauCjKw@wRuNxBpEkMeFqU | R44: 101059.32 | S44: 101059.32 | T44: 5507.8519 | U44: 116.01087 | V44: 116.01087 | W44: 52.27 | X44: 52.27 | Y44: fcebf531-af67-439c-b783-f40f0b2628fd | Z44: Объект утилизации | AA44: CompostingObject | AB44: 130000 | AE44: 46.326 | AF44: 51.734502 | AG44: 35.859976 | AH44: skwzH{{zyE?? | AI44: 0 | AJ44: 0 | AK44: 0 | AL44: 0 | AM44: 0 | AN44: 0 | AO44: 252dbfd5-4c6f-4370-bf8e-8ef727934046 | AP44: Объект захоронения | AQ44: DisposalObject | AR44: 200000 | AU44: 6.9489 | AV44: 51.734502 | AW44: 35.859976 | AX44: skwzH{{zyE?? | AY44: 0 | AZ44: 0 | BA44: 0 | BB44: 0 | BC44: 0 | BD44: 0
A45: вся территория | B45: c9f17aa1-9573-43aa-b689-b8c58ec7ce7e | C45: Сельское поселение Беляевский сельсовет | D45: Конышевский муниципальный район | E45: 77.85882 | F45: 51.8682915 | G45: 35.1085127 | H45: a542c97e-570b-481e-8c50-117c5c3f4836 | I45: Объект обработки | J45: AssortmentObject | K45: 330000 | N45: 77.85882 | O45: 51.734502 | P45: 35.859976 | Q45: opq{H}bhuEkCivBkKo@`[kt@~_AorFxRamHiL}~BnNm}AnV}X~l@r|@l|Ap`@|qGvrCr}Ami@l}@clCsAiVrVeLjk@k{@sJ_lCaWg\gL}k@eb@c|Emn@wkAyZ}lCkd@kpBlYybBoJm}A`Yw\ytBu}Hs|@_nAqJ}`A{@i^ryB_{C{^i{Djq@pFbv@{QtuCs@x|@qa@byByi@nhAcu@~Q_Cdq@|rA`Ntk@xY~Lbh@sh@bw@o~AddCiEyq@s`I|f@i~G_m@czEyc@{sAsE}i@lu@e}Gbu@auBfe@ix@|b@syBrMc|A_Aqr@ik@gkCuOqwAm~@cpBkRn}@qw@`jAef@`N_{D`oEauCjKw@wRuNxBpEkMeFqU | R45: 101059.32 | S45: 101059.32 | T45: 7868.3598 | U45: 116.01087 | V45: 116.01087 | W45: 52.27 | X45: 52.27 | Y45: 252dbfd5-4c6f-4370-bf8e-8ef727934046 | Z45: Объект захоронения | AA45: DisposalObject | AB45: 200000 | AE45: 66.18 | AF45: 51.734502 | AG45: 35.859976 | AH45: skwzH{{zyE?? | AI45: 0 | AJ45: 0 | AK45: 0 | AL45: 0 | AM45: 0 | AN45: 0
A46: вся территория | B46: d1355cb9-dcf1-418b-a99d-34f142a8ae86 | C46: Городское поселение поселок Горшечное | D46: Горшеченский муниципальный район | E46: 564.66118 | F46: 51.522137 | G46: 38.035334 | H46: dfc22c3c-17b8-4cb8-8112-ca008f1322b1 | I46: Площадка накопления для перегрузки в Горшеченском районе | J46: TransshipmentObject | K46: 60000 | N46: 564.66118 | O46: 51.439562 | P46: 38.045176 | Q46: i}myH}zcgFfCtThd@~K`E}K|f@IxHaXzdAmTfgE}{ElrCzyC~@``@ | R46: 11398.352 | S46: 11398.352 | T46: 6436.2068 | U46: 15.154359 | V46: 15.154359 | W46: 45.13 | X46: 45.13 | Y46: a542c97e-570b-481e-8c50-117c5c3f4836 | Z46: Объект обработки | AA46: AssortmentObject | AB46: 330000 | AE46: 564.66118 | AF46: 51.734502 | AG46: 35.859976 | AH46: kx}xH_uegF_Aa`@mrC{yCyeEvzE{fA|UgHvWmg@NoRzf@i`@`TurAbB{hB}|@_}CtdSs_@jeAqgAlqA_qAx}BmRpaAse@nxFhKnaN}i@npRti@p~]c~A~xJsRj|CqG`yFtQr}Tgf@tpMiiCzfP_LljDzDvqAxt@dgFlUvxCq`@nmOtf@`mRuv@zjDgz@lrB{bAv`Gfj@dvDrChsBoe@tgOqk@`fDsr@taCs~AnaKkj@vyBke@``@ka@bcC_EbuDjc@l`DhHjaE{_AvgH~V`qHwI`d@u`ArmB~@`Wtr@nQli@pl@|U|mA~MnQi_@`fA~~@`PvOhYrZbhAkDtp@rKuDh_GjgDlGb_Ao_@`cAuGryEpvAvbHcCleD`_@hmC_b@~cAiLzy@kA~{AdMhzCgEnxAkPtx@a{@|mAub@dJ_{D`oEauCjKw@wRuNxBpEkMeFqU | AI46: 186520.6 | AJ46: 105320.94 | AK46: 200.78057 | AL46: 200.78057 | AM46: 55.74 | AN46: 55.74 | AO46: fcebf531-af67-439c-b783-f40f0b2628fd | AP46: Объект утилизации | AQ46: CompostingObject | AR46: 130000 | AU46: 479.962 | AV46: 51.734502 | AW46: 35.859976 | AX46: skwzH{{zyE?? | AY46: 0 | AZ46: 0 | BA46: 0 | BB46: 0 | BC46: 0 | BD46: 0 | BE46: 252dbfd5-4c6f-4370-bf8e-8ef727934046 | BF46: Объект захоронения | BG46: DisposalObject | BH46: 200000 | BK46: 71.9943 | BL46: 51.734502 | BM46: 35.859976 | BN46: skwzH{{zyE?? | BO46: 0 | BP46: 0 | BQ46: 0 | BR46: 0 | BS46: 0 | BT46: 0
A47: вся территория | B47: d1355cb9-dcf1-418b-a99d-34f142a8ae86 | C47: Городское поселение поселок Горшечное | D47: Горшеченский муниципальный район | E47: 806.65882 | F47: 51.522137 | G47: 38.035334 | H47: dfc22c3c-17b8-4cb8-8112-ca008f1322b1 | I47: Площадка накопления для перегрузки в Горшеченском районе | J47: TransshipmentObject | K47: 60000 | N47: 806.65882 | O47: 51.439562 | P47: 38.045176 | Q47: i}myH}zcgFfCtThd@~K`E}K|f@IxHaXzdAmTfgE}{ElrCzyC~@``@ | R47: 11398.352 | S47: 11398.352 | T47: 9194.5812 | U47: 15.154359 | V47: 15.154359 | W47: 45.13 | X47: 45.13 | Y47: a542c97e-570b-481e-8c50-117c5c3f4836 | Z47: Объект обработки | AA47: AssortmentObject | AB47: 330000 | AE47: 806.65882 | AF47: 51.734502 | AG47: 35.859976 | AH47: kx}xH_uegF_Aa`@mrC{yCyeEvzE{fA|UgHvWmg@NoRzf@i`@`TurAbB{hB}|@_}CtdSs_@jeAqgAlqA_qAx}BmRpaAse@nxFhKnaN}i@npRti@p~]c~A~xJsRj|CqG`yFtQr}Tgf@tpMiiCzfP_LljDzDvqAxt@dgFlUvxCq`@nmOtf@`mRuv@zjDgz@lrB{bAv`Gfj@dvDrChsBoe@tgOqk@`fDsr@taCs~AnaKkj@vyBke@``@ka@bcC_EbuDjc@l`DhHjaE{_AvgH~V`qHwI`d@u`ArmB~@`Wtr@nQli@pl@|U|mA~MnQi_@`fA~~@`PvOhYrZbhAkDtp@rKuDh_GjgDlGb_Ao_@`cAuGryEpvAvbHcCleD`_@hmC_b@~cAiLzy@kA~{AdMhzCgEnxAkPtx@a{@|mAub@dJ_{D`oEauCjKw@wRuNxBpEkMeFqU | AI47: 186520.6 | AJ47: 150458.49 | AK47: 200.78057 | AL47: 200.78057 | AM47: 55.74 | AN47: 55.74 | AO47: 252dbfd5-4c6f-4370-bf8e-8ef727934046 | AP47: Объект захоронения | AQ47: DisposalObject | AR47: 200000 | AU47: 685.66 | AV47: 51.734502 | AW47: 35.859976 | AX47: skwzH{{zyE?? | AY47: 0 | AZ47: 0 | BA47: 0 | BB47: 0 | BC47: 0 | BD47: 0
A48: вся территория | B48: 7928c865-06d0-4bc3-a2de-3164f6ab6fa1 | C48: Сельское поселение Малосолдатский сельсовет | D48: Беловский муниципальный район | E48: 70.36647 | F48: 51.0373339 | G48: 35.6746023 | H48: 55e5c564-6d53-4491-bdf8-1d17328ab445 | I48: Площадка накопления для перегрузки в Беловском районе | J48: TransshipmentObject | K48: 60000 | N48: 70.36647 | O48: 51.151483 | P48: 35.725227 | Q48: q_ovHikvxE`|@hW~GcXfN_JeVafA{v@}^alAugAeaAsj@{nB{xC}X?qv@hf@as@gw@{tAq[gh@dc@ud@l@_{Bdd@_s@}IoSlo@jHaRnHvF | R48: 19494.189 | S48: 19494.189 | T48: 1371.7372 | U48: 24.394298 | V48: 24.394298 | W48: 47.95 | X48: 47.95 | Y48: a542c97e-570b-481e-8c50-117c5c3f4836 | Z48: Объект обработки | AA48: AssortmentObject | AB48: 330000 | AE48: 70.36647 | AF48: 51.734502 | AG48: 35.859976 | AH48: mtewHyt`yEwHqFaQp~@l^x~FqpBly@_z@b}FiJnSuRpOuHqBkG~MjAbqAeMt{@kl@`g@olA}Oq{@rPyn@vc@ckAtoEt@bVoX`o@}vChsBglCjyDkuAedBkhCzJwd@mYwViAo|@cdAme@b|@aj@wcFoSqe@y_BguBslAm_AusBc]kx@gYi~AmxAwcAu|B{dAqqFu{A}tEyx@goGwmCecFur@iuD_eAo~Aci@eQ_kDrF{c@gEeaFi|Bab@o`@wiAypBa|BocB{{@o_@kHul@mShAom@{qAkRn}@qw@`jAef@`N_{D`oEauCjKw@wRuNxBpEkMeFqU | AI48: 92398.716 | AJ48: 6501.7715 | AK48: 91.533123 | AL48: 91.533123 | AM48: 60.57 | AN48: 60.57 | AO48: fcebf531-af67-439c-b783-f40f0b2628fd | AP48: Объект утилизации | AQ48: CompostingObject | AR48: 130000 | AU48: 59.8115 | AV48: 51.734502 | AW48: 35.859976 | AX48: skwzH{{zyE?? | AY48: 0 | AZ48: 0 | BA48: 0 | BB48: 0 | BC48: 0 | BD48: 0 | BE48: 252dbfd5-4c6f-4370-bf8e-8ef727934046 | BF48: Объект захоронения | BG48: DisposalObject | BH48: 200000 | BK48: 8.97173 | BL48: 51.734502 | BM48: 35.859976 | BN48: skwzH{{zyE?? | BO48: 0 | BP48: 0 | BQ48: 0 | BR48: 0 | BS48: 0 | BT48: 0
A49: вся территория | B49: 7928c865-06d0-4bc3-a2de-3164f6ab6fa1 | C49: Сельское поселение Малосолдатский сельсовет | D49: Беловский муниципальный район | E49: 100.52353 | F49: 51.0373339 | G49: 35.6746023 | H49: 55e5c564-6d53-4491-bdf8-1d17328ab445 | I49: Площадка накопления для перегрузки в Беловском районе | J49: TransshipmentObject | K49: 60000 | N49: 100.52353 | O49: 51.151483 | P49: 35.725227 | Q49: q_ovHikvxE`|@hW~GcXfN_JeVafA{v@}^alAugAeaAsj@{nB{xC}X?qv@hf@as@gw@{tAq[gh@dc@ud@l@_{Bdd@_s@}IoSlo@jHaRnHvF | R49: 19494.189 | S49: 19494.189 | T49: 1959.6246 | U49: 24.394298 | V49: 24.394298 | W49: 47.95 | X49: 47.95 | Y49: a542c97e-570b-481e-8c50-117c5c3f4836 | Z49: Объект обработки | AA49: AssortmentObject | AB49: 330000 | AE49: 100.52353 | AF49: 51.734502 | AG49: 35.859976 | AH49: mtewHyt`yEwHqFaQp~@l^x~FqpBly@_z@b}FiJnSuRpOuHqBkG~MjAbqAeMt{@kl@`g@olA}Oq{@rPyn@vc@ckAtoEt@bVoX`o@}vChsBglCjyDkuAedBkhCzJwd@mYwViAo|@cdAme@b|@aj@wcFoSqe@y_BguBslAm_AusBc]kx@gYi~AmxAwcAu|B{dAqqFu{A}tEyx@goGwmCecFur@iuD_eAo~Aci@eQ_kDrF{c@gEeaFi|Bab@o`@wiAypBa|BocB{{@o_@kHul@mShAom@{qAkRn}@qw@`jAef@`N_{D`oEauCjKw@wRuNxBpEkMeFqU | AI49: 92398.716 | AJ49: 9288.245 | AK49: 91.533123 | AL49: 91.533123 | AM49: 60.57 | AN49: 60.57 | AO49: 252dbfd5-4c6f-4370-bf8e-8ef727934046 | AP49: Объект захоронения | AQ49: DisposalObject | AR49: 200000 | AU49: 85.445 | AV49: 51.734502 | AW49: 35.859976 | AX49: skwzH{{zyE?? | AY49: 0 | AZ49: 0 | BA49: 0 | BB49: 0 | BC49: 0 | BD49: 0
A50: вся территория | B50: b9f7cac4-97b8-47c3-ae86-4fd9f0a4def9 | C50: Сельское поселение Рудавский сельсовет | D50: Обоянский муниципальный район | E50: 269.61529 | F50: 51.2491457 | G50: 36.3108745 | H50: 1deee6af-ea44-486d-ba75-8f078806d48a | I50: Площадка накопления для перегрузки "Обоянь" | J50: TransshipmentObject | K50: 150000 | N50: 269.61529 | O50: 51.211374 | P50: 36.229983 | Q50: {nxwHk}r|ExCsNxQgH`qAj_@j`AeV|Tbz@zx@|aGsIl[ea@n[jZlqC | R50: 10014.376 | S50: 10014.376 | T50: 2700.0288 | U50: 15.824194 | V50: 15.824194 | W50: 37.97 | X50: 37.97 | Y50: a542c97e-570b-481e-8c50-117c5c3f4836 | Z50: Объект обработки | AA50: AssortmentObject | AB50: 330000 | AE50: 269.61529 | AF50: 51.734502 | AG50: 35.859976 | AH50: meqwHscc|EcEw{@f@~IgzCrcAqdAt|@orNxcGkcCrjC}eFbc@klD|aAecDfAelBtzD_`Aj{@wcBfdDcaErjC_i@kDomBizA}vAwHu}BqtAcx@u[{t@}Jyk@`C{wKlzBtK|Onq@zmDcCleDb_@piCab@vgAiLzy@kA~{AdMhzCgEnxAiM`r@c~@ptAub@dJ_{D`oEauCjKw@wRuNxBpEkMeFqU | AI50: 77595.337 | AJ50: 20920.89 | AK50: 78.96514 | AL50: 78.96514 | AM50: 58.96 | AN50: 58.96 | AO50: fcebf531-af67-439c-b783-f40f0b2628fd | AP50: Объект утилизации | AQ50: CompostingObject | AR50: 130000 | AU50: 229.173 | AV50: 51.734502 | AW50: 35.859976 | AX50: skwzH{{zyE?? | AY50: 0 | AZ50: 0 | BA50: 0 | BB50: 0 | BC50: 0 | BD50: 0 | BE50: 252dbfd5-4c6f-4370-bf8e-8ef727934046 | BF50: Объект захоронения | BG50: DisposalObject | BH50: 200000 | BK50: 34.37595 | BL50: 51.734502 | BM50: 35.859976 | BN50: skwzH{{zyE?? | BO50: 0 | BP50: 0 | BQ50: 0 | BR50: 0 | BS50: 0 | BT50: 0
A51: вся территория | B51: b9f7cac4-97b8-47c3-ae86-4fd9f0a4def9 | C51: Сельское поселение Рудавский сельсовет | D51: Обоянский муниципальный район | E51: 385.16471 | F51: 51.2491457 | G51: 36.3108745 | H51: 1deee6af-ea44-486d-ba75-8f078806d48a | I51: Площадка накопления для перегрузки "Обоянь" | J51: TransshipmentObject | K51: 150000 | N51: 385.16471 | O51: 51.211374 | P51: 36.229983 | Q51: {nxwHk}r|ExCsNxQgH`qAj_@j`AeV|Tbz@zx@|aGsIl[ea@n[jZlqC | R51: 10014.376 | S51: 10014.376 | T51: 3857.184 | U51: 15.824194 | V51: 15.824194 | W51: 37.97 | X51: 37.97 | Y51: a542c97e-570b-481e-8c50-117c5c3f4836 | Z51: Объект обработки | AA51: AssortmentObject | AB51: 330000 | AE51: 385.16471 | AF51: 51.734502 | AG51: 35.859976 | AH51: meqwHscc|EcEw{@f@~IgzCrcAqdAt|@orNxcGkcCrjC}eFbc@klD|aAecDfAelBtzD_`Aj{@wcBfdDcaErjC_i@kDomBizA}vAwHu}BqtAcx@u[{t@}Jyk@`C{wKlzBtK|Onq@zmDcCleDb_@piCab@vgAiLzy@kA~{AdMhzCgEnxAiM`r@c~@ptAub@dJ_{D`oEauCjKw@wRuNxBpEkMeFqU | AI51: 77595.337 | AJ51: 29886.985 | AK51: 78.96514 | AL51: 78.96514 | AM51: 58.96 | AN51: 58.96 | AO51: 252dbfd5-4c6f-4370-bf8e-8ef727934046 | AP51: Объект захоронения | AQ51: DisposalObject | AR51: 200000 | AU51: 327.39 | AV51: 51.734502 | AW51: 35.859976 | AX51: skwzH{{zyE?? | AY51: 0 | AZ51: 0 | BA51: 0 | BB51: 0 | BC51: 0 | BD51: 0
A52: вся территория | B52: 8dc9f81f-eea8-44ee-9511-d180047ab686 | C52: Сельское поселение Вышнедеревенский сельсовет | D52: Льговский муниципальный район | E52: 178.88294 | F52: 51.5610068 | G52: 35.3019607 | H52: a542c97e-570b-481e-8c50-117c5c3f4836 | I52: Объект обработки | J52: AssortmentObject | K52: 330000 | N52: 178.88294 | O52: 51.734502 | P52: 35.859976 | Q52: iouyHc|mvEsN@gGxf@iz@phAci@x{BadDv[cn@cIyd@jF}b@qa@rFwuAyNmjIjtD}{GrL}p@w@weCjUgf@ulAykFcS_sBcl@_zB{tAukI{Gm|F`]obBtnDqsHhmAenB~jAkiFbYsxJtYqyA_a@_gIspDoeBe{AadCa|BocB{{@o_@kHul@mShAom@{qAkRn}@qw@`jAef@`N_{D`oEauCjKw@wRuNxBpEkMeFqU | R52: 75192.332 | S52: 75192.332 | T52: 13450.626 | U52: 74.612206 | V52: 74.612206 | W52: 60.47 | X52: 60.47 | Y52: fcebf531-af67-439c-b783-f40f0b2628fd | Z52: Объект утилизации | AA52: CompostingObject | AB52: 130000 | AE52: 152.0505 | AF52: 51.734502 | AG52: 35.859976 | AH52: skwzH{{zyE?? | AI52: 0 | AJ52: 0 | AK52: 0 | AL52: 0 | AM52: 0 | AN52: 0 | AO52: 252dbfd5-4c6f-4370-bf8e-8ef727934046 | AP52: Объект захоронения | AQ52: DisposalObject | AR52: 200000 | AU52: 22.80758 | AV52: 51.734502 | AW52: 35.859976 | AX52: skwzH{{zyE?? | AY52: 0 | AZ52: 0 | BA52: 0 | BB52: 0 | BC52: 0 | BD52: 0
A53: вся территория | B53: 8dc9f81f-eea8-44ee-9511-d180047ab686 | C53: Сельское поселение Вышнедеревенский сельсовет | D53: Льговский муниципальный район | E53: 255.54706 | F53: 51.5610068 | G53: 35.3019607 | H53: a542c97e-570b-481e-8c50-117c5c3f4836 | I53: Объект обработки | J53: AssortmentObject | K53: 330000 | N53: 255.54706 | O53: 51.734502 | P53: 35.859976 | Q53: iouyHc|mvEsN@gGxf@iz@phAci@x{BadDv[cn@cIyd@jF}b@qa@rFwuAyNmjIjtD}{GrL}p@w@weCjUgf@ulAykFcS_sBcl@_zB{tAukI{Gm|F`]obBtnDqsHhmAenB~jAkiFbYsxJtYqyA_a@_gIspDoeBe{AadCa|BocB{{@o_@kHul@mShAom@{qAkRn}@qw@`jAef@`N_{D`oEauCjKw@wRuNxBpEkMeFqU | R53: 75192.332 | S53: 75192.332 | T53: 19215.179 | U53: 74.612206 | V53: 74.612206 | W53: 60.47 | X53: 60.47 | Y53: 252dbfd5-4c6f-4370-bf8e-8ef727934046 | Z53: Объект захоронения | AA53: DisposalObject | AB53: 200000 | AE53: 217.215 | AF53: 51.734502 | AG53: 35.859976 | AH53: skwzH{{zyE?? | AI53: 0 | AJ53: 0 | AK53: 0 | AL53: 0 | AM53: 0 | AN53: 0
A54: вся территория | B54: 428bd6b9-36ce-4a2f-9820-ac0a0e541d6f | C54: Сельское поселение Старковский сельсовет | D54: Октябрьский муниципальный район | E54: 49.17294 | F54: 51.752758 | G54: 35.8627436 | H54: a542c97e-570b-481e-8c50-117c5c3f4836 | I54: Объект обработки | J54: AssortmentObject | K54: 330000 | N54: 49.17294 | O54: 51.734502 | P54: 35.859976 | Q54: i|zzHwq{yEc[iPxLwSlvAzhAx}@pj@dLSw@wRuNxBpEkMeFqU | R54: 5153.3297 | S54: 5153.3297 | T54: 253.40438 | U54: 9.8004563 | V54: 9.8004563 | W54: 31.55 | X54: 31.55 | Y54: fcebf531-af67-439c-b783-f40f0b2628fd | Z54: Объект утилизации | AA54: CompostingObject | AB54: 130000 | AE54: 41.797 | AF54: 51.734502 | AG54: 35.859976 | AH54: skwzH{{zyE?? | AI54: 0 | AJ54: 0 | AK54: 0 | AL54: 0 | AM54: 0 | AN54: 0 | AO54: 252dbfd5-4c6f-4370-bf8e-8ef727934046 | AP54: Объект захоронения | AQ54: DisposalObject | AR54: 200000 | AU54: 6.26955 | AV54: 51.734502 | AW54: 35.859976 | AX54: skwzH{{zyE?? | AY54: 0 | AZ54: 0 | BA54: 0 | BB54: 0 | BC54: 0 | BD54: 0
A55: вся территория | B55: 428bd6b9-36ce-4a2f-9820-ac0a0e541d6f | C55: Сельское поселение Старковский сельсовет | D55: Октябрьский муниципальный район | E55: 70.24706 | F55: 51.752758 | G55: 35.8627436 | H55: a542c97e-570b-481e-8c50-117c5c3f4836 | I55: Объект обработки | J55: AssortmentObject | K55: 330000 | N55: 70.24706 | O55: 51.734502 | P55: 35.859976 | Q55: i|zzHwq{yEc[iPxLwSlvAzhAx}@pj@dLSw@wRuNxBpEkMeFqU | R55: 5153.3297 | S55: 5153.3297 | T55: 362.00625 | U55: 9.8004563 | V55: 9.8004563 | W55: 31.55 | X55: 31.55 | Y55: 252dbfd5-4c6f-4370-bf8e-8ef727934046 | Z55: Объект захоронения | AA55: DisposalObject | AB55: 200000 | AE55: 59.71 | AF55: 51.734502 | AG55: 35.859976 | AH55: skwzH{{zyE?? | AI55: 0 | AJ55: 0 | AK55: 0 | AL55: 0 | AM55: 0 | AN55: 0
A56: вся территория | B56: d7838c7e-d626-4c8b-8f99-c95943aceb9b | C56: Сельское поселение Кармановский сельсовет | D56: Железногорский муниципальный район | E56: 104.51 | F56: 52.1492407 | G56: 35.3554824 | H56: 1ae1ba22-da91-4d32-8377-1e969ae1cdb1 | I56: Площадка накопления для перегрузки "Фатеж" | J56: TransshipmentObject | K56: 100000 | N56: 104.51 | O56: 52.062826 | P56: 35.882503 | Q56: qjh}HmgxvEJubAph@sJh_@y_@tkCe`Bgm@{nDhy@g[wd@oz@yLOcdA{kAgrAgr@}y@s|B|qDyHx|@sd@hf@{]jbD}zEoWwvAoa@iv@kv@{iXbFanJ{_Ag{DiCab@j\svBxt@y{ChBcw@dL_Hfy@~SlRsAf{AmfB~Hwl@kAskCtg@ybBgIaO | R56: 52237.429 | S56: 52237.429 | T56: 5459.3337 | U56: 49.162978 | V56: 49.162978 | W56: 63.75 | X56: 63.75 | Y56: a542c97e-570b-481e-8c50-117c5c3f4836 | Z56: Объект обработки | AA56: AssortmentObject | AB56: 330000 | AE56: 104.51 | AF56: 51.734502 | AG56: 35.859976 | AH56: wow|Haj_zEfI`O|d@ib@r_HagCbkNwcSl}Dm|A`uGk}GtqBkpFz_CwiBjy@mO`vDnfAvgClfAjdJtiF`_Clv@|}AgMtq@xbDnGtq@iG|dCb_@vkCab@peAiLzy@kA~{AdMhzCgEnxAeNht@g}@hrAub@dJ_{D`oEauCjKw@wRuNxBpEkMeFqU | AI56: 72807.186 | AJ56: 7609.079 | AK56: 80.117866 | AL56: 80.117866 | AM56: 54.53 | AN56: 54.53 | AO56: fcebf531-af67-439c-b783-f40f0b2628fd | AP56: Объект утилизации | AQ56: CompostingObject | AR56: 130000 | AU56: 88.8335 | AV56: 51.734502 | AW56: 35.859976 | AX56: skwzH{{zyE?? | AY56: 0 | AZ56: 0 | BA56: 0 | BB56: 0 | BC56: 0 | BD56: 0 | BE56: 252dbfd5-4c6f-4370-bf8e-8ef727934046 | BF56: Объект захоронения | BG56: DisposalObject | BH56: 200000 | BK56: 13.32503 | BL56: 51.734502 | BM56: 35.859976 | BN56: skwzH{{zyE?? | BO56: 0 | BP56: 0 | BQ56: 0 | BR56: 0 | BS56: 0 | BT56: 0
A57: вся территория | B57: d7838c7e-d626-4c8b-8f99-c95943aceb9b | C57: Сельское поселение Кармановский сельсовет | D57: Железногорский муниципальный район | E57: 149.3 | F57: 52.1492407 | G57: 35.3554824 | H57: 1ae1ba22-da91-4d32-8377-1e969ae1cdb1 | I57: Площадка накопления для перегрузки "Фатеж" | J57: TransshipmentObject | K57: 100000 | N57: 149.3 | O57: 52.062826 | P57: 35.882503 | Q57: qjh}HmgxvEJubAph@sJh_@y_@tkCe`Bgm@{nDhy@g[wd@oz@yLOcdA{kAgrAgr@}y@s|B|qDyHx|@sd@hf@{]jbD}zEoWwvAoa@iv@kv@{iXbFanJ{_Ag{DiCab@j\svBxt@y{ChBcw@dL_Hfy@~SlRsAf{AmfB~Hwl@kAskCtg@ybBgIaO | R57: 52237.429 | S57: 52237.429 | T57: 7799.0481 | U57: 49.162978 | V57: 49.162978 | W57: 63.75 | X57: 63.75 | Y57: a542c97e-570b-481e-8c50-117c5c3f4836 | Z57: Объект обработки | AA57: AssortmentObject | AB57: 330000 | AE57: 149.3 | AF57: 51.734502 | AG57: 35.859976 | AH57: wow|Haj_zEfI`O|d@ib@r_HagCbkNwcSl}Dm|A`uGk}GtqBkpFz_CwiBjy@mO`vDnfAvgClfAjdJtiF`_Clv@|}AgMtq@xbDnGtq@iG|dCb_@vkCab@peAiLzy@kA~{AdMhzCgEnxAeNht@g}@hrAub@dJ_{D`oEauCjKw@wRuNxBpEkMeFqU | AI57: 72807.186 | AJ57: 10870.113 | AK57: 80.117866 | AL57: 80.117866 | AM57: 54.53 | AN57: 54.53 | AO57: 252dbfd5-4c6f-4370-bf8e-8ef727934046 | AP57: Объект захоронения | AQ57: DisposalObject | AR57: 200000 | AU57: 126.905 | AV57: 51.734502 | AW57: 35.859976 | AX57: skwzH{{zyE?? | AY57: 0 | AZ57: 0 | BA57: 0 | BB57: 0 | BC57: 0 | BD57: 0
A58: вся территория | B58: ec937401-24ed-4df6-b8fd-45064997ca4b | C58: Сельское поселение Дружненский сельсовет | D58: Курчатовский муниципальный район | E58: 85.21882 | F58: 51.6189756 | G58: 35.576933 | H58: a542c97e-570b-481e-8c50-117c5c3f4836 | I58: Объект обработки | J58: AssortmentObject | K58: 330000 | N58: 85.21882 | O58: 51.734502 | P58: 35.859976 | Q58: e|`zH}scxE~AuNwPcHu}@~f@dN}uBj~DyvIfhA{cBlsAacGvUgiJtYqyA_a@_gIspDoeBe{AadCa|BocB{{@o_@kHul@mShAom@{qAkRn}@qw@`jAef@`N_{D`oEauCjKw@wRuNxBpEkMeFqU | R58: 44037.906 | S58: 44037.906 | T58: 3752.8586 | U58: 44.739713 | V58: 44.739713 | W58: 59.06 | X58: 59.06 | Y58: fcebf531-af67-439c-b783-f40f0b2628fd | Z58: Объект утилизации | AA58: CompostingObject | AB58: 130000 | AE58: 72.436 | AF58: 51.734502 | AG58: 35.859976 | AH58: skwzH{{zyE?? | AI58: 0 | AJ58: 0 | AK58: 0 | AL58: 0 | AM58: 0 | AN58: 0 | AO58: 252dbfd5-4c6f-4370-bf8e-8ef727934046 | AP58: Объект захоронения | AQ58: DisposalObject | AR58: 200000 | AU58: 10.8654 | AV58: 51.734502 | AW58: 35.859976 | AX58: skwzH{{zyE?? | AY58: 0 | AZ58: 0 | BA58: 0 | BB58: 0 | BC58: 0 | BD58: 0
A59: вся территория | B59: ec937401-24ed-4df6-b8fd-45064997ca4b | C59: Сельское поселение Дружненский сельсовет | D59: Курчатовский муниципальный район | E59: 121.74118 | F59: 51.6189756 | G59: 35.576933 | H59: a542c97e-570b-481e-8c50-117c5c3f4836 | I59: Объект обработки | J59: AssortmentObject | K59: 330000 | N59: 121.74118 | O59: 51.734502 | P59: 35.859976 | Q59: e|`zH}scxE~AuNwPcHu}@~f@dN}uBj~DyvIfhA{cBlsAacGvUgiJtYqyA_a@_gIspDoeBe{AadCa|BocB{{@o_@kHul@mShAom@{qAkRn}@qw@`jAef@`N_{D`oEauCjKw@wRuNxBpEkMeFqU | R59: 44037.906 | S59: 44037.906 | T59: 5361.2265 | U59: 44.739713 | V59: 44.739713 | W59: 59.06 | X59: 59.06 | Y59: 252dbfd5-4c6f-4370-bf8e-8ef727934046 | Z59: Объект захоронения | AA59: DisposalObject | AB59: 200000 | AE59: 103.48 | AF59: 51.734502 | AG59: 35.859976 | AH59: skwzH{{zyE?? | AI59: 0 | AJ59: 0 | AK59: 0 | AL59: 0 | AM59: 0 | AN59: 0
A60: вся территория | B60: 087836a4-e130-408d-89d8-bfba776f8647 | C60: Сельское поселение Знаменский сельсовет Советский район | D60: Советский муниципальный район | E60: 49.02059 | F60: 51.752261 | G60: 37.42783 | H60: f7e58bb1-8294-4c75-b71f-13fd8690de4e | I60: Площадка накопления для перегрузки в Щигровском районе | J60: TransshipmentObject | K60: 150000 | N60: 49.02059 | O60: 51.8503 | P60: 37.0678 | Q60: izzzHsamcFhLxd@zVj[tEyRdMnI|Dp_@lLrIGap@bWo]mlAisBymA}mCkh@}a@{o@q~Cto@eh@zNqjAnFspE~M}PbLCd~C_lFqqL_~O{\gdAeNcvBcv@kh@idA_jAmj@bd@c^|{Ao`@lj@LtNxt@fiAnQbbAok@nqDc}AjbE}m@|kDQlaBoIpo@~DzyBewA~vNkeAgr@q}@nCqXxo@zFnsAsGpjAjBvtC|HzzBwPx`FhKrmBqDzeA|GfkBdaAxuEnGrEt]iMjP|j@tVjcS~IhGxMfmDl`C|rHfC|zBl^gA | R60: 87750.617 | S60: 87750.617 | T60: 4301.5869 | U60: 86.673956 | V60: 86.673956 | W60: 60.75 | X60: 60.75 | Y60: a542c97e-570b-481e-8c50-117c5c3f4836 | Z60: Объект обработки | AA60: AssortmentObject | AB60: 330000 | AE60: 49.02059 | AF60: 51.734502 | AG60: 35.859976 | AH60: }`n{H{yfaFm^fAM|`BsY|o@_^bxBcBbeEtZzeGki@l|Dws@xr@kRzb@}HvlPiKrk@gaAbaBiSxoBrQn{AzxAdiHnCdh@sPtbElSli@|pAxgBzTzhArr@~Prc@vx@jI|^bH|hClw@tgBvR`IplAmEbXtXpJnu@kSh~CtShz@bRlNz`BfQn`@`s@dSjiI}V|tGxn@n}CPlwDxXzjC{FxvAdKpxFdn@duD~eArkDsPngAta@bP_C|_@fPh_@oMv]la@nt@tD|c@gcBnz@vZhwBxXraAbM`}AgLv_EhmJnnF`_Clv@|}AgMvy@|mE{FnlC`_@hmC_b@~cAiLzy@kA~{AdMhzCgEnxAeNht@g}@hrAub@dJ_{D`oEauCjKw@wRuNxBpEkMeFqU | AI60: 112115.47 | AJ60: 5495.9665 | AK60: 133.28413 | AL60: 133.28413 | AM60: 50.47 | AN60: 50.47 | AO60: fcebf531-af67-439c-b783-f40f0b2628fd | AP60: Объект утилизации | AQ60: CompostingObject | AR60: 130000 | AU60: 41.6675 | AV60: 51.734502 | AW60: 35.859976 | AX60: skwzH{{zyE?? | AY60: 0 | AZ60: 0 | BA60: 0 | BB60: 0 | BC60: 0 | BD60: 0 | BE60: 252dbfd5-4c6f-4370-bf8e-8ef727934046 | BF60: Объект захоронения | BG60: DisposalObject | BH60: 200000 | BK60: 6.25013 | BL60: 51.734502 | BM60: 35.859976 | BN60: skwzH{{zyE?? | BO60: 0 | BP60: 0 | BQ60: 0 | BR60: 0 | BS60: 0 | BT60: 0
A61: вся территория | B61: 087836a4-e130-408d-89d8-bfba776f8647 | C61: Сельское поселение Знаменский сельсовет Советский район | D61: Советский муниципальный район | E61: 70.02941 | F61: 51.752261 | G61: 37.42783 | H61: f7e58bb1-8294-4c75-b71f-13fd8690de4e | I61: Площадка накопления для перегрузки в Щигровском районе | J61: TransshipmentObject | K61: 150000 | N61: 70.02941 | O61: 51.8503 | P61: 37.0678 | Q61: izzzHsamcFhLxd@zVj[tEyRdMnI|Dp_@lLrIGap@bWo]mlAisBymA}mCkh@}a@{o@q~Cto@eh@zNqjAnFspE~M}PbLCd~C_lFqqL_~O{\gdAeNcvBcv@kh@idA_jAmj@bd@c^|{Ao`@lj@LtNxt@fiAnQbbAok@nqDc}AjbE}m@|kDQlaBoIpo@~DzyBewA~vNkeAgr@q}@nCqXxo@zFnsAsGpjAjBvtC|HzzBwPx`FhKrmBqDzeA|GfkBdaAxuEnGrEt]iMjP|j@tVjcS~IhGxMfmDl`C|rHfC|zBl^gA | R61: 87750.617 | S61: 87750.617 | T61: 6145.1241 | U61: 86.673956 | V61: 86.673956 | W61: 60.75 | X61: 60.75 | Y61: a542c97e-570b-481e-8c50-117c5c3f4836 | Z61: Объект обработки | AA61: AssortmentObject | AB61: 330000 | AE61: 70.02941 | AF61: 51.734502 | AG61: 35.859976 | AH61: }`n{H{yfaFm^fAM|`BsY|o@_^bxBcBbeEtZzeGki@l|Dws@xr@kRzb@}HvlPiKrk@gaAbaBiSxoBrQn{AzxAdiHnCdh@sPtbElSli@|pAxgBzTzhArr@~Prc@vx@jI|^bH|hClw@tgBvR`IplAmEbXtXpJnu@kSh~CtShz@bRlNz`BfQn`@`s@dSjiI}V|tGxn@n}CPlwDxXzjC{FxvAdKpxFdn@duD~eArkDsPngAta@bP_C|_@fPh_@oMv]la@nt@tD|c@gcBnz@vZhwBxXraAbM`}AgLv_EhmJnnF`_Clv@|}AgMvy@|mE{FnlC`_@hmC_b@~cAiLzy@kA~{AdMhzCgEnxAeNht@g}@hrAub@dJ_{D`oEauCjKw@wRuNxBpEkMeFqU | AI61: 112115.47 | AJ61: 7851.3807 | AK61: 133.28413 | AL61: 133.28413 | AM61: 50.47 | AN61: 50.47 | AO61: 252dbfd5-4c6f-4370-bf8e-8ef727934046 | AP61: Объект захоронения | AQ61: DisposalObject | AR61: 200000 | AU61: 59.525 | AV61: 51.734502 | AW61: 35.859976 | AX61: skwzH{{zyE?? | AY61: 0 | AZ61: 0 | BA61: 0 | BB61: 0 | BC61: 0 | BD61: 0
A62: вся территория | B62: e0b5e33f-75e1-4854-8ff2-e41d0da4201a | C62: Городской округ город Курчатов | D62: Городской округ город Курчатов | E62: 4561.1177 | F62: 51.6604083 | G62: 35.6572224 | H62: a542c97e-570b-481e-8c50-117c5c3f4836 | I62: Объект обработки | J62: AssortmentObject | K62: 330000 | N62: 4561.1177 | O62: 51.734502 | P62: 35.859976 | Q62: s|hzHehsxE~D`BfBcLvOnHfRecDcm@o{Eod@}uAmDqo@|t@ouGbu@auBfe@ix@|b@syBhNuaBuA_m@ik@gkCuOqwAm~@cpBkRn}@qw@`jAef@`N_{D`oEauCjKw@wRuNxBpEkMeFqU | R62: 30712.545 | S62: 30712.545 | T62: 140083.53 | U62: 37.187791 | V62: 37.187791 | W62: 49.55 | X62: 49.55 | Y62: fcebf531-af67-439c-b783-f40f0b2628fd | Z62: Объект утилизации | AA62: CompostingObject | AB62: 130000 | AE62: 3876.95 | AF62: 51.734502 | AG62: 35.859976 | AH62: skwzH{{zyE?? | AI62: 0 | AJ62: 0 | AK62: 0 | AL62: 0 | AM62: 0 | AN62: 0 | AO62: 252dbfd5-4c6f-4370-bf8e-8ef727934046 | AP62: Объект захоронения | AQ62: DisposalObject | AR62: 200000 | AU62: 581.5425 | AV62: 51.734502 | AW62: 35.859976 | AX62: skwzH{{zyE?? | AY62: 0 | AZ62: 0 | BA62: 0 | BB62: 0 | BC62: 0 | BD62: 0
